Workbook
Name ACC_units: 'Proposed Development Info'!$F$46
Name Acq_elig: 'Pro Forma'!$H$177
Name Acq_inelig: 'Pro Forma'!$K$177
Name Acq_total: 'Pro Forma'!$N$177
Name Acquisition_eligible: 'Pro Forma'!$H$182
Name Acquisition_ineligible: 'Pro Forma'!$K$182
Name Acquisition_total: 'Pro Forma'!$N$182
Name Actual_Accessory_eligible: 'Pro Forma'!$H$45
Name Actual_Accessory_ineligible: 'Pro Forma'!$K$45
Name Actual_Accessory_total: 'Pro Forma'!$N$45
Name Actual_Comm_Retail_eligible: 'Pro Forma'!$H$49
Name Actual_Comm_Retail_ineligible: 'Pro Forma'!$K$49
Name Actual_Comm_Retail_total: 'Pro Forma'!$N$49
Name Actual_commonareas_eligible: 'Pro Forma'!$H$57
Name Actual_commonareas_ineligible: 'Pro Forma'!$K$57
Name Actual_commonareas_total: 'Pro Forma'!$N$57
Name Actual_Constructioncost_eligible: 'Pro Forma'!$H$65
Name Actual_Constructioncost_ineligible: 'Pro Forma'!$K$65
Name Actual_Constructioncost_total: 'Pro Forma'!$N$65
Name Actual_Demolition_eligible: 'Pro Forma'!$H$47
Name Actual_Demolition_ineligible: 'Pro Forma'!$K$47
Name Actual_Demolition_total: 'Pro Forma'!$N$47
Name Actual_existingrental_eligible: 'Pro Forma'!$H$59
Name Actual_existingrental_ineligible: 'Pro Forma'!$K$59
Name Actual_existingrental_total: 'Pro Forma'!$N$59
Name Actual_GCfee_eligible: 'Pro Forma'!$H$68
Name Actual_GCfee_ineligible: 'Pro Forma'!$K$68
Name Actual_GCfee_total: 'Pro Forma'!$N$68
Name Actual_NewUnits_eligible: 'Pro Forma'!$H$51
Name Actual_NewUnits_ineligible: 'Pro Forma'!$K$51
Name Actual_NewUnits_total: 'Pro Forma'!$N$51
Name Actual_Offsite_eligible: 'Pro Forma'!$H$53
Name Actual_Offsite_ineligible: 'Pro Forma'!$K$53
Name Actual_Offsite_total: 'Pro Forma'!$N$53
Name Actual_Other_eligible: 'Pro Forma'!$H$63
Name Actual_Other_ineligible: 'Pro Forma'!$K$63
Name Actual_Other_total: 'Pro Forma'!$N$63
Name Actual_recreational_eligible: 'Pro Forma'!$H$55
Name Actual_recreational_ineligible: 'Pro Forma'!$K$55
Name Actual_recreational_total: 'Pro Forma'!$N$55
Name Actual_sitework_eligible: 'Pro Forma'!$H$61
Name Actual_sitework_ineligible: 'Pro Forma'!$K$61
Name Actual_sitework_total: 'Pro Forma'!$N$61
Name Actual_TotalConstructioncost_eligible: 'Pro Forma'!$H$71
Name Actual_TotalConstructioncost_ineligible: 'Pro Forma'!$K$71
Name Actual_TotalConstructioncost_total: 'Pro Forma'!$N$71
Name Addenda_Comments: 'B. Other Information'!$A$18
Name Addenda_Comments_2: 'B. Other Information'!$A$19
Name AIT_HC_SA_Percent: 'Units, Set-Asides, Bldgs'!$G$46
Name App_number_first_phase: Funding!$E$136
Name Application_Fee_Method: 'B. Other Information'!$A$9
Name ARP_Request_Amount: Funding!$I$72
Name Authorized_Contact_Address: 'General Information'!$F$145
Name Authorized_Contact_City: 'General Information'!$F$146
Name Authorized_Contact_EMail: 'General Information'!$F$150
Name Authorized_Contact_First_Name: 'General Information'!$F$142
Name Authorized_Contact_Last_Name: 'General Information'!$F$143
Name Authorized_Contact_Middle_Initial: 'General Information'!$H$142
Name Authorized_Contact_Phone: 'General Information'!$F$149
Name Authorized_Contact_Phone_Ext: 'General Information'!$H$149

Sheet Notations
A1: Summary Review of Notations in Exhibit A
A3: Section 4.A.3.e.
B4: Applicant Certification and Acknowledgement form provided and meets requirements | O4: 1 | P4: =IF(AND(O4<>0,J4<>""),O4,0) -> 0 | Q4: =CHOOSE(O4+1,"Not to be included in this RFA","A REQUIRED input field for this RFA","An OPTIONAL input field for this RFA") -> A REQUIRED input field for this RFA
C5: =IF(LEFT(DS_Elig_Cert,1)=CHAR(149),RIGHT(DS_Elig_Cert,LEN(DS_Elig_Cert)-2),DS_Elig_Cert)
A7: Section 4.A.2.
B8: Demographic Commitment selected | O8: 1 | P8: =IF(AND(O8<>0,J8<>""),O8,0) -> 0 | Q8: =CHOOSE(O8+1,"Not to be included in this RFA","A REQUIRED input field for this RFA","An OPTIONAL input field for this RFA") -> A REQUIRED input field for this RFA
C9: =IF(LEFT(DS_Elig_Demo,1)=CHAR(149),RIGHT(DS_Elig_Demo,LEN(DS_Elig_Demo)-2),DS_Elig_Demo)
A11: ="Section 4.A.3."&'General Information'!A$27&"(1)(a)" -> Section 4.A.3.a.(1)(a)
B12: Name of Applicant provided | O12: 1 | P12: =IF(AND(O12<>0,J12<>""),O12,0) -> 0 | Q12: =CHOOSE(O12+1,"Not to be included in this RFA","A REQUIRED input field for this RFA","An OPTIONAL input field for this RFA") -> A REQUIRED input field for this RFA
C13: =IF(LEFT(DS_Elig_App,1)=CHAR(149),RIGHT(DS_Elig_App,LEN(DS_Elig_App)-2),DS_Elig_App)
A15: ="Section 4.A.3."&'General Information'!A$51&".(1)" -> Section 4.A.3.b.(1)
B16: Name of Each Developer provided | O16: 1 | P16: =IF(AND(O16<>0,J16<>""),O16,0) -> 0 | Q16: =CHOOSE(O16+1,"Not to be included in this RFA","A REQUIRED input field for this RFA","An OPTIONAL input field for this RFA") -> A REQUIRED input field for this RFA
C17: =IF(LEFT(DS_Elig_Dev,1)=CHAR(149),RIGHT(DS_Elig_Dev,LEN(DS_Elig_Dev)-2),DS_Elig_Dev)
A19: ="Section 4.A.3."&'General Information'!A$51&".(3)(a)" -> Section 4.A.3.b.(3)(a)
B20: Developer Experience Requirement Met | O20: 1 | P20: =IF(AND(O20<>0,J20<>""),O20,0) -> 0 | Q20: =CHOOSE(O20+1,"Not to be included in this RFA","A REQUIRED input field for this RFA","An OPTIONAL input field for this RFA") -> A REQUIRED input field for this RFA
C21: =IF(LEFT(DS_Elig_DevExp,1)=CHAR(149),RIGHT(DS_Elig_DevExp,LEN(DS_Elig_DevExp)-2),DS_Elig_DevExp)
A25: ="Section 4.A.3."&'General Information'!A$105&".(1)" -> Section 4.A.3.d.(1)
B26: Name of Management Company provided | O26: 1 | P26: =IF(AND(O26<>0,J26<>""),O26,0) -> 0 | Q26: =CHOOSE(O26+1,"Not to be included in this RFA","A REQUIRED input field for this RFA","An OPTIONAL input field for this RFA") -> A REQUIRED input field for this RFA
C27: =IF(LEFT(DS_Elig_Mgmt,1)=CHAR(149),RIGHT(DS_Elig_Mgmt,LEN(DS_Elig_Mgmt)-2),DS_Elig_Mgmt)
B29: Contact Information for Management Company provided | O29: 1 | P29: =IF(AND(O29<>0,J29<>""),O29,0) -> 0 | Q29: =CHOOSE(O29+1,"Not to be included in this RFA","A REQUIRED input field for this RFA","An OPTIONAL input field for this RFA") -> A REQUIRED input field for this RFA
C30: =IF(LEFT(DS_Elig_MgmtContact,1)=CHAR(149),RIGHT(DS_Elig_MgmtContact,LEN(DS_Elig_MgmtContact)-2),DS_Elig_MgmtContact)
B32: Prior General Management Company Experience requirement met | O32: 1 | P32: =IF(AND(O32<>0,J32<>""),O32,0) -> 0 | Q32: =CHOOSE(O32+1,"Not to be included in this RFA","A REQUIRED input field for this RFA","An OPTIONAL input field for this RFA") -> A REQUIRED input field for this RFA
C33: =IF(LEFT(DS_Elig_MgmtExp,1)=CHAR(149),RIGHT(DS_Elig_MgmtExp,LEN(DS_Elig_MgmtExp)-2),DS_Elig_MgmtExp)
A36: ="Section 4.A.3."&'General Information'!A$140&".(1)" -> Section 4.A.3..(1)
B37: Authorized Principal Representative provided and meets requirements | O37: 1 | P37: =IF(AND(O37<>0,J37<>""),O37,0) -> 0 | Q37: =CHOOSE(O37+1,"Not to be included in this RFA","A REQUIRED input field for this RFA","An OPTIONAL input field for this RFA") -> A REQUIRED input field for this RFA
C38: =IF(LEFT(DS_Elig_PrincRep,1)=CHAR(149),RIGHT(DS_Elig_PrincRep,LEN(DS_Elig_PrincRep)-2),DS_Elig_PrincRep)
A40: ="Section 4.A.4.(a)" -> Section 4.A.4.(a)
B41: Name of Proposed Development provided | O41: 1 | P41: =IF(AND(O41<>0,J41<>""),O41,0) -> 0 | Q41: =CHOOSE(O41+1,"Not to be included in this RFA","A REQUIRED input field for this RFA","An OPTIONAL input field for this RFA") -> A REQUIRED input field for this RFA
C42: =IF(LEFT(DS_Elig_PropDevName,1)=CHAR(149),RIGHT(DS_Elig_PropDevName,LEN(DS_Elig_PropDevName)-2),DS_Elig_PropDevName)
A44: ="Section 4.A.4.(b)(1)" -> Section 4.A.4.(b)(1)
B45: Development Category selected | O45: 1 | P45: =IF(AND(O45<>0,J45<>""),O45,0) -> 0 | Q45: =CHOOSE(O45+1,"Not to be included in this RFA","A REQUIRED input field for this RFA","An OPTIONAL input field for this RFA") -> A REQUIRED input field for this RFA
C46: =IF(LEFT(DS_Elig_DevCat,1)=CHAR(149),RIGHT(DS_Elig_DevCat,LEN(DS_Elig_DevCat)-2),DS_Elig_DevCat)
A48: ="Section 4.A.4.(b)("&'Proposed Development Info'!B8&")" -> Section 4.A.4.(b)()
B49: Development Category Qualifying Conditions met | O49: 1 | P49: =IF(AND(O49<>0,J49<>""),O49,0) -> 0 | Q49: =CHOOSE(O49+1,"Not to be included in this RFA","A REQUIRED input field for this RFA","An OPTIONAL input field for this RFA") -> A REQUIRED input field for this RFA
C50: =IF(LEFT(DS_Elig_DevCatMet,1)=CHAR(149),RIGHT(DS_Elig_DevCatMet,LEN(DS_Elig_DevCatMet)-2),DS_Elig_DevCatMet)
A53: ="Section 4.A.4."&'Proposed Development Info'!A58&"." -> Section 4.A.4.c.
B54: Development Type provided | O54: 1 | P54: =IF(AND(O54<>0,J54<>""),O54,0) -> 0 | Q54: =CHOOSE(O54+1,"Not to be included in this RFA","A REQUIRED input field for this RFA","An OPTIONAL input field for this RFA") -> A REQUIRED input field for this RFA
C55: =IF(LEFT(DS_Elig_DevType,1)=CHAR(149),RIGHT(DS_Elig_DevType,LEN(DS_Elig_DevType)-2),DS_Elig_DevType)
A57: ="Section 4.A.4."&'Proposed Development Info'!A67&"." -> Section 4.A.4.d.
B58: Breakdown of number of units associated with each Development Type, Development Category and ESS/Non-ESS provided, if applicable | O58: 1 | P58: =IF(AND(O58<>0,J58<>""),O58,0) -> 0 | Q58: =CHOOSE(O58+1,"Not to be included in this RFA","A REQUIRED input field for this RFA","An OPTIONAL input field for this RFA") -> A REQUIRED input field for this RFA
C59: =IF(LEFT(DS_Elig_UnitTypes,1)=CHAR(149),RIGHT(DS_Elig_UnitTypes,LEN(DS_Elig_UnitTypes)-2),DS_Elig_UnitTypes)
A61: ="Section 4.A.5.a." -> Section 4.A.5.a.
B62: County identified | O62: 1 | P62: =IF(AND(O62<>0,J62<>""),O62,0) -> 0 | Q62: =CHOOSE(O62+1,"Not to be included in this RFA","A REQUIRED input field for this RFA","An OPTIONAL input field for this RFA") -> A REQUIRED input field for this RFA
C63: =IF(LEFT(DS_Elig_County,1)=CHAR(149),RIGHT(DS_Elig_County,LEN(DS_Elig_County)-2),DS_Elig_County)
A65: ="Section 4.A.5."&'Development Location'!A9&"." -> Section 4.A.5.b.
B66: Address of Development Site provided | O66: 1 | P66: =IF(AND(O66<>0,J66<>""),O66,0) -> 0 | Q66: =CHOOSE(O66+1,"Not to be included in this RFA","A REQUIRED input field for this RFA","An OPTIONAL input field for this RFA") -> A REQUIRED input field for this RFA
C67: =IF(LEFT(DS_Elig_Address,1)=CHAR(149),RIGHT(DS_Elig_Address,LEN(DS_Elig_Address)-2),DS_Elig_Address)
A69: ="Section 4.A.5."&'Development Location'!A16&".(1)" -> Section 4.A.5.c.(1)
B70: Question whether a Scattered Sites Development answered | O70: 1 | P70: =IF(AND(O70<>0,J70<>""),O70,0) -> 0 | Q70: =CHOOSE(O70+1,"Not to be included in this RFA","A REQUIRED input field for this RFA","An OPTIONAL input field for this RFA") -> A REQUIRED input field for this RFA
C71: =IF(LEFT(DS_Elig_Scattered,1)=CHAR(149),RIGHT(DS_Elig_Scattered,LEN(DS_Elig_Scattered)-2),DS_Elig_Scattered)
A73: ="Section 4.A.5."&'Development Location'!A20&".(1)" -> Section 4.A.5.d.(1)
B74: Development Location Point provided | O74: 1 | P74: =IF(AND(O74<>0,J74<>""),O74,0) -> 0 | Q74: =CHOOSE(O74+1,"Not to be included in this RFA","A REQUIRED input field for this RFA","An OPTIONAL input field for this RFA") -> A REQUIRED input field for this RFA
C75: =IF(LEFT(DS_Elig_LocPoint,1)=CHAR(149),RIGHT(DS_Elig_LocPoint,LEN(DS_Elig_LocPoint)-2),DS_Elig_LocPoint)

Sheet Eligibility Table
A1: Section 5.A.1. Verifying Application Fee Payment | L1: The notes and indicators herein are intended to assist the Applicant, but accuracy is not guaranteed. The Applicant is responsible to meet all RFA requirements regardless of the notes and indicators. All responses are subject to scoring after submission.
B3: Eligibility Items | J3: Met | S3: Definition of what is being tested (key to Kevin's formulas):
B4: Submission Requirements met* | J4: =IF(Name_Of_Applicant="","",IF($N4=0,"NA","TBD")) | L4: =IF(Name_Of_Applicant="","",IF($N4=0,"NA",CHAR(149)&" Needs to be scored after submission")) | N4: 1 | P4: =IF(N4="","",IF(N4=0,"Not ","")&"Applicable to this RFA") -> Applicable to this RFA | S4: TBD - If a 0 is entered in column N this will show as NA and be greyed out.
B5: Verification that the Applicant has not closed on the Tax-Exempt Bond financing prior to the Application Deadline | J5: =IF(Name_Of_Applicant="","",IF($N5=0,"NA","TBD")) | L5: =IF(Name_Of_Applicant="","",IF($N5=0,"NA",CHAR(149)&" Needs to be scored after submission")) | N5: 1 | P5: =IF(N5="","",IF(N5=0,"Not ","")&"Applicable to this RFA") -> Applicable to this RFA | S5: TBD - If a 0 is entered in column N this will show as NA and be greyed out.
B6: Applicant Certification and Acknowledgement form provided and meets requirements | J6: =IF(Name_Of_Applicant="","",IF($N6=0,"NA",IF(Cert_Signature=Data1!F142,"Matches","No"))) | L6: =IF(Name_Of_Applicant="","",IF($N6=0,"NA",IF(OR(Cert_Signature="",Data1!F142=""),CHAR(149)&" Input required",IF(Cert_Signature=Data1!F142,CHAR(149)&" Names match, but still needs to be scored",CHAR(149)&" "&IF(OR(Data1!F142=" ",Data1!F142=" "&" "),"""<no entry>",""""&Data1!F142)&""" does not match """&Cert_Signature&"""")))) | N6: 1 | P6: =IF(N6="","",IF(N6=0,"Not ","")&"Applicable to this RFA") -> Applicable to this RFA | S6: Verifies the Authorized Principal Representative name on the Certification page matches the name on the General Information Tab.
B7: Demographic Commitment selected | J7: =IF(Name_Of_Applicant="","",IF(OR($N7=0,'General Information'!$K10=0),"NA",IF(Demographic<>"<select one>","Yes","No"))) | L7: =IF(Name_Of_Applicant="","",IF($N7=0,"NA",IF(J7="No",CHAR(149)&" Question 4.A.2. not answered",IF(J7="Yes",CHAR(149)&" Question 4.A.2. has an eligible response","")))) | N7: 1 | P7: =IF(N7="","",IF(N7=0,"Not ","")&"Applicable to this RFA") -> Applicable to this RFA | S7: Verifies a demographic is selected on the General Information tab. If a 0 is entered in column N this will show as NA and be greyed out.
B8: Name of Applicant provided | J8: =IF(Name_Of_Applicant="","",IF(OR($N8=0,'General Information'!$K28=0),"NA",IF(Name_Of_Applicant<>"","Yes","No"))) | L8: =IF(Name_Of_Applicant="","",IF($N8=0,"NA",IF(J8="No",CHAR(149)&" Question 4.A.3."&'General Information'!A27&"(1) not answered",IF(J8="Yes",CHAR(149)&" Question 4.A.3."&'General Information'!A27&"(1) has an eligible response","")))) | N8: 1 | P8: =IF(N8="","",IF(N8=0,"Not ","")&"Applicable to this RFA") -> Applicable to this RFA | S8: Verifies applicants name is entered on General Information Tab. If a 0 is entered in column N on this tab and/or column K on the General Information tab this will show as NA and be greyed out.
B9: Evidence Applicant is a legally formed entity provided | J9: =IF(Name_Of_Applicant="","",IF($N9=0,"NA","TBD")) | L9: =IF(Name_Of_Applicant="","",IF($N9=0,"NA",CHAR(149)&" Needs to be scored after submission")) | N9: 1 | P9: =IF(N9="","",IF(N9=0,"Not ","")&"Applicable to this RFA") -> Applicable to this RFA | S9: TBD - If a 0 is entered in column N this will show as NA and be greyed out.
B10: Name of Each Developer (including all co-Developers) provided | J10: =IF(Name_Of_Applicant="","",IF(OR($N10=0,'General Information'!$K53=0),"NA",IF(Name_Of_Developer_1<>"","Yes","No"))) | L10: =IF(Name_Of_Applicant="","",IF($N10=0,"NA",IF(J10="No",CHAR(149)&" First line in Question 4.A.3."&'General Information'!A51&".(1) not answered",IF(J10="Yes",CHAR(149)&" First line in Question 4.A.3."&'General Information'!A51&".(1) has an eligible response","")))) | N10: 1 | P10: =IF(N10="","",IF(N10=0,"Not ","")&"Applicable to this RFA") -> Applicable to this RFA | S10: Verifies at least 1 Developer name is entered on the General Information Tab. If a 0 is entered in column N on this tab and/or column K on the General Information tab this will show as NA and be greyed out.
B11: Evidence that each Developer entity is a legally formed entity provided | J11: =IF(Name_Of_Applicant="","",IF($N11=0,"NA","TBD")) | L11: =IF(Name_Of_Applicant="","",IF($N11=0,"NA",CHAR(149)&" Needs to be scored after submission")) | N11: 1 | P11: =IF(N11="","",IF(N11=0,"Not ","")&"Applicable to this RFA") -> Applicable to this RFA | S11: TBD - If a 0 is entered in column N this will show as NA and be greyed out.
B12: Developer Experience Requirement met | J12: =IF(Name_Of_Applicant="","",IF(OR($N12=0,'General Information'!$K61=0),"NA",IF(AND(CHOOSE(DS_DevExpMinDevs_List,DevExp_first_Dev_name<>"",AND(DevExp_first_Dev_name<>"",DevExp_second_Dev_name<>""),AND(DevExp_first_Dev_name<>"",DevExp_second_Dev_name<>"",DevExp_third_Dev_name<>"")),DS_DevExpDateMinDevs<=SUM(IF(AND('General Information'!K71=1,AND(DevExp_first_Dev_year>=YEAR(DS_DevExpDate),DevExp_first_Dev_year<YEAR(NOW())))=TRUE,1,0),IF(AND('General Information'!K80=1,AND(DevExp_second_Dev_year>=YEAR(DS_DevExpDate),DevExp_second_Dev_year<YEAR(NOW())))=TRUE,1,0),IF(AND('General Information'!K89=1,AND(DevExp_third_Dev_year>=YEAR(DS_DevExpDate),DevExp_third_Dev_year<YEAR(NOW())))=TRUE,1,0)),DS_DevExpPrgmMinDevs<=SUM(IF(AND('General Information'!K68=1,DevExp_first_Dev_program=DS_DevExpPrgm),1,0),IF(AND('General Information'!K77=1,DevExp_second_Dev_program=DS_DevExpPrgm),1,0),IF(AND('General Information'!K86=1,DevExp_third_Dev_program=DS_DevExpPrgm),1,0)),DS_DevExpMinDevs_Units<=SUM(IF(AND('General Information'!K70=1,DevExp_first_Dev_units>=IF(DS_DevExpMinUnitsSelect="Number",DS_DevExpMinUnitsNumber,ROUNDUP(DS_DevExpMinUnitsPercent*Total_Units,0))),1,0),IF(AND('General Information'!K79=1,DevExp_second_Dev_units>=IF(DS_DevExpMinUnitsSelect="Number",DS_DevExpMinUnitsNumber,ROUNDUP(DS_DevExpMinUnitsPercent*Total_Units,0))),1,0),IF(AND('General Information'!K88=1,DevExp_third_Dev_units>=IF(DS_DevExpMinUnitsSelect="Number",DS_DevExpMinUnitsNumber,ROUNDUP(DS_DevExpMinUnitsPercent*Total_Units,0))),1,0))),"Yes","No"))) | L12: =IF(Name_Of_Applicant="","",IF($N12=0,"NA",IF(J12="No",CHAR(149)&IF(CHOOSE(DS_DevExpMinDevs_List,DevExp_first_Dev_name<>"",AND(DevExp_first_Dev_name<>"",DevExp_second_Dev_name<>""),AND(DevExp_first_Dev_name<>"",DevExp_second_Dev_name<>"",DevExp_third_Dev_name<>"")),""," The minimum of "&TEXT(DS_DevExpMinDevs_List,"0")&" development"&IF(DS_DevExpMinDevs_List>1,"s were"," was")&" not presented.")&IF(DS_DevExpDateMinDevs<=SUM(IF(AND('General Information'!K71=1,AND(DevExp_first_Dev_year>=YEAR(DS_DevExpDate),DevExp_first_Dev_year<YEAR(NOW())))=TRUE,1,0),IF(AND('General Information'!K80=1,AND(DevExp_second_Dev_year>=YEAR(DS_DevExpDate),DevExp_second_Dev_year<YEAR(NOW())))=TRUE,1,0),IF(AND('General Information'!K89=1,AND(DevExp_third_Dev_year>=YEAR(DS_DevExpDate),DevExp_third_Dev_year<YEAR(NOW())))=TRUE,1,0)),""," The minimum of "&TEXT(DS_DevExpDateMinDevs,"0")&" development"&IF(DS_DevExpDateMinDevs>1,"s have not met"," did not meet")&" the completion date requirement.")&IF(DS_DevExpPrgmMinDevs<=SUM(IF(AND('General Information'!K68=1,DevExp_first_Dev_program=DS_DevExpPrgm),1,0),IF(AND('General Information'!K77=1,DevExp_second_Dev_program=DS_DevExpPrgm),1,0),IF(AND('General Information'!K86=1,DevExp_third_Dev_program=DS_DevExpPrgm),1,0)),""," The minimum of "&TEXT(DS_DevExpPrgmMinDevs,"0")&" development"&IF(DS_DevExpPrgmMinDevs>1,"s have not met"," did not meet")&" the the prior program experience requirement.")&IF(DS_DevExpMinDevs_Units<=SUM(IF(AND('General Information'!K70=1,DevExp_first_Dev_units>=IF(DS_DevExpMinUnitsSelect="Number",DS_DevExpMinUnitsNumber,ROUNDUP(DS_DevExpMinUnitsPercent*Total_Units,0))),1,0),IF(AND('General Information'!K79=1,DevExp_second_Dev_units>=IF(DS_DevExpMinUnitsSelect="Number",DS_DevExpMinUnitsNumber,ROUNDUP(DS_DevExpMinUnitsPercent*Total_Units,0))),1,0),IF(AND('General Information'!K88=1,DevExp_third_Dev_units>=IF(DS_DevExpMinUnitsSelect="Number",DS_DevExpMinUnitsNumber,ROUNDUP(DS_DevExpMinUnitsPercent*Total_Units,0))),1,0)),""," The minimum of "&TEXT(DS_DevExpDateMinDevs,"0")&" development"&IF(DS_DevExpMinDevs_Units>1,"s have not met"," did not meet")&" the minimum unit requirement."),IF(J12="Yes",CHAR(149)&" Meets minimum # of developments, date, subsidy program and unit requirments","")))) | N12: 1 | P12: =IF(N12="","",IF(N12=0,"Not ","")&"Applicable to this RFA") -> Applicable to this RFA | S12: Verifies the number of affordable housing developments required on Data1 tab (E60) is not blank and takes that number and ensures general developer principal experience data on the General Information tab (b3a) is completed for that number of housing developments (3ai-iii as required). Verifies that the years entered for the afforable housing developments on the General Information Information tab (3ai-iii) are ≥ the date entered for the Initial Date for Developer Experience requirement in the Data1 tab cell E58. Verifies that the # of units entered for the afforable housing developments on the General Information Information tab (3ai-iii) are ≥ the the the minimum unit requirement in the Data1 tab based on whether the RFA minimum unit requirement is based on a "percentage" or a "number" of units (cell E64). For percentage requirement it checks cell E62 times # of units (cell J3 in Units, Set-Asides, Buildings tab) and for number requirement it checks cell E63. Verifies that the funding program selected as a requirement on the Data1 tab (E59) is the same as the funding program selected for the afforable housing developments on the General Information Information tab (3ai-iii). If a 0 is entered in column N on this tab and/or cell K36 on the General Information tab this will show as NA and be greyed out.
B13: Principals for Applicant and Developer(s) Disclosure Form provided and meets requirements | J13: =IF(Name_Of_Applicant="","",IF($N13=0,"NA","TBD")) | L13: =IF(Name_Of_Applicant="","",IF($N13=0,"NA",CHAR(149)&" Needs to be scored after submission")) | N13: 1 | P13: =IF(N13="","",IF(N13=0,"Not ","")&"Applicable to this RFA") -> Applicable to this RFA | S13: TBD - If a 0 is entered in column N this will show as NA and be greyed out.
B14: Name of Management Company provided | J14: =IF(Name_Of_Applicant="","",IF(OR($N14=0,'General Information'!$K109=0),"NA",IF(Name_of_Mgmt_Co<>"","Yes","No"))) | L14: =IF(Name_Of_Applicant="","",IF($N14=0,"NA",IF(J14="No",CHAR(149)&" First line in Question 4.A.3."&'General Information'!A105&".(1) not answered",IF(J14="Yes",CHAR(149)&" First line in Question 4.A.3."&'General Information'!A105&".(1) has an eligible response","")))) | N14: 1 | P14: =IF(N14="","",IF(N14=0,"Not ","")&"Applicable to this RFA") -> Applicable to this RFA | S14: Verifies a Management company name is entered on the General Information Tab. If a 0 is entered in column N on this tab and/or column K on the General Information tab this will show as NA and be greyed out.
B15: Contact Information for Management Company provided | J15: =IF(Name_Of_Applicant="","",IF(OR($N15=0,'General Information'!$K109=0),"NA",IF(AND(AND(IF('General Information'!$K109=0,TRUE,Name_of_Mgmt_Co<>""),IF('General Information'!$K110=0,TRUE,Mgmt_Co_Address<>""),IF('General Information'!$K111=0,TRUE,Mgmt_Co_City<>""),IF('General Information'!$K112=0,TRUE,Mgmt_Co_State<>"<select one>"),IF('General Information'!$K113=0,TRUE,Mgmt_Co_Zip_Code<>""),IF('General Information'!$K114=0,TRUE,Mgmt_Co_Phone<>""),IF('General Information'!$K115=0,TRUE,Mgmt_Co_Email<>""))),"Yes","No"))) | L15: =IF(Name_Of_Applicant="","",IF($N15=0,"NA",IF(J15="No",CHAR(149)&" Question 4.A.3."&'General Information'!A105&".(1) is not complete with "&TEXT(SUM(Mgmt_InputReq)-SUM(Mgmt_InputTracking),"0")&" of its 7 required responses missing",IF(J15="Yes",CHAR(149)&" Question 4.A.3."&'General Information'!A105&".(1) has 7 required responses","")))) | N15: 1 | P15: =IF(N15="","",IF(N15=0,"Not ","")&"Applicable to this RFA") -> Applicable to this RFA | S15: Verifies a Management company name, address, city, state, zip and phone number are entered on the General Information Tab. If a 0 is entered in column N on this tab and/or column K on the General Information tab this will show as NA and be greyed out.
B16: Prior General Management Company Experience requirement met | J16: =IF(Name_Of_Applicant="","",IF(OR($N16=0,'General Information'!$K118=0),"NA",IF(AND(CHOOSE(Data1!E137,Mgmt_Co_Exp_first_Dev_name<>"",AND(Mgmt_Co_Exp_first_Dev_name<>"",Mgmt_Co_Exp_second_Dev_name<>"")),OR(AND('General Information'!K125=1,Mgmt_Co_Exp_first_time>=Data1!E139),AND('General Information'!K133=1,Mgmt_Co_Exp_second_time>=Data1!E139)),OR(AND('General Information'!K126=1,Mgmt_Co_Exp_first_units>=ROUNDUP(Data1!E138*Total_Units,0)),AND('General Information'!K134=1,Mgmt_Co_Exp_second_units>=ROUNDUP(Data1!E138*Total_Units,0)))),"Yes","No"))) | L16: =IF(Name_Of_Applicant="","",IF($N16=0,"NA",IF(J16="No",CHAR(149)&IF(CHOOSE(Data1!E137,Mgmt_Co_Exp_first_Dev_name<>"",AND(Mgmt_Co_Exp_first_Dev_name<>"",Mgmt_Co_Exp_second_Dev_name<>"")),""," The minimum # of developments were not provided.")&IF(OR(AND('General Information'!K125=1,Mgmt_Co_Exp_first_time>=Data1!E139),AND('General Information'!K133=1,Mgmt_Co_Exp_second_time>=Data1!E139)),""," The minimum time-managed requirement was not met by any development listed.")&IF(OR(AND('General Information'!K126=1,Mgmt_Co_Exp_first_units>=ROUNDUP(Data1!E138*Total_Units,0)),AND('General Information'!K134=1,Mgmt_Co_Exp_second_units>=ROUNDUP(Data1!E138*Total_Units,0))),""," The minimum unit requirement was not met by any development listed."),CHAR(149)&" Meets minimum # of developments, time-managed and unit requirments."))) | N16: 1 | P16: =IF(N16="","",IF(N16=0,"Not ","")&"Applicable to this RFA") -> Applicable to this RFA | S16: Verifies the number of affordable housing developments required on Data1 tab (E124) is not blank and takes that number and ensures management company experience data on the General Information tab (d2a & d2b) is completed for that number of housing developments. Verifies that the years entered for the afforable housing developments on the General Information Information tab (d2a & d2b) are ≥ the date entered for the Initial Date for Management Experience requirement in the Data1 tab cell E126. Verifies that the # of units entered for the afforable housing developments on the General Information Information tab (d2a & d2b) are ≥ the the the minimum unit % requirement in the Data1 tab cell E125 times # of units (cell J3 in Units, Set-Asides, Buildings tab). If a 0 is entered in column N on this tab and/or cell K91 on the General Information tab this will show as NA and be greyed out.
B17: Authorized Principal Representative provided and meets requirements | J17: =IF(Name_Of_Applicant="","",IF(OR($N17=0,'General Information'!$K143=0),"NA",IF(AND('General Information'!K142=1,LEN(_xlfn.CONCAT(DS_Authorized_Contact_Full_Name))<>1),"Yes","No"))) | L17: =IF(Name_Of_Applicant="","",IF($N17=0,"NA",IF(J17="No",CHAR(149)&" A name has not been entered",IF(J17="Yes",CHAR(149)&" A response has been provided but will need to be scored","")))) | N17: 1 | P17: =IF(N17="","",IF(N17=0,"Not ","")&"Applicable to this RFA") -> Applicable to this RFA | S17: Verifies Authorized Principal Representatives first name, middle initial, and last name are entered on the General Information Tab. If a 0 is entered in column N on this tab and/or column K on the General Information tab this will show as NA and be greyed out.
B18: Name of Proposed Development provided | J18: =IF(Name_Of_Applicant="","",IF(OR($N18=0,'Proposed Development Info'!$K3=0),"NA",IF(Name_of_proposed_Development<>"","Yes","No"))) | L18: =IF(Name_Of_Applicant="","",IF($N18=0,"NA",IF(J18="No",CHAR(149)&" Question 4.A.4."&'Proposed Development Info'!A3&" not answered",IF(J18="Yes",CHAR(149)&" Question 4.A.4."&'Proposed Development Info'!A3&" has an eligible response","")))) | N18: 1 | P18: =IF(N18="","",IF(N18=0,"Not ","")&"Applicable to this RFA") -> Applicable to this RFA | S18: Verifies Proposed Development Name is entered on the Proposed Development Tab. If a 0 is entered in column N on this tab and/or column K on the General Information tab this will show as NA and be greyed out.
B19: Development Category selected | J19: =IF(Name_Of_Applicant="","",IF(OR($N19=0,'Proposed Development Info'!$K6=0),"NA",IF(Development_Category<>"<select one>","Yes","No"))) | L19: =IF(Name_Of_Applicant="","",IF($N19=0,"NA",IF(J19="No",CHAR(149)&" Question 4.A.4."&'Proposed Development Info'!A5&"(1) not answered",IF(J19="Yes",CHAR(149)&" Question 4.A.4."&'Proposed Development Info'!A5&"(1) has an eligible response","")))) | N19: 1 | P19: =IF(N19="","",IF(N19=0,"Not ","")&"Applicable to this RFA") -> Applicable to this RFA | S19: Verifies Development Category is entered on the Proposed Development Tab. If a 0 is entered in column N on this tab and/or column K on the General Information tab this will show as NA and be greyed out.
B20: Development Category Qualifying Conditions met | J20: =IF(Name_Of_Applicant="","",IF(OR($N20=0,'Proposed Development Info'!#REF!=0),"NA",IF(OR(Development_Category="New Construction",Development_Category="Redevelopment",Development_Category="Acquisition and Redevelopment"),IF('Proposed Development Info'!G20>='Proposed Development Info'!G19,"Yes","No"),IF(OR(Development_Category="Rehabilitation",Development_Category="Acquisition and Rehabilitation",Development_Category="Preservation",Development_Category="Acquisition and Preservation"),IF(AND('Proposed Development Info'!H20<'Proposed Development Info'!H19,'Proposed Development Info'!H26>=20%,'Proposed Development Info'!H35>=25000),"Yes","No"),"No")))) | L20: =IF(Name_Of_Applicant="","",IF($N20=0,"NA",IF(J20="No",CHAR(149)&IF(OR(Development_Category="New Construction",Development_Category="Redevelopment",Development_Category="Acquisition and Redevelopment"),IF('Proposed Development Info'!G20<'Proposed Development Info'!G19," NC Units >= 50% Total Units requirement not met",""),IF(OR(Development_Category="Rehabilitation",Development_Category="Acquisition and Rehabilitation",Development_Category="Preservation",Development_Category="Acquisition and Preservation"),IF('Proposed Development Info'!H20>='Proposed Development Info'!H19," NC Units < 50% Total Units requirement not met.","")&IF('Proposed Development Info'!H26<20%," Rehab expenses >= 20% of adjusted basis of acquired building requirement not met.","")&IF('Proposed Development Info'!H35<25000," Qualified basis of rehab expenses >= $25K per HC Unit requirement not met.","")," No Development Category selected.")),IF(J20="Yes",CHAR(149)&" Development Category meets qualifying conditions for its unit mix"&IF(OR(Development_Category="Rehabilitation",Development_Category="Acquisition and Rehabilitation",Development_Category="Preservation",Development_Category="Acquisition and Preservation")," and Rehab Expenses relative to both Adj. Basis of Acq. Basis and per HC Unit","")&".","")))) | N20: 1 | P20: =IF(N20="","",IF(N20=0,"Not ","")&"Applicable to this RFA") -> Applicable to this RFA | S20: Verifies that if a New Construction Development Category (NC, Redev, Acq/Redev) is selected in section b1 of the Proposed Development Info tab the Qualifying unit measure on the Proposed Development Tab is ≥ minimum unit requirement on the Proposed Development Tab (column G). Verifies that if a Rehab Development Category (Rehab, Acq/Rehab, Pres, Acq/Pres) is selected in section b1 of the Proposed Development Info tab the Qualifying unit measure is ≥ minimum unit requirement on the Proposed Development Tab and the rehab expense measure on the Proposed Development is > 20%, and the qualified basis per unit measure on the Proposed Development is >$25k (Column H). If a 0 is entered in column N on this tab and/or cell K91 on the Proposed Development Info tab this will show as NA and be greyed out.
B21: Development Type provided | J21: =IF(Name_Of_Applicant="","",IF(OR($N21=0,'Proposed Development Info'!$K59=0),"NA",IF(DevType<>"<select one>","Yes","No"))) | L21: =IF(Name_Of_Applicant="","",IF($N21=0,"NA",IF(J21="No",CHAR(149)&" Question 4.A.4."&'Proposed Development Info'!A58&". not answered",IF(J21="Yes",CHAR(149)&" Question 4.A.4."&'Proposed Development Info'!A58&". has an eligible response","")))) | N21: 1 | P21: =IF(N21="","",IF(N21=0,"Not ","")&"Applicable to this RFA") -> Applicable to this RFA | S21: Verifies Development Type is entered on the Proposed Development Tab. If a 0 is entered in column N on this tab and/or column K on the General Information tab this will show as NA and be greyed out.
B22: Breakdown of number of units associated with each Development Type, Development Category and ESS/Non-ESS provided, if applicable | J22: =IF(Name_Of_Applicant="","",IF(OR($N22=0,'Proposed Development Info'!$K6+SUM('Proposed Development Info'!$K72:$K86)=0),"NA",IF(AND(total_units_in_unit_desc_chart=Total_Units,Development_Category<>"<select one>",Development_Category<>""),"Yes","No"))) | L22: =IF(Name_Of_Applicant="","",IF($N22=0,"NA",IF(J22="No",CHAR(149)&IF(total_units_in_unit_desc_chart<>Total_Units," Total Units in 4.A.4.e. table not equal to Total Units in 4.A.6.a.","")&IF(OR(Development_Category="<select one>",Development_Category="")," Question 4.A.4.b.1 not answered.",""),IF(J22="Yes",CHAR(149)&" Total Units in 4.A.4.e. table equals Total Units in 4.A.6.a."&" Question 4.A.4.b.1 has an eligible response.","")))) | N22: 1 | P22: =IF(N22="","",IF(N22=0,"Not ","")&"Applicable to this RFA") -> Applicable to this RFA | S22: Verifies Total Units at the bottom of the Unit Characteristics Chart on the Proposed Development Tab is equal to Total Units under letter (a) on the Units, Set-Asides, Buildings Tab and that both the ESS Construction Funding Preference and Development Category (number 1) on the Proposed Development Tab have a selection made (so are not blank or the <select one> default). If a 0 is entered in column N on this tab and/or column K on the General Information tab for Development Category and/or ESS Construction Funding Preference and/or for all Unit Characteristic rows this will show as NA and be greyed out.
B23: County identified | J23: =IF(Name_Of_Applicant="","",IF($N23=0,"NA",IF(County<>"<select one>","Yes","No"))) | L23: =IF(Name_Of_Applicant="","",IF($N23=0,"NA",IF(J23="No",CHAR(149)&" Question 4.A.5.a. not answered",IF(J23="Yes",CHAR(149)&" Question 4.A.5.a. has an eligible response","")))) | N23: 1 | P23: =IF(N23="","",IF(N23=0,"Not ","")&"Applicable to this RFA") -> Applicable to this RFA | S23: Verifies a County Name is selected on the Development Location Tab. If a 0 is entered in column N on this tab this will show as NA and be greyed out.
B24: Address of Development Site provided | J24: =IF(Name_Of_Applicant="","",IF(OR($N24=0,'Development Location'!$L11=0),"NA",IF(Development_Location<>"","Yes","No"))) | L24: =IF(Name_Of_Applicant="","",IF($N24=0,"NA",IF(J24="No",CHAR(149)&" Question 4.A.5."&'Development Location'!A9&". not answered",IF(J24="Yes",CHAR(149)&" Question 4.A.5."&'Development Location'!A9&". has an eligible response","")))) | N24: 1 | P24: =IF(N24="","",IF(N24=0,"Not ","")&"Applicable to this RFA") -> Applicable to this RFA | S24: Verifies Address of Development Site is entered on the Development Location Tab. If a 0 is entered in column N on this tab and/or column L on the Development Location Tab this will show as NA and be greyed out.
B25: Question whether a Scattered Sites Development answered | J25: =IF(Name_Of_Applicant="","",IF(OR($N25=0,'Development Location'!$L18=0),"NA",IF(Scattered_Sites<>"<select one>","Yes","No"))) | L25: =IF(Name_Of_Applicant="","",IF($N25=0,"NA",IF(J25="No",CHAR(149)&" Question 4.A.5."&'Development Location'!A16&".(1) not answered",IF(J25="Yes",CHAR(149)&" Question 4.A.5."&'Development Location'!A16&".(1) has an eligible response","")))) | N25: 1 | P25: =IF(N25="","",IF(N25=0,"Not ","")&"Applicable to this RFA") -> Applicable to this RFA | S25: Verifies that an answer as to whether or not the Development Consists of Scattered Sites on the Development Location Tab. If a 0 is entered in column N on this tab and/or column L on the Development Location Tab this will show as NA and be greyed out.
B26: Development Location Point provided | J26: =IF(Name_Of_Applicant="","",IF(OR($N26=0,SUM('Development Location'!$L23:$L24)=0),"NA",IF(OR(DLP_latitude="",VALUE(DLP_latitude)<0,LEN(DLP_latitude)<IFERROR(FIND(".",DLP_latitude)+6,0),DLP_longitude="",VALUE(DLP_longitude)>0,LEN(DLP_longitude)<IFERROR(FIND(".",DLP_longitude)+6,0),AND(Scattered_Sites="Yes",LEN(Scattered_Sites_lat_long)<17)),"No","Yes"))) | L26: =IF(Name_Of_Applicant="","",IF($N26=0,"NA",IF(J26="No",CHAR(149)&IF(DLP_latitude=""," Latitude point not provided",IF(AND(VALUE(DLP_latitude)>0,LEN(DLP_latitude)<IFERROR(FIND(".",DLP_latitude)+6,0))," Latitude is not 6 decimals",IF(AND(VALUE(DLP_latitude)<0,LEN(DLP_latitude)>IFERROR(FIND(".",DLP_latitude)+5,0))," Latitude not listed as a positive #",IF(AND(VALUE(DLP_latitude)<0,LEN(DLP_latitude)<IFERROR(FIND(".",DLP_latitude)+6,0))," Latitude not listed as a positive # & it is not 6 decimals",""))))&IF(AND(OR(DLP_latitude="",AND(VALUE(DLP_latitude)>0,LEN(DLP_latitude)<IFERROR(FIND(".",DLP_latitude)+6,0)),VALUE(DLP_latitude)<0),OR(DLP_longitude="",AND(VALUE(DLP_longitude)<0,LEN(DLP_longitude)<IFERROR(FIND(".",DLP_longitude)+6,0)),VALUE(DLP_longitude)>0)),";","")&IF(DLP_longitude=""," Longitude point not provided",IF(AND(VALUE(DLP_longitude)<0,LEN(DLP_longitude)<IFERROR(FIND(".",DLP_longitude)+6,0))," Longitude is not 6 decimals",IF(AND(VALUE(DLP_longitude)>0,LEN(DLP_longitude)<IFERROR(FIND(".",DLP_longitude)+6,0))," Longitude not listed as a negative # & it is not 6 decimals",IF(VALUE(DLP_longitude)>0," Longitude not listed as a negative #","")))),IF(J26="Yes",CHAR(149)&" Question 4.A.5.d.(1) has been answered","")))) | N26: 1 | P26: =IF(N26="","",IF(N26=0,"Not ","")&"Applicable to this RFA") -> Applicable to this RFA | S26: Verifies Latitude and Longitude Coordinates are entered on the Development Location Tab. If a 0 is entered in column N on this tab and/or column L on the Development Location Tab this will show as NA and be greyed out.
B27: Latitude and Longitude Coordinates for any Scattered Sites provided, if applicable | J27: =IF(Name_Of_Applicant="","",IF(OR($N27=0,'Development Location'!$L18=0,Scattered_Sites="No"),"NA",IF(AND(Scattered_Sites="Yes",Scattered_Sites_lat_long<>"",LEN(Scattered_Sites_lat_long)>18),"Yes","No"))) | L27: =IF(Name_Of_Applicant="","",IF($N27=0,"NA",IF(J27="No",CHAR(149)&IF(Scattered_Sites="<select one>"," Question 4.A.5."&'Development Location'!A16&".(1) not answered",IF(OR(Scattered_Sites_lat_long="",LEN(Scattered_Sites_lat_long)<19)," Appropriate Lat/Long points not provided for Scattered Sites","")),IF(J27="Yes",CHAR(149)&" Question 4.A.5."&'Development Location'!A16&".(1) has a response as well as Question 4.A.5."&'Development Location'!A20&".(2)","")))) | N27: 1 | P27: =IF(N27="","",IF(N27=0,"Not ","")&"Applicable to this RFA") -> Applicable to this RFA | S27: Verifies that if applicant indicates the development has Scattered Sites on the Development Location Tab, that the Scattered Sites Latitude and Longitude Coordinates are entered on the Development Location Tab D(2). If a 0 is entered in column N on this tab and/or column L on the Development Location Tab this will show as NA and be greyed out.
B28: Minimum Transit Score met (if applicable) ??Community Services?? | J28: =IF(Name_Of_Applicant="","",IF(OR($N28=0, | N28: 1 | P28: =IF(N28="","",IF(N28=0,"Not ","")&"Applicable to this RFA") -> Applicable to this RFA
B29: Minimum Total Proximity Score met (excludes: LGAO, SunRail Goal, Local Revitalizatin Initiative Goal) | J29: =IF(Name_Of_Applicant="","",IF(OR($N29=0, | N29: 1 | P29: =IF(N29="","",IF(N29=0,"Not ","")&"Applicable to this RFA") -> Applicable to this RFA
B30: Mandatory Distance Requirement met | J30: =IF(Name_Of_Applicant="","",IF(OR($N30=0, | N30: 1 | P30: =IF(N30="","",IF(N30=0,"Not ","")&"Applicable to this RFA") -> Applicable to this RFA
B31: Total Number of Units provided and within limits | J31: =IF(Name_Of_Applicant="","",IF($N31=0,"NA",IF(AND(Total_Units>=DS_Min_Units,Total_Units<=DS_Max_Units),"Yes","No"))) | L31: =IF(Name_Of_Applicant="","",IF($N31=0,"NA",IF(J31="No",CHAR(149)&IF(Total_Units<DS_Min_Units," Total Units is less than the minimum allowed","")&IF(Total_Units>DS_Max_Units," Total Units is greater than the maximum allowed"),IF(J31="Yes",CHAR(149)&" Total Units is within the range allowed","")))) | N31: 1 | P31: =IF(N31="","",IF(N31=0,"Not ","")&"Applicable to this RFA") -> Applicable to this RFA | S31: Verifies that the Total Units entered on the Units, Set-Asides, Buildings Tab is within the Minimum and Maximum unit limits specified on the Data1 Tab (cells F238 & F239). If a 0 is entered in column N on this tab this will show as NA and be greyed out.
B32: Number of new construction units and rehabilitation units provided | J32: =IF(Name_Of_Applicant="","",IF(OR($N32=0,SUM('Proposed Development Info'!K72:K86)=0),"NA",IF(total_units_in_unit_desc_chart=Total_Units,"Yes","No"))) | L32: =IF(Name_Of_Applicant="","",IF($N32=0,"NA",IF(J32="No",CHAR(149)&" The table for 4.A.4."&'Proposed Development Info'!A67&". has not been properly completed",IF(J32="Yes",CHAR(149)&" The table for 4.A.4."&'Proposed Development Info'!A67&". has been completed","")))) | N32: 1 | P32: =IF(N32="","",IF(N32=0,"Not ","")&"Applicable to this RFA") -> Applicable to this RFA | S32: Verifies Total Units at the bottom of the Unit Characteristics Chart on the Proposed Development Tab is equal to Total Units under letter (a) on the Units, Set-Asides, Buildings Tab. If a 0 is entered in column N on this tab and/or column K on the General Information tab for all Unit Characteristic rows this will show as NA and be greyed out.
B33: Occupancy status of any existing units provided, if Rehabilitation | J33: =IF(Name_Of_Applicant="","",IF(OR($N33=0,'Units, Set-Asides, Bldgs'!P6=0,OR(Development_Category="New Construction",Development_Category="Redevelopment",Development_Category="Acquisition and Redevelopment")),"NA",IF(AND(OR(Development_Category="Rehabilitation",Development_Category="Acquisition and Rehabilitation",Development_Category="Preservation",Development_Category="Acquisition and Preservation"),occupancy_status<>"<select one>"),"Yes","No"))) | L33: =IF(Name_Of_Applicant="","",IF($N33=0,"NA",IF(J33="No",CHAR(149)&" Question 4.A.6.b. does not have a response",IF(J33="Yes",CHAR(149)&" Question 4.A.4.b. has an eligible response","")))) | N33: 1 | P33: =IF(N33="","",IF(N33=0,"Not ","")&"Applicable to this RFA") -> Applicable to this RFA | S33: Verifies that if a rehabilitation category type is selected as a development category on the Proposed Development Info tab that the type of the category is selected on the Units, Set-Aside, Buildings tab (b). If a 0 is entered in column N on this tab, a new construction category is selected on the Proposed Development Info tab, or nothing is selected for (b) on the Units, Set-Asides, Buildings tab this will show as NA and be greyed out.
B34: Minimum Set-Aside election provided | J34: =IF(Name_Of_Applicant="","",IF(OR($N34=0,'Units, Set-Asides, Bldgs'!$P13=0),"NA",IF(AND(Minimum_SetAside_per_Sec_42<>"<select one>",Minimum_SetAside_per_Sec_42<>""),"Yes","No"))) | L34: =IF(Name_Of_Applicant="","",IF($N34=0,"NA",IF(J34="No",CHAR(149)&" Question 4.A.6."&'Units, Set-Asides, Bldgs'!A10&".(1) not answered",IF(J34="Yes",CHAR(149)&" Question 4.A.6."&'Units, Set-Asides, Bldgs'!A10&".(1) has an eligible response","")))) | N34: 1 | P34: =IF(N34="","",IF(N34=0,"Not ","")&"Applicable to this RFA") -> Applicable to this RFA | S34: Verifies a Set Aside Commitment is selected on the Units, Set-Asides, Buildings tab. If a 0 is entered in column N on this tab and/or column P on the Units, Set-Asides, Buildings Tab this will show as NA and be greyed out.
A35: 6.d.2.(a) | B35: ="Total "&DS_Loan_Name&" Set-Aside Breakdown Chart properly completed" -> Total HOME-ARP Set-Aside Breakdown Chart properly completed | J35: =IF(Name_Of_Applicant="","",IF(OR($N35=0,'Units, Set-Asides, Bldgs'!$P15=0,Minimum_SetAside_per_Sec_42<>Data1!A342),"NA",IF(AND(Minimum_SetAside_per_Sec_42=Data1!A342,Data1!H357="Yes",Data1!H345="Yes",Data1!H370="Yes",pct_units_in_setaside_chart=1),"Yes","No"))) | L35: =IF(Name_Of_Applicant="","",IF($N36=0,"NA",IF(J35="No",CHAR(149)&IF(pct_units_in_setaside_chart<>1," All of the units have NOT been entered into the Set-Aside Breakdown Chart at Szection 4.A.6."&'Units, Set-Asides, Bldgs'!A$10&"."&'Units, Set-Asides, Bldgs'!B15&"("&'Units, Set-Asides, Bldgs'!C$18&"). ","")&IF(Data1!H345="No"," The Minimum FHFC RFA Set-Aside commitment of "&TEXT(DS_HC_Min_SA_Perc,"0%")&" has NOT been met. ","")&IF(Data1!H357="No"," The Minimum "&DS_Loan_Name&" Set-Aside commitment of "&TEXT(DS_Loan_Min_SA_Perc,"0%")&" has NOT been met. ",""),IF(J35="Yes",CHAR(149)&" Set-Aside Commitment Chart(s) in Section 4.A.6."&'Units, Set-Asides, Bldgs'!A10&".(2) have eligible responses","")))) | N35: 1 | P35: =IF(N35="","",IF(N35=0,"Not ","")&"Applicable to this RFA") -> Applicable to this RFA
A36: 6.d.2.(a) or (b) | B36: Total Housing Credit Set-Aside Breakdown Chart properly completed | J36: =IF(Name_Of_Applicant="","",IF(OR($N36=0,'Units, Set-Asides, Bldgs'!$P15=0),"NA",IF(AND(Data1!H345="Yes",Data1!H348="Yes",Data1!H370="Yes",IF(Demographic="Elderly ALF",Data1!H351="Yes",TRUE),IF(NonProfit_Applicant="Yes",Data1!H352="Yes",TRUE),IF('Units, Set-Asides, Bldgs'!R32=0,AND(Data1!H349="Yes",Data1!H350="Yes"),TRUE),IF(OR(Minimum_SetAside_per_Sec_42=Data1!A339,Minimum_SetAside_per_Sec_42=Data1!A340),pct_units_in_setaside_chart=1,IF(Minimum_SetAside_per_Sec_42="Average Income Test",AND(Total_AIT_Chart_Units=Total_Units,Data1!H353="Yes"),TRUE))),"Yes","No"))) | L36: =IF(Name_Of_Applicant="","",IF($N36=0,"NA",IF(J36="No",CHAR(149)&IF(OR(AND(Minimum_SetAside_per_Sec_42="Average Income Test",Total_AIT_Chart_Units<Total_Units),AND(Minimum_SetAside_per_Sec_42<>"Average Income Test",Minimum_SetAside_per_Sec_42<>"<select one>",pct_units_in_setaside_chart<1))," All of the units have NOT been entered into the Set-Aside Breakdown Chart at Section 4.A.6."&'Units, Set-Asides, Bldgs'!A$10&"."&'Units, Set-Asides, Bldgs'!B15&"("&IF(AND(Minimum_SetAside_per_Sec_42<>"Average Income Test",Minimum_SetAside_per_Sec_42<>"<select one>"),'Units, Set-Asides, Bldgs'!C$18,'Units, Set-Asides, Bldgs'!C$35)&").","")&IF(Data1!H$348="No"," The minimum IRS Set-Asides of "&IF(LEFT(Minimum_SetAside_per_Sec_42,2)="20","20% at 50%",IF(LEFT(Minimum_SetAside_per_Sec_42,2)="40","40% at 60%","40% at an average of 60% or less"))&" is NOT met.","")&IF(Data1!H$345="No"," The minimum FHFC Set-Aside commitment of "&TEXT(Data1!B$345,"0%")&" has NOT been met.","")&IF(AND('Units, Set-Asides, Bldgs'!R$32=0,Data1!H$349="No")," The minimum HC Set-Aside for units up to 60% AMI of "&TEXT(Data1!B$349,"0%")&" for Workforce has NOT been met.","")&IF(AND('Units, Set-Asides, Bldgs'!R$32=0,Data1!H$350="No")," The maximum HC Set-Aside for units up to 60% AMI of "&TEXT(Data1!B$350,"0%")&" for Workforce has NOT been met.","")&IF(AND(Minimum_SetAside_per_Sec_42="Average Income Test",Data1!H$353="No")," The average AMI of the HC units is in excess of 60%.","")&IF(Data1!H$370="No"," The ELI units entered into the Set-Aside Breakdown Chart at Section 4.A.6."&'Units, Set-Asides, Bldgs'!A$10&"."&'Units, Set-Asides, Bldgs'!B15&"("&IF(AND(Minimum_SetAside_per_Sec_42<>"Average Income Test",Minimum_SetAside_per_Sec_42<>"<select one>"),'Units, Set-Asides, Bldgs'!C$18,'Units, Set-Asides, Bldgs'!C$35)&") is less than the required minimum.","")&IF(AND(Demographic="Elderly ALF",Data1!H351="No")," The minimum ALF set-aside commimtment of "&TEXT(Data1!B351,"0%")&" has NOT been met.","")&IF(AND(NonProfit_Applicant="Yes",Data1!H352="No")," The IRS minimum safe-harbor set-aside commitment of "&TEXT(Data1!B352,"0%")&" has NOT been met.",""),IF(J36="Yes",CHAR(149)&" Set-Aside Commitment Chart(s) in Section 4.A.6."&'Units, Set-Asides, Bldgs'!A$10&"."&'Units, Set-Asides, Bldgs'!B15&" have eligible responses","")))) | N36: 1 | P36: =IF(N36="","",IF(N36=0,"Not ","")&"Applicable to this RFA") -> Applicable to this RFA
A37: ="6."&'Units, Set-Asides, Bldgs'!A10&".2.("&'Units, Set-Asides, Bldgs'!C70&")" -> 6.c.2.() | B37: ="Total "&DS_Gap_Name&" Set-Aside Breakdown Chart properly completed" -> Total SAIL Set-Aside Breakdown Chart properly completed | J37: =IF(Name_Of_Applicant="","",IF(OR($N37=0,'Units, Set-Asides, Bldgs'!$P15=0),"NA",IF(OR(AND(OR(Minimum_SetAside_per_Sec_42=Data1!A339,Minimum_SetAside_per_Sec_42=Data1!A340),AND(pct_units_in_setaside_chart=1,Data1!H348="Yes",Data1!H345="Yes",IF('Units, Set-Asides, Bldgs'!R32=0,AND(Data1!H349="Yes",Data1!H350="Yes"),TRUE),Data1!H370="Yes")),AND(Minimum_SetAside_per_Sec_42="Average Income Test",Total_AIT_Chart_Units=Total_Units,Data1!H348="Yes",Data1!H345="Yes",IF('Units, Set-Asides, Bldgs'!R32=0,AND(Data1!H349="Yes",Data1!H350="Yes"),TRUE),Data1!H353="Yes",Data1!H370="Yes"),AND(Minimum_SetAside_per_Sec_42=Data1!A342,Data1!H357="Yes",Data1!H345="Yes",Data1!H370="Yes")),"Yes","No"))) | L37: =IF(Name_Of_Applicant="","",IF($N37=0,"NA",IF(J37="No",CHAR(149)&IF(OR(AND(Minimum_SetAside_per_Sec_42="Average Income Test",Total_AIT_Chart_Units<Total_Units),AND(Minimum_SetAside_per_Sec_42<>"Average Income Test",Minimum_SetAside_per_Sec_42<>"<select one>",pct_units_in_setaside_chart<1))," All of the units have NOT been entered into the Set-Aside Breakdown Chart at Section 4.A.6.d.(2)("&IF(AND(Minimum_SetAside_per_Sec_42<>"Average Income Test",Minimum_SetAside_per_Sec_42<>"<select one>"),'Units, Set-Asides, Bldgs'!C18,'Units, Set-Asides, Bldgs'!C35)&").","")&IF(Data1!H348="No"," The minimum IRS Set-Asides of "&IF(LEFT(Minimum_SetAside_per_Sec_42,2)="20","20% at 50%",IF(LEFT(Minimum_SetAside_per_Sec_42,2)="40","40% at 60%","40% at an average of 60% or less"))&" is NOT met.","")&IF(Data1!H345="No"," The minimum FHFC Set-Aside commitment of "&TEXT(Data1!B345,"0%")&" has NOT been met.","")&IF(AND('Units, Set-Asides, Bldgs'!R32=0,Data1!H349="No")," The minimum HC Set-Aside set at up to 60% AMI of "&TEXT(Data1!B349,"0%")&" for Workforce has NOT been met.","")&IF(AND('Units, Set-Asides, Bldgs'!R32=0,Data1!H350="No")," The maximum HC Set-Aside set at up to 60% AMI of "&TEXT(Data1!B350,"0%")&" for Workforce has NOT been met.","")&IF(AND(Minimum_SetAside_per_Sec_42="Average Income Test",Data1!H353="No")," The average AMI of the HC units is in excess of 60%.","")&IF(Data1!H370="No"," The ELI units entered into the Set-Aside Breakdown Chart at Section 4.A.6.d.("&IF(AND(Minimum_SetAside_per_Sec_42<>"Average Income Test",Minimum_SetAside_per_Sec_42<>"<select one>"),'Units, Set-Asides, Bldgs'!C18,'Units, Set-Asides, Bldgs'!C35)&") is less than the required minimum.",""),IF(J37="Yes",CHAR(149)&" Set-Aside Commitment Chart(s) in Section 4.A.6."&'Units, Set-Asides, Bldgs'!A10&".(2) have eligible responses","")))) | N37: 1 | P37: =IF(N37="","",IF(N37=0,"Not ","")&"Applicable to this RFA") -> Applicable to this RFA | S37: If the applicant selected set-aside commitment on the Units, Set-Asides, Buildings Tab matches the RFA allowed minimum set-aside commitment on the Data1 tab in either cell A253 (20%/50%) or A254 (40%/60%), then verifies that the total % of units on the Units, Set-Asides, Buildings Tab adds up to 100% and that the Data1 tab (cell H259) indicates that the development meets minimum IRS set-aside requirements and the Data1 tab (cell H265) indicates that the development meets minimum FHFC set-aside requirements. Verifies that if Workforce units are selected via cell R28 on the Units, Set-Asides, Buildings Tab the minimum and maximum HC in Workforce ≤ 60% requirements are met on the Data1 tab (cells H266 & H267) and the Data1 tab confirms that ELI is in the application (cell H269). If the applicant selected set-aside commitment on the Units, Set-Asides, Buildings Tab matches the RFA allowed minimum set-aside commitment on the Data1 tab in cell A255 (avg income), then verifies total units in the table on the Units, Set-Asides, Buildings Tab (d2b) is equal to the total units in the development as entered on the Units, Set-Asides, Buildings Tab cell J3, and that the Data1 tab (cell H259) indicates that the development meets minimum IRS set-aside requirements and the Data1 tab (cell H265) indicates that the development meets minimum FHFC set-aside requirements. Verifies that if Workforce units are selected via cell R28 on the Units, Set-Asides, Buildings Tab the minimum and maximum HC in Workforce ≤ 60% requirements are met on the Data1 tab (cells H266 & H267) and the Data1 tab confirms that ELI is in the application (cell H269) and that it is indicated on the Data1 tab (cell H268) that AIT HC AMI is in the application. If the applicant selected set-aside commitment on the Units, Set-Asides, Buildings Tab matches the RFA allowed minimum set-aside commitment on the Data1 tab in cell A256 (loan funding set aside), then verifies that the Data1 tab (cell H261) indicates that the development meets minimum loan only set-aside requirements and the Data1 tab (cell H265) indicates that the development meets minimum FHFC set-aside requirements, and the Data1 tab confirms that ELI is in the application (cell H269). If a 0 is entered in column N on this tab and/or column P on the Units, Set-Asides, Buildings Tab this will show as NA and be greyed out.
B38: Unit Mix provided and meets requirements | J38: =IF(Name_Of_Applicant="","",IF(OR($N38=0,'Units, Set-Asides, Bldgs'!$P89=0),"NA",IF(OR(Demographic="Family",Demographic="Workforce"),IF(OR(Development_Category="New Construction",Development_Category="Redevelopment",Development_Category="Acquisition and Redevelopment"),IF(OR(LEFT('Units, Set-Asides, Bldgs'!L110,9)="Attention",LEFT(RIGHT('Units, Set-Asides, Bldgs'!L94,28),3)="NOT"),"No","Yes"),"Yes"),IF(OR(Demographic="Elderly Non-ALF",Demographic="Elderly (Elderly Transformative Preservation)"),IF(OR(LEFT('Units, Set-Asides, Bldgs'!L110,9)="Attention",LEFT(RIGHT('Units, Set-Asides, Bldgs'!L94,28),3)="NOT",LEFT(RIGHT('Units, Set-Asides, Bldgs'!L95,28),3)="NOT",LEFT(RIGHT('Units, Set-Asides, Bldgs'!L101,28),3)="NOT",LEFT(RIGHT('Units, Set-Asides, Bldgs'!L106,28),3)="NOT"),"No","Yes"),IF(Demographic="Elderly ALF",IF(OR(LEFT('Units, Set-Asides, Bldgs'!L110,9)="Attention",LEFT(RIGHT('Units, Set-Asides, Bldgs'!L94,28),3)="NOT",LEFT(RIGHT('Units, Set-Asides, Bldgs'!L95,28),3)="NOT"),"No","Yes"),IF(Demographic="Homeless",IF(OR(LEFT('Units, Set-Asides, Bldgs'!L110,9)="Attention",LEFT(RIGHT('Units, Set-Asides, Bldgs'!L94,28),3)="NOT",LEFT(RIGHT('Units, Set-Asides, Bldgs'!L95,28),3)="NOT",IF('Units, Set-Asides, Bldgs'!L99<>"",SUM('Units, Set-Asides, Bldgs'!H99:I103)>0,FALSE),IF('Units, Set-Asides, Bldgs'!L104<>"",SUM('Units, Set-Asides, Bldgs'!H104:I110)>0,FALSE)),"No","Yes"),IF(Demographic="Farmworker/Commercial Fish Worker",IF(OR(LEFT('Units, Set-Asides, Bldgs'!L110,9)="Attention",LEFT(RIGHT('Units, Set-Asides, Bldgs'!L94,28),3)="NOT",IF('Units, Set-Asides, Bldgs'!L99<>"",SUM('Units, Set-Asides, Bldgs'!H99:I103)>0,FALSE),IF('Units, Set-Asides, Bldgs'!L104<>"",SUM('Units, Set-Asides, Bldgs'!H104:I110)>0,FALSE)),"No","Yes"),IF(OR(Demographic="Persons with a Disabiling Condition",Demographic="Persons with Developmental Disabilities"),IF(OR(LEFT('Units, Set-Asides, Bldgs'!L110,9)="Attention",LEFT(RIGHT('Units, Set-Asides, Bldgs'!L94,28),3)="NOT",LEFT(RIGHT('Units, Set-Asides, Bldgs'!L95,28),3)="NOT",IF('Units, Set-Asides, Bldgs'!L99<>"",SUM('Units, Set-Asides, Bldgs'!H99:I103)>0,FALSE),IF('Units, Set-Asides, Bldgs'!L104<>"",SUM('Units, Set-Asides, Bldgs'!H104:I110)>0,FALSE)),"No","Yes"),IF(Demographic="Persons with Special Needs",IF(OR(LEFT('Units, Set-Asides, Bldgs'!L110,9)="Attention",LEFT(RIGHT('Units, Set-Asides, Bldgs'!L94,28),3)="NOT",LEFT(RIGHT('Units, Set-Asides, Bldgs'!L95,28),3)="NOT",IF('Units, Set-Asides, Bldgs'!L99<>"",SUM('Units, Set-Asides, Bldgs'!H99:I103)>0,FALSE),IF('Units, Set-Asides, Bldgs'!L104<>"",SUM('Units, Set-Asides, Bldgs'!H104:I110)>0,FALSE)),"No","Yes"),"Demo?"))))))))) | L38: =IF(Name_Of_Applicant="","",IF($N38=0,"NA",IF(J38="No",CHAR(149)&IF(OR(Demographic="Elderly Non-ALF",Demographic="Elderly (Elderly Transformative Preservation)"),IF(OR(Development_Category="New Construction",Development_Category="Redevelopment",Development_Category="Acquisition and Redevelopment"),Data1!AF413,IF(Development_Category<>"Preservation",Data1!AF411,"")),IF(Demographic="Elderly ALF",Data1!AF415,IF(OR(Demographic="Family",Demographic="Workforce"),IF(OR(Development_Category="New Construction",Development_Category="Redevelopment",Development_Category="Acquisition and Redevelopment"),Data1!AF416,""),IF(Demographic="Homeless",Data1!AF417,IF(Demographic="Farmworker/Commercial Fish Worker",Data1!AF421,IF(OR(Demographic="Persons with a Disabiling Condition",Demographic="Persons with Developmental Disabilities"),Data1!AF423,IF(Demographic="Persons with Special Needs",Data1!AF426,""))))))),CHAR(149)&" The Unit Mix Chart requirements have been met."))) | N38: 1 | P38: =IF(N38="","",IF(N38=0,"Not ","")&"Applicable to this RFA") -> Applicable to this RFA
B39: Number of residential buildings provided | J39: =IF(Name_Of_Applicant="","",IF(OR($N39=0,'Units, Set-Asides, Bldgs'!$P125=0),"NA",IF(AND(residential_buildings<>"",N(residential_buildings)<>0),"Yes","No"))) | L39: =IF(Name_Of_Applicant="","",IF($N39=0,"NA",IF(J39="No",CHAR(149)&" Question 4.A.6."&'Units, Set-Asides, Bldgs'!A124&". not answered",IF(J39="Yes",CHAR(149)&" Question 4.A.6."&'Units, Set-Asides, Bldgs'!A124&". has an eligible response","")))) | N39: 1 | P39: =IF(N39="","",IF(N39=0,"Not ","")&"Applicable to this RFA") -> Applicable to this RFA | S39: Verifies the Number of Buildings are entered on Units, Set-Asides, Buildings Tab under (f). If a 0 is entered in column N on this tab and/or column P on the Units, Set-Asides, Buildings Tab this will show as NA and be greyed out.
B40: Evidence of Site Control provided | J40: =IF(Name_Of_Applicant="","",IF($N40=0,"NA","TBD")) | L40: =IF(Name_Of_Applicant="","",IF($N40=0,"NA",CHAR(149)&" Needs to be scored after submission")) | N40: 1 | P40: =IF(N40="","",IF(N40=0,"Not ","")&"Applicable to this RFA") -> Applicable to this RFA | S40: TBD - If a 0 is entered in column N this will show as NA and be greyed out.
B41: Appropriate Zoning demonstrated | J41: =IF(Name_Of_Applicant="","",IF($N41=0,"NA","TBD")) | L41: =IF(Name_Of_Applicant="","",IF($N41=0,"NA",CHAR(149)&" Needs to be scored after submission")) | N41: 1 | P41: =IF(N41="","",IF(N41=0,"Not ","")&"Applicable to this RFA") -> Applicable to this RFA | S41: TBD - If a 0 is entered in column N this will show as NA and be greyed out.
B42: Availability of Water demonstrated | J42: =IF(Name_Of_Applicant="","",IF($N42=0,"NA","TBD")) | L42: =IF(Name_Of_Applicant="","",IF($N42=0,"NA",CHAR(149)&" Needs to be scored after submission")) | N42: 1 | P42: =IF(N42="","",IF(N42=0,"Not ","")&"Applicable to this RFA") -> Applicable to this RFA | S42: TBD - If a 0 is entered in column N this will show as NA and be greyed out.
B43: Availability of Sewer demonstrated | J43: =IF(Name_Of_Applicant="","",IF($N43=0,"NA","TBD")) | L43: =IF(Name_Of_Applicant="","",IF($N43=0,"NA",CHAR(149)&" Needs to be scored after submission")) | N43: 1 | P43: =IF(N43="","",IF(N43=0,"Not ","")&"Applicable to this RFA") -> Applicable to this RFA | S43: TBD - If a 0 is entered in column N this will show as NA and be greyed out.
B44: Green Building Certification or Minimum Additional Green Building Features selected, as applicable | J44: =IF(Name_Of_Applicant="","",IF($N44=0,"NA",IF(OR(AND('Construction Features'!$K12=1,Green_cert<>"<select one>",OR(Development_Category="New Construction",Development_Category="Redevelopment",Development_Category="Acquisition and Redevelopment")),AND(Green_total_points>=10,OR(Development_Category="Rehabilitation",Development_Category="Acquisition and Rehabilitation",Development_Category="Preservation",Development_Category="Acquisition and Preservation"))),"Yes","No"))) | L44: =IF(AND(Name_Of_Applicant="",Development_Category="<select one>"),"",IF($N44=0,"NA",IF(J44="No",CHAR(149)&" Question 4.A.8.d.("&IF(OR(Development_Category="Rehabilitation",Development_Category="Acquisition and Rehabilitation",Development_Category="Preservation",Development_Category="Acquisition and Preservation"),"3","2")&") not answered",IF(J44="Yes",CHAR(149)&" Question 4.A.8.d.("&IF(OR(Development_Category="Rehabilitation",Development_Category="Acquisition and Rehabilitation",Development_Category="Preservation",Development_Category="Acquisition and Preservation"),"3","2")&") has an eligible response","")))) | N44: 1 | P44: =IF(N44="","",IF(N44=0,"Not ","")&"Applicable to this RFA") -> Applicable to this RFA | S44: Verifies that if it is indicated via cell K12 on the Construction Features tab that the RFA requires a green building cert and if a development category of NC, Redev, or Acq/Redev is selected from the Proposed Development Info Tab (cell G6). that a green cert type is selected from the dropdown menu (cell C12). Verifies that if a development category of Rehab, Acq/Rehab, Preservation, or Acq/Preservation is selected from the Proposed Development Info Tab (cell G6) that the total points on the Constuction Features tab in cell H31 is ≥ 10 points.
B45: Minimum Resident Programs selected | J45: =IF(Name_Of_Applicant="","",IF(OR($N45=0,AND(Demographic<>"Family",Demographic<>"Workforce",Demographic<>"Elderly Non-ALF",Demographic<>"Elderly ALF")),"NA",IF(OR(LEFT('Resident Programs'!C11,13)="Please select",LEFT('Resident Programs'!C22,13)="Please select"),"No","Yes"))) | L45: =IF(Name_Of_Applicant="","",IF($N45=0,"NA",IF(J45="No",CHAR(149)&" Question 4.A.9."&IF(OR(Demographic="Family",Demographic="Workforce"),"a","b")&". not aswered",CHAR(149)&" Question 4.A.9."&IF(OR(Demographic="Family",Demographic="Workforce"),"a","b")&". has an eligible response"))) | N45: 1 | P45: =IF(N45="","",IF(N45=0,"Not ","")&"Applicable to this RFA") -> Applicable to this RFA | S45: Verifies the minimum number of required resident programs are selected on the Resident Programs Tab based on the demographic commitment selected on the General Information Tab.
A46: Dev. Fin. | B46: Applicant’s Workforce SAIL Funding Request Amount | J46: =IF(Name_Of_Applicant="","",IF(OR($N46=0,Funding!K15=0),"NA",IF(N(Workforce_Request_Amount)>0,"Yes","No"))) | L46: =IF(Name_Of_Applicant="","",IF(OR($N46=0,Funding!K15=0),"NA",IF(J46="No",CHAR(149)&" Question 4.A.10.a.("&Funding!B4&")(a) not answered",IF(J46="Yes",CHAR(149)&" Question 4.A.10.a.("&Funding!B4&")(a) has an eligible response","")))) | N46: 1 | P46: =IF(N46="","",IF(N46=0,"Not ","")&"Applicable to this RFA") -> Applicable to this RFA | S46: Verifies that if it is indicated via cell K15 on the Funding a,b,d,e Tab that the RFA has SAIL Workforce a SAIL Workforce request amount is entered on the Funding a,b,d,e Tab.
A47: Dev. Fin. | B47: Applicant’s SAIL Funding Request Amount | J47: =IF(Name_Of_Applicant="","",IF(OR($N47=0,Funding!K34=0),"NA",IF(N(SAIL_Request_Amount)>0,"Yes","No"))) | L47: =IF(Name_Of_Applicant="","",IF(OR($N47=0,Funding!K34=0),"NA",IF(J47="No",CHAR(149)&" Question 4.A.10.a.("&Funding!B17&")(a) not answered",IF(J47="Yes",CHAR(149)&" Question 4.A.10.a.("&Funding!B17&")(a) has an eligible response","")))) | N47: 1 | P47: =IF(N47="","",IF(N47=0,"Not ","")&"Applicable to this RFA") -> Applicable to this RFA | S47: Verifies that if it is indicated via cell K33 on the Funding a,b,d,e Tab that the RFA has SAIL a SAIL request amount is entered on the Funding a,b,d,e Tab.
A48: Dev. Fin. | B48: Eligible SAIL Request Amount Meets Minimum Request Amount (Miami-Dade County only) | J48: =IF(Name_Of_Applicant="","",IF(OR($N48=0,Funding!K34=0,County<>"Miami-Dade"),"NA",IF(N(SAIL_Request_Amount)>=DS_SAIL_PD_Min_MD,"Yes","No"))) | L48: =IF(Name_Of_Applicant="","",IF(OR($N48=0,Funding!K34=0,County<>"Miami-Dade"),"NA",IF(J48="No",CHAR(149)&" The response to Question 4.A.10.a.("&Funding!B17&")(a) does not meet the minimum",IF(J48="Yes",CHAR(149)&" The response to Question 4.A.10.a.("&Funding!B17&")(a) meets the minimum","")))) | N48: 1 | P48: =IF(N48="","",IF(N48=0,"Not ","")&"Applicable to this RFA") -> Applicable to this RFA | S48: Verifies that for RFA's that include SAIL with a development located in Miami-Dade County the SAIL Request amount entered on the Funding a,b,d,e Tab is ≥ the mimumum required SAIL Request amount per the Data3 Tab cell C88
A49: Dev. Fin. | B49: Applicant’s ELI Funding Request Amount | J49: =IF(Name_Of_Applicant="","",IF(OR($N49=0,Funding!K42=0),"NA",IF(N(ELI_Request_Amount)>0,"Yes","No"))) | L49: =IF(Name_Of_Applicant="","",IF(OR($N49=0,Funding!K42=0),"NA",IF(J49="No",CHAR(149)&" Question 4.A.10.a.("&Funding!B17&")"&Funding!C42&" not answered",IF(J49="Yes",CHAR(149)&" Question 4.A.10.a.("&Funding!B17&")"&Funding!C42&" has an eligible response","")))) | N49: 1 | P49: =IF(N49="","",IF(N49=0,"Not ","")&"Applicable to this RFA") -> Applicable to this RFA | S49: Verifies that if it is indicated via cell K41 on the Funding a,b,d,e Tab that the RFA has ELI an ELI request amount is entered on the Funding a,b,d,e Tab.
A50: Dev. Fin. | B50: Applicant's HOME Funding Request Amount | J50: =IF(Name_Of_Applicant="","",IF(OR($N50=0,Funding!K59=0),"NA",IF(N(HOME_Request_Amount)>0,"Yes","No"))) | L50: =IF(Name_Of_Applicant="","",IF(OR($N50=0,Funding!K59=0),"NA",IF(J50="No",CHAR(149)&" Question 4.A.10.a.("&Funding!B44&")(a) not answered",IF(J50="Yes",CHAR(149)&" Question 4.A.10.a.("&Funding!B44&")(a) has an eligible response","")))) | N50: 1 | P50: =IF(N50="","",IF(N50=0,"Not ","")&"Applicable to this RFA") -> Applicable to this RFA | S50: Verifies that if it is indicated via cell K57 on the Funding a,b,d,e Tab that the RFA has HOME a HOME request amount is entered on the Funding a,b,d,e Tab.
A51: Dev. Fin. | B51: Applicant's Grant Funding Request Amount | J51: =IF(Name_Of_Applicant="","",IF(OR($N51=0,Funding!K78=0),"NA",IF(N(Grant_Request_Amount)>0,"Yes","No"))) | L51: =IF(Name_Of_Applicant="","",IF(OR($N51=0,Funding!K78=0),"NA",IF(J51="No",CHAR(149)&" Question 4.A.10.a.("&Funding!B74&")(a) not answered",IF(J51="Yes",CHAR(149)&" Question 4.A.10.a.("&Funding!B74&")(a) has an eligible response","")))) | N51: 1 | P51: =IF(N51="","",IF(N51=0,"Not ","")&"Applicable to this RFA") -> Applicable to this RFA | S51: Verifies that if it is indicated via cell K63 on the Funding a,b,d,e Tab that the RFA has Grant Funding a Grant Funding request amount is entered on the Funding a,b,d,e Tab.
A52: Dev. Fin. | B52: Applicant's Competitive Housing Credit Request Amount | J52: =IF(Name_Of_Applicant="","",IF(OR($N52=0,Funding!K125=0),"NA",IF(N(Competitive_HC_Request_Amount)>0,"Yes","No"))) | L52: =IF(Name_Of_Applicant="","",IF(OR($N52=0,Funding!K125=0),"NA",IF(J52="No",CHAR(149)&" Question 4.A.10.a.("&Funding!B106&")(a) not answered",IF(J52="Yes",CHAR(149)&" Question 4.A.10.a.("&Funding!B106&")(a) has an eligible response","")))) | N52: 1 | P52: =IF(N52="","",IF(N52=0,"Not ","")&"Applicable to this RFA") -> Applicable to this RFA | S52: Verifies that if it is indicated via cell K91 on the Funding a,b,d,e Tab that the RFA has Competitive Housing Credits a Competitive Housing Credits request amount is entered on the Funding a,b,d,e Tab.
A53: Dev. Fin. | B53: Applicant’s Non-Competitive Housing Credit Request Amount | J53: =IF(Name_Of_Applicant="","",IF(OR($N53=0,Funding!K127=0),"NA",IF(N(Non_Competitive_HC_Request_Amount)>0,"Yes","No"))) | L53: =IF(Name_Of_Applicant="","",IF(OR($N53=0,Funding!K127=0),"NA",IF(J53="No",CHAR(149)&" Question 4.A.10.a.("&Funding!B106&")(a) not answered",IF(J53="Yes",CHAR(149)&" Question 4.A.10.a.("&Funding!B106&")(a) has an eligible response","")))) | N53: 1 | P53: =IF(N53="","",IF(N53=0,"Not ","")&"Applicable to this RFA") -> Applicable to this RFA | S53: Verifies that if it is indicated via cell K95 on the Funding a,b,d,e Tab that the RFA has Non-Competitive Housing Credits a Non-Competitive Housing Credits request amount is entered on the Funding a,b,d,e Tab.
A54: Dev. Fin. | B54: Applicant’s MMRB Request Amount (if Corporation-issued Bonds) or Bond Request Amount and Other Required Information (if Non-Corporation-issued Bonds) | J54: =IF(Name_Of_Applicant="","",IF(OR($N54=0,Funding!K185=0),"NA",IF(N(MMRB_Request_Amount)>0,"Yes",IF(AND(N(ConstrAnalysis__1st_Mtg)>0,ConstrAnalysis__1st_Type="Local HFA Bonds"),"TBD","No")))) | L54: =IF(Name_Of_Applicant="","",IF(OR($N54=0,Funding!K185=0),"NA",IF(J54="No",CHAR(149)&" Neither Question 4.A.10.a.("&Funding!B185&") nor the First Mortgage Financing entry in the Construction/Rehab Analsys portion of the Development Cost Pro Forma were completely answered",IF(J54="Yes",CHAR(149)&" Question 4.A.10.a.("&Funding!B185&") has an eligible response",CHAR(149)&" Other Required Information will need to be scored after submission")))) | N54: 1 | P54: =IF(N54="","",IF(N54=0,"Not ","")&"Applicable to this RFA") -> Applicable to this RFA | S54: Verifies that if it is indicated via cell K150 on the Funding a,b,d,e Tab that the RFA has Corporation Issued MMRB a Corporation Issued MMRB request amount is entered on the Funding a,b,d,e Tab. If a First Mortgage amount is entered on the Pro Forma Tab and the type of loan indicated on that tab is Local HFA Bonds then the formula result will be TBD.
A55: Dev. Fin. | B55: Development Cost Pro Forma provided (listing expenses or uses) and Construction/Rehab analysis and Permanent analysis (listing sources) – Sources must equal or exceed uses | J55: =IF(Name_Of_Applicant="","",IF($N55=0,"NA",IF(OR(N(TDC_total)=0,N(ConstrAnalysis_totalsources)=0,N(ConstrAnalysis_surplus)<0,N(PermAnalysis_totalsources)=0,N(PermAnalysis_surplus)<0),"No","Yes"))) | L55: =IF(Name_Of_Applicant="","",IF($N55=0,"NA",IF(J55="No",CHAR(149)&IF(N(TDC_total)=0," Total Development Costs have not been detailed.","")&IF(N(ConstrAnalysis_totalsources)=0," Contruction Funding Sources have not been detailed.","")&IF(N(PermAnalysis_totalsources)=0," Permanent Funding Sources have not been detailed.","")&IF(N(ConstrAnalysis_surplus)<0," There is a funding shortfall in the Construction Funding Sources section.","")&IF(N(PermAnalysis_surplus)<0," There is a funding shortfall in the Permanent Funding Sources section.",""),CHAR(149)&" Development Costs were provided in the Development Cost Proforma, Construction and Permanent Funding Sources were provided and sources equal or exceed uses"))) | N55: 1 | P55: =IF(N55="","",IF(N55=0,"Not ","")&"Applicable to this RFA") -> Applicable to this RFA | S55: Verifies that there are numbers entered in the pro forma on the Pro Forma Tab resulting in positive amounts for the Total Development Costs, Total Construction Funding Sources, Construction Funding Surplus, Total Permanent Funding Sources, and and Permanent Funding Surplus. If there is a funding shortfall in the Construction or Permanent Funding Sources then a No will appear because Sources must exceed Uses.
B56: Financial Arrearage Requirement and Insurance Deficiency Requirement met** | J56: =IF(Name_Of_Applicant="","",IF($N56=0,"NA","TBD")) | L56: =IF(Name_Of_Applicant="","",IF($N56=0,"NA",CHAR(149)&" Needs to be scored after submission")) | N56: 1 | P56: =IF(N56="","",IF(N56=0,"Not ","")&"Applicable to this RFA") -> Applicable to this RFA | S56: TBD - If a 0 is entered in column N this will show as NA and be greyed out.
B57: Verification of no prior acceptance to an invitation to enter credit underwriting for the same Development in a previous RFA *** | J57: =IF(Name_Of_Applicant="","",IF($N57=0,"NA","TBD")) | L57: =IF(Name_Of_Applicant="","",IF($N57=0,"NA",CHAR(149)&" Needs to be scored after submission")) | N57: 1 | P57: =IF(N57="","",IF(N57=0,"Not ","")&"Applicable to this RFA") -> Applicable to this RFA | S57: TBD - If a 0 is entered in column N this will show as NA and be greyed out.
B58: Verification of no recent de-obligations **** | J58: =IF(Name_Of_Applicant="","",IF($N58=0,"NA","TBD")) | L58: =IF(Name_Of_Applicant="","",IF($N58=0,"NA",CHAR(149)&" Needs to be scored after submission")) | N58: 1 | P58: =IF(N58="","",IF(N58=0,"Not ","")&"Applicable to this RFA") -> Applicable to this RFA | S58: TBD - If a 0 is entered in column N this will show as NA and be greyed out.
A59: Dev. Fin. | B59: Total Development Cost Per Unit Limitation met***** | J59: =IF(Name_Of_Applicant="","",IF($N59=0,"NA",IF('Pro Forma'!L413="No","No","Yes"))) | L59: =IF(Name_Of_Applicant="","",IF($N59=0,"NA",IF(J59="No",CHAR(149)&" The Total Development Cost Per Unit Limitation requirements established in the RFA for your proposed Development have not been met",CHAR(149)&" The Total Development Cost Per Unit Limitation requirements established in the RFA for your proposed Development have been met"))) | N59: 1 | P59: =IF(N59="","",IF(N59=0,"Not ","")&"Applicable to this RFA") -> Applicable to this RFA | S59: Verifies that the TDC per Unit Limitation is Met via the Pro-Forma Tab. If a 0 is entered in column N this will show as NA and be greyed out.
N60: 1 | P60: =IF(N60="","",IF(N60=0,"Not ","")&"Applicable to this RFA") -> Applicable to this RFA
N61: 1 | P61: =IF(N61="","",IF(N61=0,"Not ","")&"Applicable to this RFA") -> Applicable to this RFA
N62: 1 | P62: =IF(N62="","",IF(N62=0,"Not ","")&"Applicable to this RFA") -> Applicable to this RFA
N63: 1 | P63: =IF(N63="","",IF(N63=0,"Not ","")&"Applicable to this RFA") -> Applicable to this RFA
N64: 1 | P64: =IF(N64="","",IF(N64=0,"Not ","")&"Applicable to this RFA") -> Applicable to this RFA
N65: 1 | P65: =IF(N65="","",IF(N65=0,"Not ","")&"Applicable to this RFA") -> Applicable to this RFA
N66: 1 | P66: =IF(N66="","",IF(N66=0,"Not ","")&"Applicable to this RFA") -> Applicable to this RFA
N67: 1 | P67: =IF(N67="","",IF(N67=0,"Not ","")&"Applicable to this RFA") -> Applicable to this RFA
N68: 1 | P68: =IF(N68="","",IF(N68=0,"Not ","")&"Applicable to this RFA") -> Applicable to this RFA
N69: 1 | P69: =IF(N69="","",IF(N69=0,"Not ","")&"Applicable to this RFA") -> Applicable to this RFA
N70: 1 | P70: =IF(N70="","",IF(N70=0,"Not ","")&"Applicable to this RFA") -> Applicable to this RFA
N71: 1 | P71: =IF(N71="","",IF(N71=0,"Not ","")&"Applicable to this RFA") -> Applicable to this RFA
... N77: 1 | P77: =IF(N77="","",IF(N77=0,"Not ","")&"Applicable to this RFA") -> Applicable to this RFA

Sheet Tracy's Notes
A2: Completed/ Acknowledged (X)
B3: RFA 2021-202: 6 Large:
B4: If Elderly ALF is selected under Section 4.A.2. on the General Information Tab I would suggest there be a pop-up requiring the applicant to certify the follow as per RFA (see p.7 A.2.b. of RFA 2021-202 for reference if needed):
C5: a. “If the Elderly demographic commitment is selected, the Applicant understands, acknowledges and agrees that it will comply with the Federal Fair Housing Act requirements for housing for older persons and rent at least 80 percent of the total units to residents that qualify as older persons pursuant to that Act or as provided under any state or federal program that the Secretary of HUD determines is specifically designed and operated to assist elderly persons (as defined in the state or federal program). Further, the Applicant understands, acknowledges and agrees that all such units are subject to the income restrictions committed to in the Set-Aside Commitment section of this Application.”
B6: On the General Information tab section 4.A.3.b. – is there a need for more than 3 lines for developers/co-developers?
B7: On the General Information tab section 4.A.3.b.3 is missing a 4.A.3.b.3.c. Per the RFA 2021-202 (6 Large) (p.11) there is a subsection (c) entitled “Prior Development Experience a Point Item in Future RFAs” and reads per the below. Do we want to include acknowledgement of this or some kind of mention of it in the application, or no since they technically don’t have to provide anything?:
C8: a. The Corporation will award points for Development Experience in certain RFAs beginning with the 2022/2023 RFA Cycle. Notice is given that any Principal of an Applicant and/or Developer(s) of any non-HUD financed Development* or any non-RD financed Development** funded in this RFA that also receives Board approval for any of (i) - (iii) below will be deemed ineligible for Development Experience points for exactly 2 years, commencing on the date of the Board’s approval:
C9: i. More than one exchange of credits, as outlined in the Qualified Allocation Plan, for the same non-HUD financed Development* or any non-RD financed Development** awarded since the Application Deadline of this RFA;
C10: ii. At least one exchange of credits requiring Board approval, as outlined in the Qualified Allocation Plan, for two or more non[1]HUD financed Developments* or any non-RD financed Development** funded in RFAs 2020-201, 2020-202, 2020-203, 2020-204, 2020-208, or 2020-211; or
C11: iii. A waiver to Rule 67-48, F.A.C., extending the firm commitment deadline of a non-HUD financed Development* or any non-RD financed Development** awarded since the Application Deadline of this RFA.
C12: *A HUD financed Development is a Development that has received construction and/or permanent loan financing from HUD. All Developments without construction and/or permanent loan financing from HUD, which may include those with HUD subsidy funding such as PBRA, are considered non-HUD financed Developments.
C13: ** An RD financed Development means a Development that has received construction and/or permanent loan financing from Rural Development (RD) within the United States Department of Agriculture (USDA). All Developments without construction and/or permanent loan financing from RD, which may include those with RD subsidy funding such as PBRA, are considered non-RD financed Developments.
B14: On the General Information tab section 4.A.3.c. – subsection (4) is missing (well it would be subsection (3) on applications that don’t have Priority designations) which is “Material and non-material changes to the Applicant entity or Developer entity.” This is not presented in the application. It does not appear to require the applicant to provide anything so maybe does not need to be included?
B15: On the Proposed Development Information tab 4.A.4.b.1 – RFA 2021-202 (6 Large) (p.15) there is a paragraph stating the below. Should this be included as a pop-up for developments that select that they consists of Acquisition and Rehabilitation?
C16: a. If the proposed Development consists of acquisition and Rehabilitation, with or without new construction (where the applicable new construction is for the building of units which will total less than 50 percent of the proposed Development’s total unit count), and the Applicant is not requesting Corporation funding related to the acquisition, the Applicant should select Rehabilitation as the Development Category. However, the acquisition costs and sources must still be reflected on the Development Cost Pro Forma.
B17: On the Proposed Development Information tab 4.A.4.b.2 – RFA 2021-202 (6 Large) (p.17) has a subsection c.iii. for Redevelopment requires an attached with a HUD letter that includes specified information. Do we want to have a pop-up that comes up if Redevelopment is selected indicating this attachment is required to be provided as per the RFA?
B18: On the Proposed Development Information tab 4.A.4.c – the dropdown does not include Duplexes as an option. This was listed as an option in RFA 2021-202 (6 Large) (p.20). Should it be added?
B19: On the Proximity Tab for 4.A.5.e.2.b should there also be an option for Private Transportation (2 points) (for Elderly (ALF or Non-ALF) only)? This is an option on RFA 2021-202 (6 Large) p.25. Also Rail Station is called Public Rail Station in the RFA, not sure if the wording should match or not.
B20: On the Proximity Tab for 4.A.5.f (Mandatory Distance Requirement), I think there needs to be an additional question asking addressing this verbiage on p.28 of RFA 2021-202 (6 Large)….so asking if they qualify based on the latitude and longitude coordinates.
C21: a. “Applications not eligible for the automatic qualification for the Mandatory Distance Requirement will qualify for the Mandatory Distance Requirement if the distance between the latitude and longitude coordinates provided for the Development Location Point, and any Scattered Sites, if applicable, to the coordinates for the other properties identified on the June 21, 2021 FHFC Development Proximity List (the List) that serve the same demographic group is at least 0.5 miles. The June 21, 2021 FHFC Development Proximity List and mapping software to display both the Proximity List properties on the list and the Mandatory Distance Requirement buffers described in the chart above are available on the RFA Webpage.”
B22: On the Construction Features Tab I think there needs to be a letter e added that states “Items to be included in the rehabilitation scope of work, as outlined in Exhibit F” – see p.45 of RFA 2021-202 (6 Large) for further clarity.
B23: RFA 2021-205/2022-205: SAIL w/ MMRB and 4% HC:
B24: Self-sourced applicants MUST select the family demographic. Need to make a pop-up showing an error if Self-sourced and a Demographic other than family is selected for this RFA on the General Information Tab.
B25: Need a line item on General Information tab to account for the Veterans Preference for Elderly (ALF or Non-ALF) developments in Medium and Large Counties. Veteran Preference is part of the Goals.
B26: Self-sourced applicants MUST commit to New Construction Development Category. Need to make a pop-up showing an error if Self-sourced and a Dev Category other than NC is selected for this RFA on the Proposed DevelopmentTab.
B27: If NC or Redev and NHTF is selected on the Funding Tab all units must be NC without any Rehab. Need to make a pop-up on the Proposed Dev Info Tab showing an error if NHTF is selected and a Dev Type other than NC is choosen.
B28: If Redev (w/ or w/out Acq) is selected need to provide as Attachment 6 to Exhibit A, a Development Category Qualification Letter from HUD or RD, dated within 12 months of the Application Deadline. Need to add this to the Proposed Dev Info Tab
B29: Evidence of Legally Formed entity is Attachment 2 and Non-Profit is attachment 3 for this RFA which varies from template
B30: Developer Info is Attachment 4 and Manangement Company info is Attachment 5 for this RFA which varies from template
B31: Rental Assistance letter is referenced as Attachment 6 in this RFA, however the Proposed Dev Tab states it is Attachment 4. It appears it varies per RFA.
B32: PHA Proximity Boost letter is references as Attachment 7 in this RFA, however the Proximity Tab states it is Attachment 5. It appears it varies per RFA.
B33: Please review Table (2) on page 33 of the RFA (for appps not automatically qualified for Man Dis Req). I do not think this is taken into consideration on the Mand. Dist. Tab - please confirm and add if needed.
... B52: Need to create a tab after the Funding tab for 11 - HOME Uniform Relocation Act with pertinent questions from p.43/44 RFA and statements noting attachments required.

Sheet Completed
G2: Completed By…
G3: Matt | H3: Tracy | I3: Kevin | J3: Jean
A5: Data1 Tab
B6: Inserted columns B:E, each having a width of 8 | I6: ü
B7: Each named range highligted in light blue for future identification | I7: ü
B8: Column D is for entrying the prefered sort range for the DataNames | I8: ü
B9: Column B is user entry to identify Data Names to automatically populate the drop-down menus for the particular RFA being created. | I9: ü
B11: Range Naming Criteria:
C12: Below, the ?? Represents an abbreviated name for the section | I12: ü
C13: Column A lists are ??_DataNames | I13: ü
C14: Column C lists are ??_Sequence | I14: ü
C15: Column E lists are ??_DDMenu | I15: ü
B16: Created Named Ranges:
C17: Demo_DataNames, Demo_Sequence, Demo_DDMenu | I17: ü
C18: DevCat_DataNames, DevCat_Sequence, DevCat_DDMenu | I18: ü
C19: Counties_DataNames, Counties_Sequence, Counties_DDMenu | I19: ü
C20: DevType_DataNames, DevType_Sequence, DevType_DDMenu | I20: ü
C21: States_DataNames, States_Sequence, States_DDMenu | I21: ü
C22: Occ_DataNames, Occ_Sequence, Occ_DDMenu | I22: ü
C23: MinIRS_DataNames, MinIRS_Sequence, MinIRS_DDMenu | I23: ü
C24: Serv_DataNmes, Serv_Sequence, Serv_DDMenu | I24: ü
B25: Added county sizes in columns H and I, to the right of the county list | I25: ü
B26: Added dropdown menues for N/S FL Keys and N/S SW 224th Street | I26: ü
B27: Deleted the section related to 100% NC, 100% Rehab, or Combo since the Unit Characteristics table provides the information | I27: ü
B28: Created a minimum amount for PU Construction Funding Preference | I28: ü
B29: Created Minimum Unit counts for Keys, Miami-Dade, and in General | I29: ü
B30: Created Unit limits for various programs & related comments | I30: ü
B31: Created minimum ELI percentages for AIT and non-AIT to flow with formulas | I31: ü
B32: Created entries to show/hide RFA creation notations for 5 (so far) tabs | I32: ü
B33: Programmed variables to assist with LG tab automation | I33: ü
B34: All named ranges updated with a DS_ prefix | H34: ü
A37: Data2 Tab
B38: Under each blue header there is a drop down list of options | H38: ü
B39: Named Ranges:
C40: 2022 ZCTAs = DS_ZCTAs_2022 | H40: ü
C41: 2022 Non-Metro DDA’s = DS_NonMetroDDAs_2022 | H41: ü
C42: 2022 QCT’s = DS_NonMetroQCTs_2022 | H42: ü
C43: 2022 Non-Metro QCT’s = DS_NonMetroQCTs_2022 | H43: ü
C44: GAO’s effective 2/1/21 = DS_GAOS_effective2.1.21 | H44: ü
C45: QCTs in <County>=CountyQCTs | I45: ü
C46: GAOs in <County>=CountyGAOs | I46: ü
C47: FHFC_Source_1_Name, FHFC_Source_1_AMT, FHFC_Source_1_Label | G47: ü
C48: FHFC_Source_2_Name, FHFC_Source_2_AMT, FHFC_Source_2_Label | G48: ü
C49: FHFC_Source_3_Name, FHFC_Source_3_AMT, FHFC_Source_3_Label | G49: ü
C50: FHFC_Source_4_Name, FHFC_Source_4_AMT, FHFC_Source_4_Label | G50: ü
B51: Entered formulas for CountyQCTs and CountyGAOs | I51: ü
B52: All named ranges updated with a DS_ prefix | G52: ü | H52: ü
A54: Data3 Tab
B55: Incorporate initial County-Related Data Table WIP | G55: ü
B56: Added 2021 County ELI % | I56: ü
B57: Updated LGC and LGAofO amounts for each county 2021 | I57: ü
B58: Named Range is CountyData | I58: ü
B59: Added Funding limits for Workforce SAIL, SAIL, ELI, HOME, Grant, 9%HC | I59: ü
B60: Named Ranges for TDC PU Base Limitations | G60: ü
B61: Update TDC Limitation Numbers to 2022-2023 version | G61: ü
B62: All named ranges updated with a DS_ prefix | G62: ü | H62: ü
B63: Developed TDC Add-on/Multiplier Table, including named ranges. | G63: ü
A65: General Information Tab
B66: Unhid all rows | I66: ü
B67: Unprotected all input cells | I67: ü
B68: Inserted Columns C, D and made columns B:C a width of 2.89 and D is 3.56 | I68: ü
B69: Made all a., b., c. … entries in column A and bolded | I69: ü
B70: Made all (1), (2), (3) … entries in column B and bolded | I70: ü
B71: Made all (a), (b), (c) … entries in column C and bolded | I71: ü
B72: Made all (i), (ii), (iii) entries in column D and bolded | I72: ü
B73: Corrected multilevel outline lists to follow this format: a.(1)(a)(i) | I73: ü
B74: Created a line spacing system as follows: | I74: ü
C75: Lines starting with the "a." outline level rows are 14.4 high | I75: ü
C76: Most other rows with words are 17.4 high | I76: ü
C77: Spacer rows after the "(1)" outline level are 10 high | I77: ü
C78: Spacer rows before and after tables are 10 high | I78: ü
C79: Spacer rows before the "a." outline level are 10 high | I79: ü
C80: Spacer rows after each Section header are 14.4 high | I80: ü
B81: Drop-down menu cells will turn pink if a menu option of "" is selected | I81: ü
B82: Conditional formatting pink is R:255; G:220; B:255, or Hex:#FFDCFF | I82: ü
B83: Conditional formatting pink comes before green and "stop" is selected | I83: ü
B84: Acknowledge conditional formatting green is R:226; G:239; B:218, or Hex:#E2EFDA | I84: ü
B85: Standard format for input cells: Font- R:0, G:0, B: 255, or Hex:#0000FF; Background- R:255, G:242, B:204, Hex:#FFF2CC | J85: ü
B86: Added formulas to track total #, completed, to be completed or to be ignored fields as either eligible or optional inputs. | I86: ü
B87: If fields (rows/sections) are to be ignored, rows to be hidden are highlighted | I87: ü
A89: Proposed Development Tab
B90: Added formulas to track total #, completed, to be completed or to be ignored fields as either eligible or optional inputs. | I90: ü
B91: If fields (rows/sections) are to be ignored, rows to be hidden are highlighted | I91: ü
B92: Conditional formatting to turn green if an input is entered or pink if an input is invalid, when applicable | I92: ü
B93: Developed the bulk of the Unit Characteristics Table, including Nmaed Ranges and Leveraging variables. | G93: ü
A95: Development Location Tab
B96: Added formulas to track total #, completed, to be completed or to be ignored fields as either eligible or optional inputs. | I96: ü
B97: If fields (rows/sections) are to be ignored, rows to be hidden are highlighted | I97: ü
B98: Conditional formatting to turn green if an input is entered or pink if an input is invalid, when applicable | I98: ü
B99: Added location questions for North/South FL Keys, North/South Miami-Dade County | I99: ü
A101: Proximity, Mand.Dist., RECAP tab
B102: Added formulas to track total #, completed, to be completed or to be ignored fields as either eligible or optional inputs. | I102: ü
B103: If fields (rows/sections) are to be ignored, rows to be hidden are highlighted | I103: ü
B104: Conditional formatting to turn green if an input is entered, when applicable | I104: ü
B105: Added Rail Station and # to be selected in (2)(b) flows in (2) wording | I105: ü
A107: Units, Set-Asides, Buildings Tab
B108: Updated conditional formatting in K3 to account for minimum units for deals in Monroe, Maimi-Dade and in General | I108: ü
B109: Reshuffled column widths to insert column K to track prorata ELI distribution per the new table along with conditional formatting | I109: ü
B110: Added a table below the unit mix table that determines the prorata distribution of all ELI units as well as any ELI funding when applicable | I110: ü
B111: The set-aside table not selected will be "greyed" out. | I111: ü
...

Sheet Data1
A1: All inclusive rows | F1: Options in this RFA | I1: Removed Macros:
I2: Sub InsertCellValueIntoHeaderForAllSheets()
A3: Program the Print Header and Footer for All Tabs: | B3: (Start by putting cursor in blank cell; Select Developer, Macros, InsertHeaderandFooterForAllSheets, Run) | I3: Dim HeaderText As Range
A4: Exhibit A to RFA 2022-109 SAIL and HOME-ARP Financing for Smaller Developments for Persons with Special Needs | I4: Set HeaderText = Application.Selection
I5: HeaderText = Range("Data1!$A$4").Value
A6: Print Left Footer for All Tabs: | I6: For Each mysheet In Application.ActiveWorkbook.Worksheets
A7: RFA 2022-109 | F7: =DS_TabLeftFooter -> RFA 2022-109 | I7: mysheet.PageSetup.CenterHeader = "&B&14&K7030A0" & HeaderText & ""
I8: mysheet.PageSetup.Zoom = 80
A9: Application Deadline | E9: 44831 | I9: Next
I10: End Sub
A11: All Inclusive List - Demographics (Demo) | B11: In RFA? | C11: Sequence | D11: Sort | E11: 4.A.2. | F11: <select one> | I11: Sub InsertCellValueIntoFooterForAllSheets()
A12: Family | C12: =IF(B12<>1,"",SUM(B$12:B12)) | D12: 1 | F12: =IF(COUNTA($A$12:$A12)<=MAX(DS_Demo_Sequence)=TRUE,LOOKUP(COUNTA($A$12:$A12),DS_Demo_Sequence,DS_Demo_DataNames),"") -> Persons with Special Needs | I12: Dim FooterText As Range
A13: Elderly Non-ALF | C13: =IF(B13<>1,"",SUM(B$12:B13)) | D13: 2 | F13: =IF(COUNTA($A$12:$A13)<=MAX(DS_Demo_Sequence)=TRUE,LOOKUP(COUNTA($A$12:$A13),DS_Demo_Sequence,DS_Demo_DataNames),"") | I13: Set FooterText = Application.Selection
A14: Elderly ALF | C14: =IF(B14<>1,"",SUM(B$12:B14)) | D14: 3 | F14: =IF(COUNTA($A$12:$A14)<=MAX(DS_Demo_Sequence)=TRUE,LOOKUP(COUNTA($A$12:$A14),DS_Demo_Sequence,DS_Demo_DataNames),"") | I14: FooterText = Range("Data1!$A$7").Value
A15: Elderly (Elderly Transformative Preservation) | C15: =IF(B15<>1,"",SUM(B$12:B15)) | D15: 4 | F15: =IF(COUNTA($A$12:$A15)<=MAX(DS_Demo_Sequence)=TRUE,LOOKUP(COUNTA($A$12:$A15),DS_Demo_Sequence,DS_Demo_DataNames),"") | I15: For Each mysheet In Application.ActiveWorkbook.Worksheets
A16: Farmworker/Commercial Fish Worker | C16: =IF(B16<>1,"",SUM(B$12:B16)) | D16: 5 | F16: =IF(COUNTA($A$12:$A16)<=MAX(DS_Demo_Sequence)=TRUE,LOOKUP(COUNTA($A$12:$A16),DS_Demo_Sequence,DS_Demo_DataNames),"") | I16: mysheet.PageSetup.LeftFooter = FooterText
A17: Homeless | C17: =IF(B17<>1,"",SUM(B$12:B17)) | D17: 6 | F17: =IF(COUNTA($A$12:$A17)<=MAX(DS_Demo_Sequence)=TRUE,LOOKUP(COUNTA($A$12:$A17),DS_Demo_Sequence,DS_Demo_DataNames),"") | I17: Next
A18: Persons with a Disabiling Condition | C18: =IF(B18<>1,"",SUM(B$12:B18)) | D18: 7 | F18: =IF(COUNTA($A$12:$A18)<=MAX(DS_Demo_Sequence)=TRUE,LOOKUP(COUNTA($A$12:$A18),DS_Demo_Sequence,DS_Demo_DataNames),"") | I18: End Sub
A19: Persons with Developmental Disabilities | C19: =IF(B19<>1,"",SUM(B$12:B19)) | D19: 8 | F19: =IF(COUNTA($A$12:$A19)<=MAX(DS_Demo_Sequence)=TRUE,LOOKUP(COUNTA($A$12:$A19),DS_Demo_Sequence,DS_Demo_DataNames),"")
A20: Persons with Special Needs | B20: 1 | C20: =IF(B20<>1,"",SUM(B$12:B20)) -> 1 | D20: 9 | F20: =IF(COUNTA($A$12:$A20)<=MAX(DS_Demo_Sequence)=TRUE,LOOKUP(COUNTA($A$12:$A20),DS_Demo_Sequence,DS_Demo_DataNames),"")
A21: Workforce | C21: =IF(B21<>1,"",SUM(B$12:B21)) | D21: 10 | F21: =IF(COUNTA($A$12:$A21)<=MAX(DS_Demo_Sequence)=TRUE,LOOKUP(COUNTA($A$12:$A21),DS_Demo_Sequence,DS_Demo_DataNames),"")
A23: Check Box Reference Cells | E23: 4.A.2.a.&b.
A24: (a) Select the Minimum Set-Aside Commitment for …
A25: (1) | B25: FALSE
A26: (2) | B26: FALSE
A27: (b) Select at least one box from options (1) through (5) below that …
A28: (1) | B28: FALSE
A29: (2) | B29: FALSE
A30: (3) | B30: FALSE
A31: (4) | B31: FALSE
A32: (5) | B32: FALSE
A34: All Inclusive List - Dev. Exp. Programs (DevExpProgs) | B34: In RFA? | C34: Sequence | D34: Sort | E34: 4.A.3.b.(3)(a) | F34: <select one>
A35: Housing Credits | B35: 1 | C35: =IF(B35<>1,"",SUM(B$35:B35)) -> 1 | D35: 1 | F35: =IF(COUNTA($A35:$A$35)<=MAX(DS_DevExpProgs_Sequence)=TRUE,LOOKUP(COUNTA($A35:$A$35),DS_DevExpProgs_Sequence,DS_DevExpProgs_DataNames),"") -> Housing Credits
A36: Tax-Exempt Bonds | B36: 1 | C36: =IF(B36<>1,"",SUM(B$35:B36)) -> 2 | D36: 2 | F36: =IF(COUNTA($A$35:$A36)<=MAX(DS_DevExpProgs_Sequence)=TRUE,LOOKUP(COUNTA($A$35:$A36),DS_DevExpProgs_Sequence,DS_DevExpProgs_DataNames),"") -> Tax-Exempt Bonds
A37: HOME | B37: 1 | C37: =IF(B37<>1,"",SUM(B$35:B37)) -> 3 | D37: 3 | F37: =IF(COUNTA($A$35:$A37)<=MAX(DS_DevExpProgs_Sequence)=TRUE,LOOKUP(COUNTA($A$35:$A37),DS_DevExpProgs_Sequence,DS_DevExpProgs_DataNames),"") -> HOME
A38: CDBG-DR | B38: 1 | C38: =IF(B38<>1,"",SUM(B$35:B38)) -> 4 | D38: 4 | F38: =IF(COUNTA($A$35:$A38)<=MAX(DS_DevExpProgs_Sequence)=TRUE,LOOKUP(COUNTA($A$35:$A38),DS_DevExpProgs_Sequence,DS_DevExpProgs_DataNames),"") -> CDBG-DR
A39: NHTF | B39: 1 | C39: =IF(B39<>1,"",SUM(B$35:B39)) -> 5 | D39: 5 | F39: =IF(COUNTA($A$35:$A39)<=MAX(DS_DevExpProgs_Sequence)=TRUE,LOOKUP(COUNTA($A$35:$A39),DS_DevExpProgs_Sequence,DS_DevExpProgs_DataNames),"") -> NHTF
A40: HUD First Mortgage | B40: 1 | C40: =IF(B40<>1,"",SUM(B$35:B40)) -> 6 | D40: 6 | F40: =IF(COUNTA($A$35:$A40)<=MAX(DS_DevExpProgs_Sequence)=TRUE,LOOKUP(COUNTA($A$35:$A40),DS_DevExpProgs_Sequence,DS_DevExpProgs_DataNames),"") -> HUD First Mortgage
A41: Exchange | C41: =IF(B41<>1,"",SUM(B$35:B41)) | D41: 7 | F41: =IF(COUNTA($A$35:$A41)<=MAX(DS_DevExpProgs_Sequence)=TRUE,LOOKUP(COUNTA($A$35:$A41),DS_DevExpProgs_Sequence,DS_DevExpProgs_DataNames),"") -> Grant
A42: TCAP | C42: =IF(B42<>1,"",SUM(B$35:B42)) | D42: 8 | F42: =IF(COUNTA($A$35:$A42)<=MAX(DS_DevExpProgs_Sequence)=TRUE,LOOKUP(COUNTA($A$35:$A42),DS_DevExpProgs_Sequence,DS_DevExpProgs_DataNames),"") -> RRLP
A43: FDIC | C43: =IF(B43<>1,"",SUM(B$35:B43)) | D43: 9 | F43: =IF(COUNTA($A$35:$A43)<=MAX(DS_DevExpProgs_Sequence)=TRUE,LOOKUP(COUNTA($A$35:$A43),DS_DevExpProgs_Sequence,DS_DevExpProgs_DataNames),"") -> Other
A44: FHLB | C44: =IF(B44<>1,"",SUM(B$35:B44)) | D44: 10 | F44: =IF(COUNTA($A$35:$A44)<=MAX(DS_DevExpProgs_Sequence)=TRUE,LOOKUP(COUNTA($A$35:$A44),DS_DevExpProgs_Sequence,DS_DevExpProgs_DataNames),"")
A45: AHP | C45: =IF(B45<>1,"",SUM(B$35:B45)) | D45: 11 | F45: =IF(COUNTA($A$35:$A45)<=MAX(DS_DevExpProgs_Sequence)=TRUE,LOOKUP(COUNTA($A$35:$A45),DS_DevExpProgs_Sequence,DS_DevExpProgs_DataNames),"")
A46: USDA RD 514/516 | C46: =IF(B46<>1,"",SUM(B$35:B46)) | D46: 12 | F46: =IF(COUNTA($A$35:$A46)<=MAX(DS_DevExpProgs_Sequence)=TRUE,LOOKUP(COUNTA($A$35:$A46),DS_DevExpProgs_Sequence,DS_DevExpProgs_DataNames),"")
A47: USDA RD 515 | C47: =IF(B47<>1,"",SUM(B$35:B47)) | D47: 13 | F47: =IF(COUNTA($A$35:$A47)<=MAX(DS_DevExpProgs_Sequence)=TRUE,LOOKUP(COUNTA($A$35:$A47),DS_DevExpProgs_Sequence,DS_DevExpProgs_DataNames),"")
A48: USDA RD 538 | C48: =IF(B48<>1,"",SUM(B$35:B48)) | D48: 14 | F48: =IF(COUNTA($A$35:$A48)<=MAX(DS_DevExpProgs_Sequence)=TRUE,LOOKUP(COUNTA($A$35:$A48),DS_DevExpProgs_Sequence,DS_DevExpProgs_DataNames),"")
A49: CWHIP | C49: =IF(B49<>1,"",SUM(B$35:B49)) | D49: 15 | F49: =IF(COUNTA($A$35:$A49)<=MAX(DS_DevExpProgs_Sequence)=TRUE,LOOKUP(COUNTA($A$35:$A49),DS_DevExpProgs_Sequence,DS_DevExpProgs_DataNames),"")
A50: CWHLP | C50: =IF(B50<>1,"",SUM(B$35:B50)) | D50: 16 | F50: =IF(COUNTA($A$35:$A50)<=MAX(DS_DevExpProgs_Sequence)=TRUE,LOOKUP(COUNTA($A$35:$A50),DS_DevExpProgs_Sequence,DS_DevExpProgs_DataNames),"")
A51: EHCL | C51: =IF(B51<>1,"",SUM(B$35:B51)) | D51: 17 | F51: =IF(COUNTA($A$35:$A51)<=MAX(DS_DevExpProgs_Sequence)=TRUE,LOOKUP(COUNTA($A$35:$A51),DS_DevExpProgs_Sequence,DS_DevExpProgs_DataNames),"")
A52: ELI | C52: =IF(B52<>1,"",SUM(B$35:B52)) | D52: 18 | F52: =IF(COUNTA($A$35:$A52)<=MAX(DS_DevExpProgs_Sequence)=TRUE,LOOKUP(COUNTA($A$35:$A52),DS_DevExpProgs_Sequence,DS_DevExpProgs_DataNames),"")
A53: FAF | C53: =IF(B53<>1,"",SUM(B$35:B53)) | D53: 19 | F53: =IF(COUNTA($A$35:$A53)<=MAX(DS_DevExpProgs_Sequence)=TRUE,LOOKUP(COUNTA($A$35:$A53),DS_DevExpProgs_Sequence,DS_DevExpProgs_DataNames),"")
A54: Grant | B54: 1 | C54: =IF(B54<>1,"",SUM(B$35:B54)) -> 7 | D54: 20 | F54: =IF(COUNTA($A$35:$A54)<=MAX(DS_DevExpProgs_Sequence)=TRUE,LOOKUP(COUNTA($A$35:$A54),DS_DevExpProgs_Sequence,DS_DevExpProgs_DataNames),"")
A55: HHRP | C55: =IF(B55<>1,"",SUM(B$35:B55)) | D55: 21 | F55: =IF(COUNTA($A$35:$A55)<=MAX(DS_DevExpProgs_Sequence)=TRUE,LOOKUP(COUNTA($A$35:$A55),DS_DevExpProgs_Sequence,DS_DevExpProgs_DataNames),"")
A56: Legislative Appropriation | C56: =IF(B56<>1,"",SUM(B$35:B56)) | D56: 22 | F56: =IF(COUNTA($A$35:$A56)<=MAX(DS_DevExpProgs_Sequence)=TRUE,LOOKUP(COUNTA($A$35:$A56),DS_DevExpProgs_Sequence,DS_DevExpProgs_DataNames),"")
A57: PLP | C57: =IF(B57<>1,"",SUM(B$35:B57)) | D57: 23 | F57: =IF(COUNTA($A$35:$A57)<=MAX(DS_DevExpProgs_Sequence)=TRUE,LOOKUP(COUNTA($A$35:$A57),DS_DevExpProgs_Sequence,DS_DevExpProgs_DataNames),"")
A58: RRLP | B58: 1 | C58: =IF(B58<>1,"",SUM(B$35:B58)) -> 8 | D58: 24 | F58: =IF(COUNTA($A$35:$A58)<=MAX(DS_DevExpProgs_Sequence)=TRUE,LOOKUP(COUNTA($A$35:$A58),DS_DevExpProgs_Sequence,DS_DevExpProgs_DataNames),"")
A59: SAIL | C59: =IF(B59<>1,"",SUM(B$35:B59)) | D59: 25 | F59: =IF(COUNTA($A$35:$A59)<=MAX(DS_DevExpProgs_Sequence)=TRUE,LOOKUP(COUNTA($A$35:$A59),DS_DevExpProgs_Sequence,DS_DevExpProgs_DataNames),"")
A60: SB 1852 NMS | C60: =IF(B60<>1,"",SUM(B$35:B60)) | D60: 26 | F60: =IF(COUNTA($A$35:$A60)<=MAX(DS_DevExpProgs_Sequence)=TRUE,LOOKUP(COUNTA($A$35:$A60),DS_DevExpProgs_Sequence,DS_DevExpProgs_DataNames),"")
A61: SHADP | C61: =IF(B61<>1,"",SUM(B$35:B61)) | D61: 27 | F61: =IF(COUNTA($A$35:$A61)<=MAX(DS_DevExpProgs_Sequence)=TRUE,LOOKUP(COUNTA($A$35:$A61),DS_DevExpProgs_Sequence,DS_DevExpProgs_DataNames),"")
A62: SHIP | C62: =IF(B62<>1,"",SUM(B$35:B62)) | D62: 28 | F62: =IF(COUNTA($A$35:$A62)<=MAX(DS_DevExpProgs_Sequence)=TRUE,LOOKUP(COUNTA($A$35:$A62),DS_DevExpProgs_Sequence,DS_DevExpProgs_DataNames),"")
A63: Surtax | C63: =IF(B63<>1,"",SUM(B$35:B63)) | D63: 29 | F63: =IF(COUNTA($A$35:$A63)<=MAX(DS_DevExpProgs_Sequence)=TRUE,LOOKUP(COUNTA($A$35:$A63),DS_DevExpProgs_Sequence,DS_DevExpProgs_DataNames),"")
A64: Workforce | C64: =IF(B64<>1,"",SUM(B$35:B64)) | D64: 30 | F64: =IF(COUNTA($A$35:$A64)<=MAX(DS_DevExpProgs_Sequence)=TRUE,LOOKUP(COUNTA($A$35:$A64),DS_DevExpProgs_Sequence,DS_DevExpProgs_DataNames),"")
A65: Other | B65: 1 | C65: =IF(B65<>1,"",SUM(B$35:B65)) -> 9 | D65: 31 | F65: =IF(COUNTA($A$35:$A65)<=MAX(DS_DevExpProgs_Sequence)=TRUE,LOOKUP(COUNTA($A$35:$A65),DS_DevExpProgs_Sequence,DS_DevExpProgs_DataNames),"")
A66: Required Davis-Bacon | C66: =IF(B66<>1,"",SUM(B$35:B66)) | D66: 32 | F66: =IF(COUNTA($A$35:$A66)<=MAX(DS_DevExpProgs_Sequence)=TRUE,LOOKUP(COUNTA($A$35:$A66),DS_DevExpProgs_Sequence,DS_DevExpProgs_DataNames),"")
A68: Developer Experience Variables | E68: 4.A.3.b.(3)(a) | F68: <select one>
A69: # of affordable housing developments to list | E69: 1 | F69: Percentage
A70: Initial Date for Developer Experience | E70: 37257 | F70: Number
A71: # of Developments to meet Initial Date Requirement | E71: 1
A72: Funding Program Requirement | E72: <select one>
A73: # of Developments to meet minimum Program Requirement | E73: 1
A74: Minimum total number of units %, or | E74: 0.5
A75: Minimum total number of units # | E75: 12
A76: Is minimum % or minimum # used in RFA? | E76: Percentage
A77: # of Developments to meet minimum units | E77: 1
A79: All Inclusive List - Priority (Priority) | B79: In RFA? | C79: Sequence | D79: Sort | E79: 4.A.3.c.(3) | F79: <select one>
A80: Priority I | B80: 1 | C80: =IF(B80<>1,"",SUM(B$80:B80)) -> 1 | D80: 1 | F80: =IF(COUNTA($A$80:$A80)<=MAX(DS_Priority_Sequence)=TRUE,LOOKUP(COUNTA($A$80:$A80),DS_Priority_Sequence,DS_Priority_DataNames),"") -> Priority I
A81: Priority II | B81: 1 | C81: =IF(B81<>1,"",SUM(B$80:B81)) -> 2 | D81: 2 | F81: =IF(COUNTA($A$80:$A81)<=MAX(DS_Priority_Sequence)=TRUE,LOOKUP(COUNTA($A$80:$A81),DS_Priority_Sequence,DS_Priority_DataNames),"") -> Priority II
A83: All Inclusive List - States (States) | B83: In RFA? | C83: Sequence | D83: Sort | E83: 4.A.3.d. & e. | F83: <select one>
A84: AK | B84: 1 | C84: =IF(B84<>1,"",SUM(B$84:B84)) -> 1 | D84: 1 | F84: =IF(COUNTA($A$84:$A84)<=MAX(DS_States_Sequence)=TRUE,LOOKUP(COUNTA($A$84:$A84),DS_States_Sequence,DS_States_DataNames),"") -> AK
A85: AL | B85: 1 | C85: =IF(B85<>1,"",SUM(B$84:B85)) -> 2 | D85: 2 | F85: =IF(COUNTA($A$84:$A85)<=MAX(DS_States_Sequence)=TRUE,LOOKUP(COUNTA($A$84:$A85),DS_States_Sequence,DS_States_DataNames),"") -> AL
A86: AR | B86: 1 | C86: =IF(B86<>1,"",SUM(B$84:B86)) -> 3 | D86: 3 | F86: =IF(COUNTA($A$84:$A86)<=MAX(DS_States_Sequence)=TRUE,LOOKUP(COUNTA($A$84:$A86),DS_States_Sequence,DS_States_DataNames),"") -> AR
A87: AZ | B87: 1 | C87: =IF(B87<>1,"",SUM(B$84:B87)) -> 4 | D87: 4 | F87: =IF(COUNTA($A$84:$A87)<=MAX(DS_States_Sequence)=TRUE,LOOKUP(COUNTA($A$84:$A87),DS_States_Sequence,DS_States_DataNames),"") -> AZ
A88: CA | B88: 1 | C88: =IF(B88<>1,"",SUM(B$84:B88)) -> 5 | D88: 5 | F88: =IF(COUNTA($A$84:$A88)<=MAX(DS_States_Sequence)=TRUE,LOOKUP(COUNTA($A$84:$A88),DS_States_Sequence,DS_States_DataNames),"") -> CA
A89: CO | B89: 1 | C89: =IF(B89<>1,"",SUM(B$84:B89)) -> 6 | D89: 6 | F89: =IF(COUNTA($A$84:$A89)<=MAX(DS_States_Sequence)=TRUE,LOOKUP(COUNTA($A$84:$A89),DS_States_Sequence,DS_States_DataNames),"") -> CO
A90: CT | B90: 1 | C90: =IF(B90<>1,"",SUM(B$84:B90)) -> 7 | D90: 7 | F90: =IF(COUNTA($A$84:$A90)<=MAX(DS_States_Sequence)=TRUE,LOOKUP(COUNTA($A$84:$A90),DS_States_Sequence,DS_States_DataNames),"") -> CT
A91: DC | B91: 1 | C91: =IF(B91<>1,"",SUM(B$84:B91)) -> 8 | D91: 8 | F91: =IF(COUNTA($A$84:$A91)<=MAX(DS_States_Sequence)=TRUE,LOOKUP(COUNTA($A$84:$A91),DS_States_Sequence,DS_States_DataNames),"") -> DC
A92: DE | B92: 1 | C92: =IF(B92<>1,"",SUM(B$84:B92)) -> 9 | D92: 9 | F92: =IF(COUNTA($A$84:$A92)<=MAX(DS_States_Sequence)=TRUE,LOOKUP(COUNTA($A$84:$A92),DS_States_Sequence,DS_States_DataNames),"") -> DE
A93: FL | B93: 1 | C93: =IF(B93<>1,"",SUM(B$84:B93)) -> 10 | D93: 10 | F93: =IF(COUNTA($A$84:$A93)<=MAX(DS_States_Sequence)=TRUE,LOOKUP(COUNTA($A$84:$A93),DS_States_Sequence,DS_States_DataNames),"") -> FL
A94: GA | B94: 1 | C94: =IF(B94<>1,"",SUM(B$84:B94)) -> 11 | D94: 11 | F94: =IF(COUNTA($A$84:$A94)<=MAX(DS_States_Sequence)=TRUE,LOOKUP(COUNTA($A$84:$A94),DS_States_Sequence,DS_States_DataNames),"") -> GA
A95: HI | B95: 1 | C95: =IF(B95<>1,"",SUM(B$84:B95)) -> 12 | D95: 12 | F95: =IF(COUNTA($A$84:$A95)<=MAX(DS_States_Sequence)=TRUE,LOOKUP(COUNTA($A$84:$A95),DS_States_Sequence,DS_States_DataNames),"") -> HI
... A134: WY | B134: 1 | C134: =IF(B134<>1,"",SUM(B$84:B134)) -> 51 | D134: 51 | F134: =IF(COUNTA($A$84:$A134)<=MAX(DS_States_Sequence)=TRUE,LOOKUP(COUNTA($A$84:$A134),DS_States_Sequence,DS_States_DataNames),"") -> WY
A136: Management Experience Variables | E136: 4.A.3.d.(2) | F136: <select one>
A137: # of affordable housing developments to list | E137: 0 | F137: Currently Managing
A138: Minimum total number of units % | E138: 0.5 | F138: Formerly Managed
A139: Min # of Years each | E139: 2
A141: Contact Names | E141: 4.A.3.e.
A142: Authorized Principal Representative contact information | F142: =IF(Authorized_Contact_Middle_Initial<>"",CONCATENATE(Authorized_Contact_First_Name," ",Authorized_Contact_Middle_Initial," ",Authorized_Contact_Last_Name),CONCATENATE(Authorized_Contact_First_Name," ",Authorized_Contact_Last_Name))
A143: Operational Contact Person Information | F143: {=IF(Operational_Contact_Middle_Initial<>"",CONCATENATE(Operational_Contact_First_Name," ",Operational_Contact_Middle_Initial," ",Operational_Contact_Last_Name),CONCATENATE(Operational_Contact_First_Name," ",Operational_Contact_Last_Name))}
A145: All Inclusive List - Development Category (DevCat) | B145: In RFA? | C145: Sequence | D145: Sort | E145: 4.A.4.b.(1) | F145: <select one>
A146: New Construction | B146: 1 | C146: =IF(B146<>1,"",SUM(B$146:B146)) -> 1 | D146: 1 | F146: =IF(COUNTA($A$146:$A146)<=MAX(DS_DevCat_Sequence)=TRUE,LOOKUP(COUNTA($A$146:$A146),DS_DevCat_Sequence,DS_DevCat_DataNames),"") -> New Construction
...

Sheet Data2
A1: Development Finance Data Tab:
A3: Automating Funding Tab to Pro Forma Tab
B4: FHFC Sources | D4: Original Request Amounts | G4: Max Rqst Amts | I4: Adjusted Request Amounts
A5: =IF(B5="Workforce",1,IF(B5="SAIL",2,IF(B5="ELI",3,IF(B5="HOME",4,IF(B5="HOME-ARP",5,IF(B5="Grant",6,IF(B5="NHTF",7,IF(B5="TBD",8,"")))))))) | B5: =IF(N(Workforce_Request_Amount)>0,"Workforce",IF(N(SAIL_Request_Amount)>0,"SAIL",IF(N(ELI_Request_Amount)>0,"ELI",IF(N(HOME_Request_Amount)>0,"HOME",IF(N(ARP_Request_Amount)>0,"HOME-ARP",IF(N(Grant_Request_Amount)>0,"Grant",IF(N(NHTF_Request_Amount)>0,"NHTF",IF(N(TBD_Request_Amount)>0,"TBD","")))))))) | D5: =CHOOSE(N(A5)+1,"",Workforce_Request_Amount,SAIL_Request_Amount,ELI_Request_Amount,HOME_Request_Amount,ARP_Request_Amount,Grant_Request_Amount,NHTF_Request_Amount,TBD_Request_Amount,"") | F5: =CHOOSE(N(A5)+1,"Enter request on Funding Tab","FHFC - Workforce","FHFC - SAIL","FHFC - SAIL ELI","FHFC - HOME","FHFC - HOME-ARP","FHFC - Grant","FHFC - NHTF","FHFC - TBD","") -> Enter request on Funding Tab | G5: =CHOOSE(N(A5)+1,"",Max_Workforce,Max_SAIL,Max_ELI,Max_HOME,Max_ARP,Max_Grant,Max_NHTF,Max_TBD,"") | I5: =IF(DS_FHFC_Source_1_Amt>DS_FHFC_Source_1_Max_Amt,"The "&TEXT(DS_FHFC_Source_1_Name,"0")&" request amount has been adjusted to the Maximum of "&TEXT(DS_FHFC_Source_1_Max_Amt,"$#,##0")&".","")
A6: =IF(B6="Workforce",1,IF(B6="SAIL",2,IF(B6="ELI",3,IF(B6="HOME",4,IF(B6="HOME-ARP",5,IF(B6="Grant",6,IF(B6="NHTF",7,IF(B6="TBD",8,"")))))))) | B6: =CHOOSE(N(A5)+1,"",IF(N(SAIL_Request_Amount)>0,"SAIL",IF(N(ELI_Request_Amount)>0,"ELI",IF(N(HOME_Request_Amount)>0,"HOME",IF(N(ARP_Request_Amount)>0,"HOME-ARP",IF(N(Grant_Request_Amount)>0,"Grant",IF(N(NHTF_Request_Amount)>0,"NHTF",IF(N(TBD_Request_Amount)>0,"TBD",""))))))),IF(N(ELI_Request_Amount)>0,"ELI",IF(N(HOME_Request_Amount)>0,"HOME",IF(N(ARP_Request_Amount)>0,"HOME-ARP",IF(N(Grant_Request_Amount)>0,"Grant",IF(N(NHTF_Request_Amount)>0,"NHTF",IF(N(TBD_Request_Amount)>0,"TBD","")))))),IF(N(HOME_Request_Amount)>0,"HOME",IF(N(ARP_Request_Amount)>0,"HOME-ARP",IF(N(Grant_Request_Amount)>0,"Grant",IF(N(NHTF_Request_Amount)>0,"NHTF",IF(N(TBD_Request_Amount)>0,"TBD",""))))),IF(N(ARP_Request_Amount)>0,"HOME-ARP",IF(N(Grant_Request_Amount)>0,"Grant",IF(N(NHTF_Request_Amount)>0,"NHTF",IF(N(TBD_Request_Amount)>0,"TBD","")))),IF(N(Grant_Request_Amount)>0,"Grant",IF(N(NHTF_Request_Amount)>0,"NHTF",IF(N(TBD_Request_Amount)>0,"TBD",""))),IF(N(NHTF_Request_Amount)>0,"NHTF",IF(N(TBD_Request_Amount)>0,"TBD","")),IF(N(TBD_Request_Amount)>0,"TBD",""),"") | D6: =CHOOSE(N(A6)+1,"",Workforce_Request_Amount,SAIL_Request_Amount,ELI_Request_Amount,HOME_Request_Amount,ARP_Request_Amount,Grant_Request_Amount,NHTF_Request_Amount,TBD_Request_Amount,"") | F6: =CHOOSE(N(A6)+1,"Enter request on Funding Tab","FHFC - Workforce","FHFC - SAIL","FHFC - SAIL ELI","FHFC - HOME","FHFC - HOME-ARP","FHFC - Grant","FHFC - NHTF","FHFC - TBD","") -> Enter request on Funding Tab | G6: =CHOOSE(N(A6)+1,"",Max_Workforce,Max_SAIL,Max_ELI,Max_HOME,Max_ARP,Max_Grant,Max_NHTF,Max_TBD,"") | I6: =IF(DS_FHFC_Source_2_Amt>DS_FHFC_Source_2_Max_Amt,"The "&TEXT(DS_FHFC_Source_2_Name,"0")&" request amount has been adjusted to the Maximum of "&TEXT(DS_FHFC_Source_2_Max_Amt,"$#,##0")&".","")
A7: =IF(B7="Workforce",1,IF(B7="SAIL",2,IF(B7="ELI",3,IF(B7="HOME",4,IF(B7="HOME-ARP",5,IF(B7="Grant",6,IF(B7="NHTF",7,IF(B7="TBD",8,"")))))))) | B7: =CHOOSE(N(A6)+1,"",IF(N(SAIL_Request_Amount)>0,"SAIL",IF(N(ELI_Request_Amount)>0,"ELI",IF(N(HOME_Request_Amount)>0,"HOME",IF(N(ARP_Request_Amount)>0,"HOME-ARP",IF(N(Grant_Request_Amount)>0,"Grant",IF(N(NHTF_Request_Amount)>0,"NHTF",IF(N(TBD_Request_Amount)>0,"TBD",""))))))),IF(N(ELI_Request_Amount)>0,"ELI",IF(N(HOME_Request_Amount)>0,"HOME",IF(N(ARP_Request_Amount)>0,"HOME-ARP",IF(N(Grant_Request_Amount)>0,"Grant",IF(N(NHTF_Request_Amount)>0,"NHTF",IF(N(TBD_Request_Amount)>0,"TBD","")))))),IF(N(HOME_Request_Amount)>0,"HOME",IF(N(ARP_Request_Amount)>0,"HOME-ARP",IF(N(Grant_Request_Amount)>0,"Grant",IF(N(NHTF_Request_Amount)>0,"NHTF",IF(N(TBD_Request_Amount)>0,"TBD",""))))),IF(N(ARP_Request_Amount)>0,"HOME-ARP",IF(N(Grant_Request_Amount)>0,"Grant",IF(N(NHTF_Request_Amount)>0,"NHTF",IF(N(TBD_Request_Amount)>0,"TBD","")))),IF(N(Grant_Request_Amount)>0,"Grant",IF(N(NHTF_Request_Amount)>0,"NHTF",IF(N(TBD_Request_Amount)>0,"TBD",""))),IF(N(NHTF_Request_Amount)>0,"NHTF",IF(N(TBD_Request_Amount)>0,"TBD","")),IF(N(TBD_Request_Amount)>0,"TBD",""),"") | D7: =CHOOSE(N(A7)+1,"",Workforce_Request_Amount,SAIL_Request_Amount,ELI_Request_Amount,HOME_Request_Amount,ARP_Request_Amount,Grant_Request_Amount,NHTF_Request_Amount,TBD_Request_Amount,"") | F7: =CHOOSE(N(A7)+1,"Enter request on Funding Tab","FHFC - Workforce","FHFC - SAIL","FHFC - SAIL ELI","FHFC - HOME","FHFC - HOME-ARP","FHFC - Grant","FHFC - NHTF","FHFC - TBD","") -> Enter request on Funding Tab | G7: =CHOOSE(N(A7)+1,"",Max_Workforce,Max_SAIL,Max_ELI,Max_HOME,Max_ARP,Max_Grant,Max_NHTF,Max_TBD,"") | I7: =IF(DS_FHFC_Source_3_Amt>DS_FHFC_Source_3_Max_Amt,"The "&TEXT(DS_FHFC_Source_3_Name,"0")&" request amount has been adjusted to the Maximum of "&TEXT(DS_FHFC_Source_3_Max_Amt,"$#,##0")&".","")
A8: =IF(B8="Workforce",1,IF(B8="SAIL",2,IF(B8="ELI",3,IF(B8="HOME",4,IF(B8="HOME-ARP",5,IF(B8="Grant",6,IF(B8="NHTF",7,IF(B8="TBD",8,"")))))))) | B8: =CHOOSE(N(A7)+1,"",IF(N(SAIL_Request_Amount)>0,"SAIL",IF(N(ELI_Request_Amount)>0,"ELI",IF(N(HOME_Request_Amount)>0,"HOME",IF(N(ARP_Request_Amount)>0,"HOME-ARP",IF(N(Grant_Request_Amount)>0,"Grant",IF(N(NHTF_Request_Amount)>0,"NHTF",IF(N(TBD_Request_Amount)>0,"TBD",""))))))),IF(N(ELI_Request_Amount)>0,"ELI",IF(N(HOME_Request_Amount)>0,"HOME",IF(N(ARP_Request_Amount)>0,"HOME-ARP",IF(N(Grant_Request_Amount)>0,"Grant",IF(N(NHTF_Request_Amount)>0,"NHTF",IF(N(TBD_Request_Amount)>0,"TBD","")))))),IF(N(HOME_Request_Amount)>0,"HOME",IF(N(ARP_Request_Amount)>0,"HOME-ARP",IF(N(Grant_Request_Amount)>0,"Grant",IF(N(NHTF_Request_Amount)>0,"NHTF",IF(N(TBD_Request_Amount)>0,"TBD",""))))),IF(N(ARP_Request_Amount)>0,"HOME-ARP",IF(N(Grant_Request_Amount)>0,"Grant",IF(N(NHTF_Request_Amount)>0,"NHTF",IF(N(TBD_Request_Amount)>0,"TBD","")))),IF(N(Grant_Request_Amount)>0,"Grant",IF(N(NHTF_Request_Amount)>0,"NHTF",IF(N(TBD_Request_Amount)>0,"TBD",""))),IF(N(NHTF_Request_Amount)>0,"NHTF",IF(N(TBD_Request_Amount)>0,"TBD","")),IF(N(TBD_Request_Amount)>0,"TBD",""),"") | D8: =CHOOSE(N(A8)+1,"",Workforce_Request_Amount,SAIL_Request_Amount,ELI_Request_Amount,HOME_Request_Amount,ARP_Request_Amount,Grant_Request_Amount,NHTF_Request_Amount,TBD_Request_Amount,"") | F8: =CHOOSE(N(A8)+1,"Enter request on Funding Tab","FHFC - Workforce","FHFC - SAIL","FHFC - SAIL ELI","FHFC - HOME","FHFC - HOME-ARP","FHFC - Grant","FHFC - NHTF","FHFC - TBD","") -> Enter request on Funding Tab | G8: =CHOOSE(N(A8)+1,"",Max_Workforce,Max_SAIL,Max_ELI,Max_HOME,Max_ARP,Max_Grant,Max_NHTF,Max_TBD,"") | I8: =IF(DS_FHFC_Source_4_Amt>DS_FHFC_Source_4_Max_Amt,"The "&TEXT(DS_FHFC_Source_4_Name,"0")&" request amount has been adjusted to the Maximum of "&TEXT(DS_FHFC_Source_4_Max_Amt,"$#,##0")&".","")
A22: 2022 ZCTAs | D22: 2022 Non-Metro DDA's | F22: 2022 QCT's | I22: 2022 Non-Metro QCT's | L22: GAO's effective 2/1/21 | O22: ="QCTs in "&County -> QCTs in <select one> | Q22: ="GAOs in "&County -> GAOs in <select one> | S22: County | T22: File # | U22: Development | V22: Latitude Coordinates (Decimal Degrees) | W22: Longitude Coordinates (Decimal Degrees) | X22: Demo | Y22: 30 units or less? | Z22: <select one> | AA22: Demographic | AB22: Latitude, Longitude Coordinates | AC22: Less than 31 units?
A23: 32605 | B23: Alachua | D23: Bradford | F23: 2 | G23: Alachua | I23: 1103 | J23: Columbia | L23: 5 | M23: Alachua | O23: {=IFERROR(IF(QCT_metro_or_nonmetro="Metro",INDEX($F$23:$F$748,SMALL(IF((County=$G$23:$G$748),MATCH(ROW($G$23:$G$748),ROW($G$23:$G$748)),""),ROWS($A$23:A23))),INDEX($I$23:$I$52,SMALL(IF((County=$J$23:$J$52),MATCH(ROW($J$23:$J$52),ROW($J$23:$J$52)),""),ROWS($A$23:A23)))),"")} | Q23: {=IFERROR(IF(Geo_Area_of_Opp_boost="Yes",INDEX($L$23:$L$2323,SMALL(IF((County=$M$23:$M$2323),MATCH(ROW($M$23:$M$2323),ROW($M$23:$M$2323)),""),ROWS($A$23:A23))),""),"")} | S23: Alachua | T23: 2020-304C | U23: Arbours at Merrillwood I | V23: 29.794628 | W23: -82.486897 | X23: E | Y23: N | Z23: =S23&" - "&U23 -> Alachua - Arbours at Merrillwood I | AA23: =IF(X23="F","Family",IF(X23="E","Elderly, Non-ALF",IF(X23="ALF","Elderly, Assisted Living Facility",IF(X23="W","Workforce","")))) -> Elderly, Non-ALF | AB23: ="("&V23&", "&W23&")" -> (29.794628, -82.486897) | AC23: =IF(Y23="N",">30",IF(Y23="Y","<31","")) -> >30
A24: 32606 | B24: Alachua | D24: Calhoun | F24: 8.06 | G24: Alachua | I24: 1104 | J24: Columbia | L24: 10 | M24: Alachua | O24: {=IFERROR(IF(QCT_metro_or_nonmetro="Metro",INDEX($F$23:$F$748,SMALL(IF((County=$G$23:$G$748),MATCH(ROW($G$23:$G$748),ROW($G$23:$G$748)),""),ROWS($A$23:A24))),INDEX($I$23:$I$52,SMALL(IF((County=$J$23:$J$52),MATCH(ROW($J$23:$J$52),ROW($J$23:$J$52)),""),ROWS($A$23:A24)))),"")} | Q24: {=IFERROR(IF(Geo_Area_of_Opp_boost="Yes",INDEX($L$23:$L$2323,SMALL(IF((County=$M$23:$M$2323),MATCH(ROW($M$23:$M$2323),ROW($M$23:$M$2323)),""),ROWS($A$23:A24))),""),"")} | S24: Alachua | T24: 2022-068C | U24: Dogwood Village | V24: 29.643354 | W24: -82.305537 | X24: F | Y24: N | Z24: =S24&" - "&U24 -> Alachua - Dogwood Village | AA24: =IF(X24="F","Family",IF(X24="E","Elderly, Non-ALF",IF(X24="ALF","Elderly, Assisted Living Facility",IF(X24="W","Workforce","")))) -> Family | AB24: ="("&V24&", "&W24&")" -> (29.643354, -82.305537) | AC24: =IF(Y24="N",">30",IF(Y24="Y","<31","")) -> >30
A25: 32403 | B25: Bay | D25: Columbia | F25: 9.01 | G25: Alachua | I25: 102 | J25: DeSoto | L25: 11 | M25: Alachua | O25: {=IFERROR(IF(QCT_metro_or_nonmetro="Metro",INDEX($F$23:$F$748,SMALL(IF((County=$G$23:$G$748),MATCH(ROW($G$23:$G$748),ROW($G$23:$G$748)),""),ROWS($A$23:A25))),INDEX($I$23:$I$52,SMALL(IF((County=$J$23:$J$52),MATCH(ROW($J$23:$J$52),ROW($J$23:$J$52)),""),ROWS($A$23:A25)))),"")} | Q25: {=IFERROR(IF(Geo_Area_of_Opp_boost="Yes",INDEX($L$23:$L$2323,SMALL(IF((County=$M$23:$M$2323),MATCH(ROW($M$23:$M$2323),ROW($M$23:$M$2323)),""),ROWS($A$23:A25))),""),"")} | S25: Alachua | T25: 2020-411BS | U25: Royal Park Apartments | V25: 29.655552 | W25: -82.381442 | X25: F | Y25: N | Z25: =S25&" - "&U25 -> Alachua - Royal Park Apartments | AA25: =IF(X25="F","Family",IF(X25="E","Elderly, Non-ALF",IF(X25="ALF","Elderly, Assisted Living Facility",IF(X25="W","Workforce","")))) -> Family | AB25: ="("&V25&", "&W25&")" -> (29.655552, -82.381442) | AC25: =IF(Y25="N",">30",IF(Y25="Y","<31","")) -> >30
A26: 32407 | B26: Bay | D26: DeSoto | F26: 15.14 | G26: Alachua | I26: 103.01 | J26: DeSoto | L26: 12.01 | M26: Alachua | O26: {=IFERROR(IF(QCT_metro_or_nonmetro="Metro",INDEX($F$23:$F$748,SMALL(IF((County=$G$23:$G$748),MATCH(ROW($G$23:$G$748),ROW($G$23:$G$748)),""),ROWS($A$23:A26))),INDEX($I$23:$I$52,SMALL(IF((County=$J$23:$J$52),MATCH(ROW($J$23:$J$52),ROW($J$23:$J$52)),""),ROWS($A$23:A26)))),"")} | Q26: {=IFERROR(IF(Geo_Area_of_Opp_boost="Yes",INDEX($L$23:$L$2323,SMALL(IF((County=$M$23:$M$2323),MATCH(ROW($M$23:$M$2323),ROW($M$23:$M$2323)),""),ROWS($A$23:A26))),""),"")} | S26: Baker | T26: 2022-244H | U26: Sandcastle Manor | V26: 30.25507 | W26: -82.1274 | X26: F | Y26: Y | Z26: =S26&" - "&U26 -> Baker - Sandcastle Manor | AA26: =IF(X26="F","Family",IF(X26="E","Elderly, Non-ALF",IF(X26="ALF","Elderly, Assisted Living Facility",IF(X26="W","Workforce","")))) -> Family | AB26: ="("&V26&", "&W26&")" -> (30.25507, -82.1274) | AC26: =IF(Y26="N",">30",IF(Y26="Y","<31","")) -> <31
A27: 32410 | B27: Bay | D27: Dixie | F27: 15.15 | G27: Alachua | I27: 103.02 | J27: DeSoto | L27: 12.02 | M27: Alachua | O27: {=IFERROR(IF(QCT_metro_or_nonmetro="Metro",INDEX($F$23:$F$748,SMALL(IF((County=$G$23:$G$748),MATCH(ROW($G$23:$G$748),ROW($G$23:$G$748)),""),ROWS($A$23:A27))),INDEX($I$23:$I$52,SMALL(IF((County=$J$23:$J$52),MATCH(ROW($J$23:$J$52),ROW($J$23:$J$52)),""),ROWS($A$23:A27)))),"")} | Q27: {=IFERROR(IF(Geo_Area_of_Opp_boost="Yes",INDEX($L$23:$L$2323,SMALL(IF((County=$M$23:$M$2323),MATCH(ROW($M$23:$M$2323),ROW($M$23:$M$2323)),""),ROWS($A$23:A27))),""),"")} | S27: Bay | T27: 2021-127C | U27: Fletcher Black II | V27: 30.167531 | W27: -85.671896 | X27: F | Y27: N | Z27: =S27&" - "&U27 -> Bay - Fletcher Black II | AA27: =IF(X27="F","Family",IF(X27="E","Elderly, Non-ALF",IF(X27="ALF","Elderly, Assisted Living Facility",IF(X27="W","Workforce","")))) -> Family | AB27: ="("&V27&", "&W27&")" -> (30.167531, -85.671896) | AC27: =IF(Y27="N",">30",IF(Y27="Y","<31","")) -> >30
A28: 32903 | B28: Brevard | D28: Franklin | F28: 15.16 | G28: Alachua | I28: 9602 | J28: Hamilton | L28: 12.03 | M28: Alachua | O28: {=IFERROR(IF(QCT_metro_or_nonmetro="Metro",INDEX($F$23:$F$748,SMALL(IF((County=$G$23:$G$748),MATCH(ROW($G$23:$G$748),ROW($G$23:$G$748)),""),ROWS($A$23:A28))),INDEX($I$23:$I$52,SMALL(IF((County=$J$23:$J$52),MATCH(ROW($J$23:$J$52),ROW($J$23:$J$52)),""),ROWS($A$23:A28)))),"")} | Q28: {=IFERROR(IF(Geo_Area_of_Opp_boost="Yes",INDEX($L$23:$L$2323,SMALL(IF((County=$M$23:$M$2323),MATCH(ROW($M$23:$M$2323),ROW($M$23:$M$2323)),""),ROWS($A$23:A28))),""),"")} | S28: Bay | T28: 2021-099C | U28: Southview Estates | V28: 30.163023 | W28: -85.610294 | X28: E | Y28: N | Z28: =S28&" - "&U28 -> Bay - Southview Estates | AA28: =IF(X28="F","Family",IF(X28="E","Elderly, Non-ALF",IF(X28="ALF","Elderly, Assisted Living Facility",IF(X28="W","Workforce","")))) -> Elderly, Non-ALF | AB28: ="("&V28&", "&W28&")" -> (30.163023, -85.610294) | AC28: =IF(Y28="N",">30",IF(Y28="Y","<31","")) -> >30
A29: 32904 | B29: Brevard | D29: Glades | F29: 15.17 | G29: Alachua | I29: 9603 | J29: Hamilton | L29: 15.14 | M29: Alachua | O29: {=IFERROR(IF(QCT_metro_or_nonmetro="Metro",INDEX($F$23:$F$748,SMALL(IF((County=$G$23:$G$748),MATCH(ROW($G$23:$G$748),ROW($G$23:$G$748)),""),ROWS($A$23:A29))),INDEX($I$23:$I$52,SMALL(IF((County=$J$23:$J$52),MATCH(ROW($J$23:$J$52),ROW($J$23:$J$52)),""),ROWS($A$23:A29)))),"")} | Q29: {=IFERROR(IF(Geo_Area_of_Opp_boost="Yes",INDEX($L$23:$L$2323,SMALL(IF((County=$M$23:$M$2323),MATCH(ROW($M$23:$M$2323),ROW($M$23:$M$2323)),""),ROWS($A$23:A29))),""),"")} | S29: Bradford | T29: 2021-284H | U29: Sandcastle Pines | V29: 29.949075 | W29: -82.120084 | X29: F | Y29: Y | Z29: =S29&" - "&U29 -> Bradford - Sandcastle Pines | AA29: =IF(X29="F","Family",IF(X29="E","Elderly, Non-ALF",IF(X29="ALF","Elderly, Assisted Living Facility",IF(X29="W","Workforce","")))) -> Family | AB29: ="("&V29&", "&W29&")" -> (29.949075, -82.120084) | AC29: =IF(Y29="N",">30",IF(Y29="Y","<31","")) -> <31
A30: 32908 | B30: Brevard | D30: Hamilton | F30: 15.19 | G30: Alachua | I30: 9701.02 | J30: Hardee | L30: 15.17 | M30: Alachua | O30: {=IFERROR(IF(QCT_metro_or_nonmetro="Metro",INDEX($F$23:$F$748,SMALL(IF((County=$G$23:$G$748),MATCH(ROW($G$23:$G$748),ROW($G$23:$G$748)),""),ROWS($A$23:A30))),INDEX($I$23:$I$52,SMALL(IF((County=$J$23:$J$52),MATCH(ROW($J$23:$J$52),ROW($J$23:$J$52)),""),ROWS($A$23:A30)))),"")} | Q30: {=IFERROR(IF(Geo_Area_of_Opp_boost="Yes",INDEX($L$23:$L$2323,SMALL(IF((County=$M$23:$M$2323),MATCH(ROW($M$23:$M$2323),ROW($M$23:$M$2323)),""),ROWS($A$23:A30))),""),"")} | S30: Bradford | T30: 2020-335C | U30: Weldon Crossings | V30: 29.953864 | W30: -82.11935 | X30: F | Y30: N | Z30: =S30&" - "&U30 -> Bradford - Weldon Crossings | AA30: =IF(X30="F","Family",IF(X30="E","Elderly, Non-ALF",IF(X30="ALF","Elderly, Assisted Living Facility",IF(X30="W","Workforce","")))) -> Family | AB30: ="("&V30&", "&W30&")" -> (29.953864, -82.11935) | AC30: =IF(Y30="N",">30",IF(Y30="Y","<31","")) -> >30
A31: 32925 | B31: Brevard | D31: Hardee | F31: 15.21 | G31: Alachua | I31: 9702.01 | J31: Hardee | L31: 16.03 | M31: Alachua | O31: {=IFERROR(IF(QCT_metro_or_nonmetro="Metro",INDEX($F$23:$F$748,SMALL(IF((County=$G$23:$G$748),MATCH(ROW($G$23:$G$748),ROW($G$23:$G$748)),""),ROWS($A$23:A31))),INDEX($I$23:$I$52,SMALL(IF((County=$J$23:$J$52),MATCH(ROW($J$23:$J$52),ROW($J$23:$J$52)),""),ROWS($A$23:A31)))),"")} | Q31: {=IFERROR(IF(Geo_Area_of_Opp_boost="Yes",INDEX($L$23:$L$2323,SMALL(IF((County=$M$23:$M$2323),MATCH(ROW($M$23:$M$2323),ROW($M$23:$M$2323)),""),ROWS($A$23:A31))),""),"")} | S31: Charlotte | T31: 2022-070C | U31: The Verandas of Punta Gorda III | V31: 26.917735 | W31: -82.042009 | X31: F | Y31: N | Z31: =S31&" - "&U31 -> Charlotte - The Verandas of Punta Gorda III | AA31: =IF(X31="F","Family",IF(X31="E","Elderly, Non-ALF",IF(X31="ALF","Elderly, Assisted Living Facility",IF(X31="W","Workforce","")))) -> Family | AB31: ="("&V31&", "&W31&")" -> (26.917735, -82.042009) | AC31: =IF(Y31="N",">30",IF(Y31="Y","<31","")) -> >30
A32: 32934 | B32: Brevard | D32: Hendry | F32: 16.03 | G32: Alachua | I32: 2 | J32: Hendry | L32: 16.04 | M32: Alachua | O32: {=IFERROR(IF(QCT_metro_or_nonmetro="Metro",INDEX($F$23:$F$748,SMALL(IF((County=$G$23:$G$748),MATCH(ROW($G$23:$G$748),ROW($G$23:$G$748)),""),ROWS($A$23:A32))),INDEX($I$23:$I$52,SMALL(IF((County=$J$23:$J$52),MATCH(ROW($J$23:$J$52),ROW($J$23:$J$52)),""),ROWS($A$23:A32)))),"")} | Q32: {=IFERROR(IF(Geo_Area_of_Opp_boost="Yes",INDEX($L$23:$L$2323,SMALL(IF((County=$M$23:$M$2323),MATCH(ROW($M$23:$M$2323),ROW($M$23:$M$2323)),""),ROWS($A$23:A32))),""),"")} | S32: Clay | T32: 2020-239C | U32: Bryce Landing | V32: 30.095058 | W32: -81.826986 | X32: F | Y32: N | Z32: =S32&" - "&U32 -> Clay - Bryce Landing | AA32: =IF(X32="F","Family",IF(X32="E","Elderly, Non-ALF",IF(X32="ALF","Elderly, Assisted Living Facility",IF(X32="W","Workforce","")))) -> Family | AB32: ="("&V32&", "&W32&")" -> (30.095058, -81.826986) | AC32: =IF(Y32="N",">30",IF(Y32="Y","<31","")) -> >30
A33: 32937 | B33: Brevard | D33: Holmes | F33: 16.04 | G33: Alachua | I33: 3 | J33: Hendry | L33: 17.01 | M33: Alachua | O33: {=IFERROR(IF(QCT_metro_or_nonmetro="Metro",INDEX($F$23:$F$748,SMALL(IF((County=$G$23:$G$748),MATCH(ROW($G$23:$G$748),ROW($G$23:$G$748)),""),ROWS($A$23:A33))),INDEX($I$23:$I$52,SMALL(IF((County=$J$23:$J$52),MATCH(ROW($J$23:$J$52),ROW($J$23:$J$52)),""),ROWS($A$23:A33)))),"")} | Q33: {=IFERROR(IF(Geo_Area_of_Opp_boost="Yes",INDEX($L$23:$L$2323,SMALL(IF((County=$M$23:$M$2323),MATCH(ROW($M$23:$M$2323),ROW($M$23:$M$2323)),""),ROWS($A$23:A33))),""),"")} | S33: Clay | T33: 2021-059C | U33: Molly Crossing | V33: 30.115016 | W33: -81.828085 | X33: E | Y33: N | Z33: =S33&" - "&U33 -> Clay - Molly Crossing | AA33: =IF(X33="F","Family",IF(X33="E","Elderly, Non-ALF",IF(X33="ALF","Elderly, Assisted Living Facility",IF(X33="W","Workforce","")))) -> Elderly, Non-ALF | AB33: ="("&V33&", "&W33&")" -> (30.115016, -81.828085) | AC33: =IF(Y33="N",">30",IF(Y33="Y","<31","")) -> >30
A34: 32940 | B34: Brevard | D34: Jackson | F34: 18.02 | G34: Alachua | I34: 6 | J34: Hendry | L34: 17.02 | M34: Alachua | O34: {=IFERROR(IF(QCT_metro_or_nonmetro="Metro",INDEX($F$23:$F$748,SMALL(IF((County=$G$23:$G$748),MATCH(ROW($G$23:$G$748),ROW($G$23:$G$748)),""),ROWS($A$23:A34))),INDEX($I$23:$I$52,SMALL(IF((County=$J$23:$J$52),MATCH(ROW($J$23:$J$52),ROW($J$23:$J$52)),""),ROWS($A$23:A34)))),"")} | Q34: {=IFERROR(IF(Geo_Area_of_Opp_boost="Yes",INDEX($L$23:$L$2323,SMALL(IF((County=$M$23:$M$2323),MATCH(ROW($M$23:$M$2323),ROW($M$23:$M$2323)),""),ROWS($A$23:A34))),""),"")} | S34: Clay | T34: 2021-258S | U34: Nathan Ridge | V34: 30.110381 | W34: -81.837506 | X34: F | Y34: N | Z34: =S34&" - "&U34 -> Clay - Nathan Ridge | AA34: =IF(X34="F","Family",IF(X34="E","Elderly, Non-ALF",IF(X34="ALF","Elderly, Assisted Living Facility",IF(X34="W","Workforce","")))) -> Family | AB34: ="("&V34&", "&W34&")" -> (30.110381, -81.837506) | AC34: =IF(Y34="N",">30",IF(Y34="Y","<31","")) -> >30
A35: 32951 | B35: Brevard | D35: Lafayette | F35: 19.02 | G35: Alachua | I35: 9604 | J35: Holmes | L35: 18.01 | M35: Alachua | O35: {=IFERROR(IF(QCT_metro_or_nonmetro="Metro",INDEX($F$23:$F$748,SMALL(IF((County=$G$23:$G$748),MATCH(ROW($G$23:$G$748),ROW($G$23:$G$748)),""),ROWS($A$23:A35))),INDEX($I$23:$I$52,SMALL(IF((County=$J$23:$J$52),MATCH(ROW($J$23:$J$52),ROW($J$23:$J$52)),""),ROWS($A$23:A35)))),"")} | Q35: {=IFERROR(IF(Geo_Area_of_Opp_boost="Yes",INDEX($L$23:$L$2323,SMALL(IF((County=$M$23:$M$2323),MATCH(ROW($M$23:$M$2323),ROW($M$23:$M$2323)),""),ROWS($A$23:A35))),""),"")} | S35: Collier | T35: 2020-385BSN | U35: Allegro at Hacienda Lakes, f/k/a Villa Verde | V35: 26.107664 | W35: -81.680556 | X35: E | Y35: N | Z35: =S35&" - "&U35 -> Collier - Allegro at Hacienda Lakes, f/k/a Villa Verde | AA35: =IF(X35="F","Family",IF(X35="E","Elderly, Non-ALF",IF(X35="ALF","Elderly, Assisted Living Facility",IF(X35="W","Workforce","")))) -> Elderly, Non-ALF | AB35: ="("&V35&", "&W35&")" -> (26.107664, -81.680556) | AC35: =IF(Y35="N",">30",IF(Y35="Y","<31","")) -> >30
A36: 32955 | B36: Brevard | D36: Levy | F36: 22.18 | G36: Alachua | I36: 2102 | J36: Jackson | L36: 18.05 | M36: Alachua | O36: {=IFERROR(IF(QCT_metro_or_nonmetro="Metro",INDEX($F$23:$F$748,SMALL(IF((County=$G$23:$G$748),MATCH(ROW($G$23:$G$748),ROW($G$23:$G$748)),""),ROWS($A$23:A36))),INDEX($I$23:$I$52,SMALL(IF((County=$J$23:$J$52),MATCH(ROW($J$23:$J$52),ROW($J$23:$J$52)),""),ROWS($A$23:A36)))),"")} | Q36: {=IFERROR(IF(Geo_Area_of_Opp_boost="Yes",INDEX($L$23:$L$2323,SMALL(IF((County=$M$23:$M$2323),MATCH(ROW($M$23:$M$2323),ROW($M$23:$M$2323)),""),ROWS($A$23:A36))),""),"")} | S36: Collier | T36: 2021-246BS | U36: Cadenza at Hacienda Lakes | V36: 26.109164 | W36: -81.680756 | X36: E | Y36: N | Z36: =S36&" - "&U36 -> Collier - Cadenza at Hacienda Lakes | AA36: =IF(X36="F","Family",IF(X36="E","Elderly, Non-ALF",IF(X36="ALF","Elderly, Assisted Living Facility",IF(X36="W","Workforce","")))) -> Elderly, Non-ALF | AB36: ="("&V36&", "&W36&")" -> (26.109164, -81.680756) | AC36: =IF(Y36="N",">30",IF(Y36="Y","<31","")) -> >30
A37: 33019 | B37: Broward | D37: Liberty | F37: 8.03 | G37: Bay | I37: 2106 | J37: Jackson | L37: 18.06 | M37: Alachua | O37: {=IFERROR(IF(QCT_metro_or_nonmetro="Metro",INDEX($F$23:$F$748,SMALL(IF((County=$G$23:$G$748),MATCH(ROW($G$23:$G$748),ROW($G$23:$G$748)),""),ROWS($A$23:A37))),INDEX($I$23:$I$52,SMALL(IF((County=$J$23:$J$52),MATCH(ROW($J$23:$J$52),ROW($J$23:$J$52)),""),ROWS($A$23:A37)))),"")} | Q37: {=IFERROR(IF(Geo_Area_of_Opp_boost="Yes",INDEX($L$23:$L$2323,SMALL(IF((County=$M$23:$M$2323),MATCH(ROW($M$23:$M$2323),ROW($M$23:$M$2323)),""),ROWS($A$23:A37))),""),"")} | S37: DeSoto | T37: 2022-046C | U37: Arcadia Landings | V37: 27.224609 | W37: -81.844 | X37: E | Y37: N | Z37: =S37&" - "&U37 -> DeSoto - Arcadia Landings | AA37: =IF(X37="F","Family",IF(X37="E","Elderly, Non-ALF",IF(X37="ALF","Elderly, Assisted Living Facility",IF(X37="W","Workforce","")))) -> Elderly, Non-ALF | AB37: ="("&V37&", "&W37&")" -> (27.224609, -81.844) | AC37: =IF(Y37="N",">30",IF(Y37="Y","<31","")) -> >30
A38: 33025 | B38: Broward | D38: Madison | F38: 10 | G38: Bay | I38: 9702 | J38: Levy | L38: 18.11 | M38: Alachua | O38: {=IFERROR(IF(QCT_metro_or_nonmetro="Metro",INDEX($F$23:$F$748,SMALL(IF((County=$G$23:$G$748),MATCH(ROW($G$23:$G$748),ROW($G$23:$G$748)),""),ROWS($A$23:A38))),INDEX($I$23:$I$52,SMALL(IF((County=$J$23:$J$52),MATCH(ROW($J$23:$J$52),ROW($J$23:$J$52)),""),ROWS($A$23:A38)))),"")} | Q38: {=IFERROR(IF(Geo_Area_of_Opp_boost="Yes",INDEX($L$23:$L$2323,SMALL(IF((County=$M$23:$M$2323),MATCH(ROW($M$23:$M$2323),ROW($M$23:$M$2323)),""),ROWS($A$23:A38))),""),"")} | S38: DeSoto | T38: 2021-077C | U38: Cypress Garden Apartments | V38: 27.214896 | W38: -81.846673 | X38: F | Y38: N | Z38: =S38&" - "&U38 -> DeSoto - Cypress Garden Apartments | AA38: =IF(X38="F","Family",IF(X38="E","Elderly, Non-ALF",IF(X38="ALF","Elderly, Assisted Living Facility",IF(X38="W","Workforce","")))) -> Family | AB38: ="("&V38&", "&W38&")" -> (27.214896, -81.846673) | AC38: =IF(Y38="N",">30",IF(Y38="Y","<31","")) -> >30
A39: 33026 | B39: Broward | D39: Monroe | F39: 11 | G39: Bay | I39: 9703.01 | J39: Levy | L39: 18.13 | M39: Alachua | O39: {=IFERROR(IF(QCT_metro_or_nonmetro="Metro",INDEX($F$23:$F$748,SMALL(IF((County=$G$23:$G$748),MATCH(ROW($G$23:$G$748),ROW($G$23:$G$748)),""),ROWS($A$23:A39))),INDEX($I$23:$I$52,SMALL(IF((County=$J$23:$J$52),MATCH(ROW($J$23:$J$52),ROW($J$23:$J$52)),""),ROWS($A$23:A39)))),"")} | Q39: {=IFERROR(IF(Geo_Area_of_Opp_boost="Yes",INDEX($L$23:$L$2323,SMALL(IF((County=$M$23:$M$2323),MATCH(ROW($M$23:$M$2323),ROW($M$23:$M$2323)),""),ROWS($A$23:A39))),""),"")} | S39: DeSoto | T39: 2021-285H | U39: Hermosa Arcadia | V39: 27.223428 | W39: -81.8415 | X39: F | Y39: Y | Z39: =S39&" - "&U39 -> DeSoto - Hermosa Arcadia | AA39: =IF(X39="F","Family",IF(X39="E","Elderly, Non-ALF",IF(X39="ALF","Elderly, Assisted Living Facility",IF(X39="W","Workforce","")))) -> Family | AB39: ="("&V39&", "&W39&")" -> (27.223428, -81.8415) | AC39: =IF(Y39="N",">30",IF(Y39="Y","<31","")) -> <31
A40: 33027 | B40: Broward | D40: Okeechobee | F40: 16 | G40: Bay | I40: 1102 | J40: Madison | L40: 18.14 | M40: Alachua | O40: {=IFERROR(IF(QCT_metro_or_nonmetro="Metro",INDEX($F$23:$F$748,SMALL(IF((County=$G$23:$G$748),MATCH(ROW($G$23:$G$748),ROW($G$23:$G$748)),""),ROWS($A$23:A40))),INDEX($I$23:$I$52,SMALL(IF((County=$J$23:$J$52),MATCH(ROW($J$23:$J$52),ROW($J$23:$J$52)),""),ROWS($A$23:A40)))),"")} | Q40: {=IFERROR(IF(Geo_Area_of_Opp_boost="Yes",INDEX($L$23:$L$2323,SMALL(IF((County=$M$23:$M$2323),MATCH(ROW($M$23:$M$2323),ROW($M$23:$M$2323)),""),ROWS($A$23:A40))),""),"")} | S40: DeSoto | T40: 2021-280H | U40: Meadow Park | V40: 27.212144 | W40: -81.8403 | X40: F | Y40: Y | Z40: =S40&" - "&U40 -> DeSoto - Meadow Park | AA40: =IF(X40="F","Family",IF(X40="E","Elderly, Non-ALF",IF(X40="ALF","Elderly, Assisted Living Facility",IF(X40="W","Workforce","")))) -> Family | AB40: ="("&V40&", "&W40&")" -> (27.212144, -81.8403) | AC40: =IF(Y40="N",">30",IF(Y40="Y","<31","")) -> <31
... A45: 33067 | B45: Broward | D45: Washington | F45: 604 | G45: Brevard | I45: 9508 | J45: Putnam | L45: 22.04 | M45: Alachua | O45: {=IFERROR(IF(QCT_metro_or_nonmetro="Metro",INDEX($F$23:$F$748,SMALL(IF((County=$G$23:$G$748),MATCH(ROW($G$23:$G$748),ROW($G$23:$G$748)),""),ROWS($A$23:A45))),INDEX($I$23:$I$52,SMALL(IF((County=$J$23:$J$52),MATCH(ROW($J$23:$J$52),ROW($J$23:$J$52)),""),ROWS($A$23:A45)))),"")} | Q45: {=IFERROR(IF(Geo_Area_of_Opp_boost="Yes",INDEX($L$23:$L$2323,SMALL(IF((County=$M$23:$M$2323),MATCH(ROW($M$23:$M$2323),ROW($M$23:$M$2323)),""),ROWS($A$23:A45))),""),"")} | S45: Hendry | T45: 2022-242H | U45: Pollywog Creek Mews | V45: 26.749832 | W45: -81.441801 | X45: F | Y45: Y | Z45: =S45&" - "&U45 -> Hendry - Pollywog Creek Mews | AA45: =IF(X45="F","Family",IF(X45="E","Elderly, Non-ALF",IF(X45="ALF","Elderly, Assisted Living Facility",IF(X45="W","Workforce","")))) -> Family | AB45: ="("&V45&", "&W45&")" -> (26.749832, -81.441801) | AC45: =IF(Y45="N",">30",IF(Y45="Y","<31","")) -> <31
A46: 33071 | B46: Broward | F46: 607 | G46: Brevard | I46: 9509 | J46: Putnam | L46: 22.05 | M46: Alachua | O46: {=IFERROR(IF(QCT_metro_or_nonmetro="Metro",INDEX($F$23:$F$748,SMALL(IF((County=$G$23:$G$748),MATCH(ROW($G$23:$G$748),ROW($G$23:$G$748)),""),ROWS($A$23:A46))),INDEX($I$23:$I$52,SMALL(IF((County=$J$23:$J$52),MATCH(ROW($J$23:$J$52),ROW($J$23:$J$52)),""),ROWS($A$23:A46)))),"")} | Q46: {=IFERROR(IF(Geo_Area_of_Opp_boost="Yes",INDEX($L$23:$L$2323,SMALL(IF((County=$M$23:$M$2323),MATCH(ROW($M$23:$M$2323),ROW($M$23:$M$2323)),""),ROWS($A$23:A46))),""),"")} | S46: Hernando | T46: 2020-301C | U46: Rochester Park | V46: 28.544394 | W46: -82.411113 | X46: E | Y46: N | Z46: =S46&" - "&U46 -> Hernando - Rochester Park | AA46: =IF(X46="F","Family",IF(X46="E","Elderly, Non-ALF",IF(X46="ALF","Elderly, Assisted Living Facility",IF(X46="W","Workforce","")))) -> Elderly, Non-ALF | AB46: ="("&V46&", "&W46&")" -> (28.544394, -82.411113) | AC46: =IF(Y46="N",">30",IF(Y46="Y","<31","")) -> >30
A47: 33073 | B47: Broward | D47: Yes/No Dropdown | F47: 610.02 | G47: Brevard | I47: 9512 | J47: Putnam | L47: 22.07 | M47: Alachua | O47: {=IFERROR(IF(QCT_metro_or_nonmetro="Metro",INDEX($F$23:$F$748,SMALL(IF((County=$G$23:$G$748),MATCH(ROW($G$23:$G$748),ROW($G$23:$G$748)),""),ROWS($A$23:A47))),INDEX($I$23:$I$52,SMALL(IF((County=$J$23:$J$52),MATCH(ROW($J$23:$J$52),ROW($J$23:$J$52)),""),ROWS($A$23:A47)))),"")} | Q47: {=IFERROR(IF(Geo_Area_of_Opp_boost="Yes",INDEX($L$23:$L$2323,SMALL(IF((County=$M$23:$M$2323),MATCH(ROW($M$23:$M$2323),ROW($M$23:$M$2323)),""),ROWS($A$23:A47))),""),"")} | S47: Indian River | T47: 2020-404S | U47: Orange Blossom Village | V47: 27.650489 | W47: -80.397828 | X47: E | Y47: N | Z47: =S47&" - "&U47 -> Indian River - Orange Blossom Village | AA47: =IF(X47="F","Family",IF(X47="E","Elderly, Non-ALF",IF(X47="ALF","Elderly, Assisted Living Facility",IF(X47="W","Workforce","")))) -> Elderly, Non-ALF | AB47: ="("&V47&", "&W47&")" -> (27.6504889, -80.3978278) | AC47: =IF(Y47="N",">30",IF(Y47="Y","<31","")) -> >30
A48: 33076 | B48: Broward | D48: <select from menu> | F48: 623.01 | G48: Brevard | I48: 9514.01 | J48: Putnam | L48: 22.08 | M48: Alachua | O48: {=IFERROR(IF(QCT_metro_or_nonmetro="Metro",INDEX($F$23:$F$748,SMALL(IF((County=$G$23:$G$748),MATCH(ROW($G$23:$G$748),ROW($G$23:$G$748)),""),ROWS($A$23:A48))),INDEX($I$23:$I$52,SMALL(IF((County=$J$23:$J$52),MATCH(ROW($J$23:$J$52),ROW($J$23:$J$52)),""),ROWS($A$23:A48)))),"")} | Q48: {=IFERROR(IF(Geo_Area_of_Opp_boost="Yes",INDEX($L$23:$L$2323,SMALL(IF((County=$M$23:$M$2323),MATCH(ROW($M$23:$M$2323),ROW($M$23:$M$2323)),""),ROWS($A$23:A48))),""),"")} | S48: Jackson | T48: 2021-281H | U48: Thomas Pines | V48: 30.761482 | W48: -85.229333 | X48: F | Y48: N | Z48: =S48&" - "&U48 -> Jackson - Thomas Pines | AA48: =IF(X48="F","Family",IF(X48="E","Elderly, Non-ALF",IF(X48="ALF","Elderly, Assisted Living Facility",IF(X48="W","Workforce","")))) -> Family | AB48: ="("&V48&", "&W48&")" -> (30.761482, -85.229333) | AC48: =IF(Y48="N",">30",IF(Y48="Y","<31","")) -> >30
A49: 33301 | B49: Broward | D49: Yes | F49: 623.02 | G49: Brevard | I49: 9503 | J49: Taylor | L49: 22.09 | M49: Alachua | O49: {=IFERROR(IF(QCT_metro_or_nonmetro="Metro",INDEX($F$23:$F$748,SMALL(IF((County=$G$23:$G$748),MATCH(ROW($G$23:$G$748),ROW($G$23:$G$748)),""),ROWS($A$23:A49))),INDEX($I$23:$I$52,SMALL(IF((County=$J$23:$J$52),MATCH(ROW($J$23:$J$52),ROW($J$23:$J$52)),""),ROWS($A$23:A49)))),"")} | Q49: {=IFERROR(IF(Geo_Area_of_Opp_boost="Yes",INDEX($L$23:$L$2323,SMALL(IF((County=$M$23:$M$2323),MATCH(ROW($M$23:$M$2323),ROW($M$23:$M$2323)),""),ROWS($A$23:A49))),""),"")} | S49: Jackson | T49: 2022-241H | U49: Tranquility at Hope School Phase II | V49: 30.709994 | W49: -85.190461 | X49: F | Y49: N | Z49: =S49&" - "&U49 -> Jackson - Tranquility at Hope School Phase II | AA49: =IF(X49="F","Family",IF(X49="E","Elderly, Non-ALF",IF(X49="ALF","Elderly, Assisted Living Facility",IF(X49="W","Workforce","")))) -> Family | AB49: ="("&V49&", "&W49&")" -> (30.709994, -85.190461) | AC49: =IF(Y49="N",">30",IF(Y49="Y","<31","")) -> >30
A50: 33308 | B50: Broward | D50: No | F50: 624 | G50: Brevard | I50: 9701.03 | J50: Washington | L50: 22.1 | M50: Alachua | O50: {=IFERROR(IF(QCT_metro_or_nonmetro="Metro",INDEX($F$23:$F$748,SMALL(IF((County=$G$23:$G$748),MATCH(ROW($G$23:$G$748),ROW($G$23:$G$748)),""),ROWS($A$23:A50))),INDEX($I$23:$I$52,SMALL(IF((County=$J$23:$J$52),MATCH(ROW($J$23:$J$52),ROW($J$23:$J$52)),""),ROWS($A$23:A50)))),"")} | Q50: {=IFERROR(IF(Geo_Area_of_Opp_boost="Yes",INDEX($L$23:$L$2323,SMALL(IF((County=$M$23:$M$2323),MATCH(ROW($M$23:$M$2323),ROW($M$23:$M$2323)),""),ROWS($A$23:A50))),""),"")} | S50: Lee | T50: 2022-023C | U50: Hibiscus Apartments Phase Two | V50: 26.649678 | W50: -81.813449 | X50: F | Y50: N | Z50: =S50&" - "&U50 -> Lee - Hibiscus Apartments Phase Two | AA50: =IF(X50="F","Family",IF(X50="E","Elderly, Non-ALF",IF(X50="ALF","Elderly, Assisted Living Facility",IF(X50="W","Workforce","")))) -> Family | AB50: ="("&V50&", "&W50&")" -> (26.649678, -81.813449) | AC50: =IF(Y50="N",">30",IF(Y50="Y","<31","")) -> >30
A51: 33321 | B51: Broward | F51: 625 | G51: Brevard | I51: 9702 | J51: Washington | L51: 22.19 | M51: Alachua | O51: {=IFERROR(IF(QCT_metro_or_nonmetro="Metro",INDEX($F$23:$F$748,SMALL(IF((County=$G$23:$G$748),MATCH(ROW($G$23:$G$748),ROW($G$23:$G$748)),""),ROWS($A$23:A51))),INDEX($I$23:$I$52,SMALL(IF((County=$J$23:$J$52),MATCH(ROW($J$23:$J$52),ROW($J$23:$J$52)),""),ROWS($A$23:A51)))),"")} | Q51: {=IFERROR(IF(Geo_Area_of_Opp_boost="Yes",INDEX($L$23:$L$2323,SMALL(IF((County=$M$23:$M$2323),MATCH(ROW($M$23:$M$2323),ROW($M$23:$M$2323)),""),ROWS($A$23:A51))),""),"")} | S51: Lee | T51: 2020-227C | U51: Madison Square | V51: 26.561 | W51: -81.956917 | X51: E | Y51: N | Z51: =S51&" - "&U51 -> Lee - Madison Square | AA51: =IF(X51="F","Family",IF(X51="E","Elderly, Non-ALF",IF(X51="ALF","Elderly, Assisted Living Facility",IF(X51="W","Workforce","")))) -> Elderly, Non-ALF | AB51: ="("&V51&", "&W51&")" -> (26.561, -81.956917) | AC51: =IF(Y51="N",">30",IF(Y51="Y","<31","")) -> >30
A52: 33322 | B52: Broward | D52: Yes/No/N/A Dropdown | F52: 626 | G52: Brevard | I52: 9703.02 | J52: Washington | L52: 401.01 | M52: Baker | O52: {=IFERROR(IF(QCT_metro_or_nonmetro="Metro",INDEX($F$23:$F$748,SMALL(IF((County=$G$23:$G$748),MATCH(ROW($G$23:$G$748),ROW($G$23:$G$748)),""),ROWS($A$23:A52))),INDEX($I$23:$I$52,SMALL(IF((County=$J$23:$J$52),MATCH(ROW($J$23:$J$52),ROW($J$23:$J$52)),""),ROWS($A$23:A52)))),"")} | Q52: {=IFERROR(IF(Geo_Area_of_Opp_boost="Yes",INDEX($L$23:$L$2323,SMALL(IF((County=$M$23:$M$2323),MATCH(ROW($M$23:$M$2323),ROW($M$23:$M$2323)),""),ROWS($A$23:A52))),""),"")} | S52: Lee | T52: 2021-222BS | U52: St. Peter Claver Place Phase I | V52: 26.651801 | W52: -81.832418 | X52: F | Y52: N | Z52: =S52&" - "&U52 -> Lee - St. Peter Claver Place Phase I | AA52: =IF(X52="F","Family",IF(X52="E","Elderly, Non-ALF",IF(X52="ALF","Elderly, Assisted Living Facility",IF(X52="W","Workforce","")))) -> Family | AB52: ="("&V52&", "&W52&")" -> (26.651801, -81.832418) | AC52: =IF(Y52="N",">30",IF(Y52="Y","<31","")) -> >30
A53: 33323 | B53: Broward | D53: <select from menu> | F53: 645 | G53: Brevard | L53: 401.02 | M53: Baker | O53: {=IFERROR(IF(QCT_metro_or_nonmetro="Metro",INDEX($F$23:$F$748,SMALL(IF((County=$G$23:$G$748),MATCH(ROW($G$23:$G$748),ROW($G$23:$G$748)),""),ROWS($A$23:A53))),INDEX($I$23:$I$52,SMALL(IF((County=$J$23:$J$52),MATCH(ROW($J$23:$J$52),ROW($J$23:$J$52)),""),ROWS($A$23:A53)))),"")} | Q53: {=IFERROR(IF(Geo_Area_of_Opp_boost="Yes",INDEX($L$23:$L$2323,SMALL(IF((County=$M$23:$M$2323),MATCH(ROW($M$23:$M$2323),ROW($M$23:$M$2323)),""),ROWS($A$23:A53))),""),"")} | S53: Leon | T53: 2022-006C | U53: Emery Cove | V53: 30.422655 | W53: -84.229338 | X53: F | Y53: N | Z53: =S53&" - "&U53 -> Leon - Emery Cove | AA53: =IF(X53="F","Family",IF(X53="E","Elderly, Non-ALF",IF(X53="ALF","Elderly, Assisted Living Facility",IF(X53="W","Workforce","")))) -> Family | AB53: ="("&V53&", "&W53&")" -> (30.422655, -84.229338) | AC53: =IF(Y53="N",">30",IF(Y53="Y","<31","")) -> >30
A54: 33324 | B54: Broward | D54: Yes | F54: 647 | G54: Brevard | I54: Metro/Non-Metro QCT Dropdown | L54: 2.01 | M54: Bay | O54: {=IFERROR(IF(QCT_metro_or_nonmetro="Metro",INDEX($F$23:$F$748,SMALL(IF((County=$G$23:$G$748),MATCH(ROW($G$23:$G$748),ROW($G$23:$G$748)),""),ROWS($A$23:A54))),INDEX($I$23:$I$52,SMALL(IF((County=$J$23:$J$52),MATCH(ROW($J$23:$J$52),ROW($J$23:$J$52)),""),ROWS($A$23:A54)))),"")} | Q54: {=IFERROR(IF(Geo_Area_of_Opp_boost="Yes",INDEX($L$23:$L$2323,SMALL(IF((County=$M$23:$M$2323),MATCH(ROW($M$23:$M$2323),ROW($M$23:$M$2323)),""),ROWS($A$23:A54))),""),"")} | S54: Leon | T54: 2020-390S | U54: Magnolia Family - sites 1-3 | V54: 30.413135 | W54: -84.269935 | X54: F | Y54: N | Z54: =S54&" - "&U54 -> Leon - Magnolia Family - sites 1-3 | AA54: =IF(X54="F","Family",IF(X54="E","Elderly, Non-ALF",IF(X54="ALF","Elderly, Assisted Living Facility",IF(X54="W","Workforce","")))) -> Family | AB54: ="("&V54&", "&W54&")" -> (30.413135, -84.269935) | AC54: =IF(Y54="N",">30",IF(Y54="Y","<31","")) -> >30
A55: 33325 | B55: Broward | D55: No | F55: 649.02 | G55: Brevard | I55: <select from menu> | L55: 5 | M55: Bay | O55: {=IFERROR(IF(QCT_metro_or_nonmetro="Metro",INDEX($F$23:$F$748,SMALL(IF((County=$G$23:$G$748),MATCH(ROW($G$23:$G$748),ROW($G$23:$G$748)),""),ROWS($A$23:A55))),INDEX($I$23:$I$52,SMALL(IF((County=$J$23:$J$52),MATCH(ROW($J$23:$J$52),ROW($J$23:$J$52)),""),ROWS($A$23:A55)))),"")} | Q55: {=IFERROR(IF(Geo_Area_of_Opp_boost="Yes",INDEX($L$23:$L$2323,SMALL(IF((County=$M$23:$M$2323),MATCH(ROW($M$23:$M$2323),ROW($M$23:$M$2323)),""),ROWS($A$23:A55))),""),"")} | S55: Leon | T55: 2021-104C | U55: Magnolia Family II | V55: 30.414907 | W55: -84.270418 | X55: F | Y55: N | Z55: =S55&" - "&U55 -> Leon - Magnolia Family II | AA55: =IF(X55="F","Family",IF(X55="E","Elderly, Non-ALF",IF(X55="ALF","Elderly, Assisted Living Facility",IF(X55="W","Workforce","")))) -> Family | AB55: ="("&V55&", "&W55&")" -> (30.414907, -84.270418) | AC55: =IF(Y55="N",">30",IF(Y55="Y","<31","")) -> >30
A56: 33326 | B56: Broward | D56: N/A | F56: 651.24 | G56: Brevard | I56: Metro | L56: 6 | M56: Bay | O56: {=IFERROR(IF(QCT_metro_or_nonmetro="Metro",INDEX($F$23:$F$748,SMALL(IF((County=$G$23:$G$748),MATCH(ROW($G$23:$G$748),ROW($G$23:$G$748)),""),ROWS($A$23:A56))),INDEX($I$23:$I$52,SMALL(IF((County=$J$23:$J$52),MATCH(ROW($J$23:$J$52),ROW($J$23:$J$52)),""),ROWS($A$23:A56)))),"")} | Q56: {=IFERROR(IF(Geo_Area_of_Opp_boost="Yes",INDEX($L$23:$L$2323,SMALL(IF((County=$M$23:$M$2323),MATCH(ROW($M$23:$M$2323),ROW($M$23:$M$2323)),""),ROWS($A$23:A56))),""),"")} | S56: Leon | T56: 2022-190S | U56: Ridge Road | V56: 30.396963 | W56: -84.292727 | X56: F | Y56: N | Z56: =S56&" - "&U56 -> Leon - Ridge Road | AA56: =IF(X56="F","Family",IF(X56="E","Elderly, Non-ALF",IF(X56="ALF","Elderly, Assisted Living Facility",IF(X56="W","Workforce","")))) -> Family | AB56: ="("&V56&", "&W56&")" -> (30.396963, -84.292727) | AC56: =IF(Y56="N",">30",IF(Y56="Y","<31","")) -> >30
A57: 33327 | B57: Broward | F57: 699.02 | G57: Brevard | I57: Non-Metro | L57: 7 | M57: Bay | O57: {=IFERROR(IF(QCT_metro_or_nonmetro="Metro",INDEX($F$23:$F$748,SMALL(IF((County=$G$23:$G$748),MATCH(ROW($G$23:$G$748),ROW($G$23:$G$748)),""),ROWS($A$23:A57))),INDEX($I$23:$I$52,SMALL(IF((County=$J$23:$J$52),MATCH(ROW($J$23:$J$52),ROW($J$23:$J$52)),""),ROWS($A$23:A57)))),"")} | Q57: {=IFERROR(IF(Geo_Area_of_Opp_boost="Yes",INDEX($L$23:$L$2323,SMALL(IF((County=$M$23:$M$2323),MATCH(ROW($M$23:$M$2323),ROW($M$23:$M$2323)),""),ROWS($A$23:A57))),""),"")} | S57: Liberty | T57: 2021-287H | U57: Liberty Crossings | V57: 30.431117 | W57: -84.981925 | X57: F | Y57: N | Z57: =S57&" - "&U57 -> Liberty - Liberty Crossings | AA57: =IF(X57="F","Family",IF(X57="E","Elderly, Non-ALF",IF(X57="ALF","Elderly, Assisted Living Facility",IF(X57="W","Workforce","")))) -> Family | AB57: ="("&V57&", "&W57&")" -> (30.431117, -84.981925) | AC57: =IF(Y57="N",">30",IF(Y57="Y","<31","")) -> >30
A58: 33328 | B58: Broward | D58: Geographic Areas of Opportunity/SADDA Goal - Family Demographic | F58: 103.07 | G58: Broward | L58: 8.04 | M58: Bay | O58: {=IFERROR(IF(QCT_metro_or_nonmetro="Metro",INDEX($F$23:$F$748,SMALL(IF((County=$G$23:$G$748),MATCH(ROW($G$23:$G$748),ROW($G$23:$G$748)),""),ROWS($A$23:A58))),INDEX($I$23:$I$52,SMALL(IF((County=$J$23:$J$52),MATCH(ROW($J$23:$J$52),ROW($J$23:$J$52)),""),ROWS($A$23:A58)))),"")} | Q58: {=IFERROR(IF(Geo_Area_of_Opp_boost="Yes",INDEX($L$23:$L$2323,SMALL(IF((County=$M$23:$M$2323),MATCH(ROW($M$23:$M$2323),ROW($M$23:$M$2323)),""),ROWS($A$23:A58))),""),"")} | S58: Manatee | T58: 2022-137BSN | U58: Astoria on 9th | V58: 27.479706 | W58: -82.571603 | X58: E | Y58: N | Z58: =S58&" - "&U58 -> Manatee - Astoria on 9th | AA58: =IF(X58="F","Family",IF(X58="E","Elderly, Non-ALF",IF(X58="ALF","Elderly, Assisted Living Facility",IF(X58="W","Workforce","")))) -> Elderly, Non-ALF | AB58: ="("&V58&", "&W58&")" -> (27.479706, -82.571603) | AC58: =IF(Y58="N",">30",IF(Y58="Y","<31","")) -> >30
A59: 33330 | B59: Broward | D59: <select from menu> | F59: 204.05 | G59: Broward | L59: 13.01 | M59: Bay | O59: {=IFERROR(IF(QCT_metro_or_nonmetro="Metro",INDEX($F$23:$F$748,SMALL(IF((County=$G$23:$G$748),MATCH(ROW($G$23:$G$748),ROW($G$23:$G$748)),""),ROWS($A$23:A59))),INDEX($I$23:$I$52,SMALL(IF((County=$J$23:$J$52),MATCH(ROW($J$23:$J$52),ROW($J$23:$J$52)),""),ROWS($A$23:A59)))),"")} | Q59: {=IFERROR(IF(Geo_Area_of_Opp_boost="Yes",INDEX($L$23:$L$2323,SMALL(IF((County=$M$23:$M$2323),MATCH(ROW($M$23:$M$2323),ROW($M$23:$M$2323)),""),ROWS($A$23:A59))),""),"")} | S59: Manatee | T59: 2020-384BS | U59: Parrish Oaks II | V59: 27.55845 | W59: -82.440642 | X59: F | Y59: N | Z59: =S59&" - "&U59 -> Manatee - Parrish Oaks II | AA59: =IF(X59="F","Family",IF(X59="E","Elderly, Non-ALF",IF(X59="ALF","Elderly, Assisted Living Facility",IF(X59="W","Workforce","")))) -> Family | AB59: ="("&V59&", "&W59&")" -> (27.55845, -82.440642) | AC59: =IF(Y59="N",">30",IF(Y59="Y","<31","")) -> >30
A60: 33331 | B60: Broward | D60: Located entirely in a GAO | F60: 204.12 | G60: Broward | L60: 14.02 | M60: Bay | O60: {=IFERROR(IF(QCT_metro_or_nonmetro="Metro",INDEX($F$23:$F$748,SMALL(IF((County=$G$23:$G$748),MATCH(ROW($G$23:$G$748),ROW($G$23:$G$748)),""),ROWS($A$23:A60))),INDEX($I$23:$I$52,SMALL(IF((County=$J$23:$J$52),MATCH(ROW($J$23:$J$52),ROW($J$23:$J$52)),""),ROWS($A$23:A60)))),"")} | Q60: {=IFERROR(IF(Geo_Area_of_Opp_boost="Yes",INDEX($L$23:$L$2323,SMALL(IF((County=$M$23:$M$2323),MATCH(ROW($M$23:$M$2323),ROW($M$23:$M$2323)),""),ROWS($A$23:A60))),""),"")} | S60: Manatee | T60: 2021-111C | U60: RIVERVIEW6 | V60: 27.493717 | W60: -82.570206 | X60: F | Y60: N | Z60: =S60&" - "&U60 -> Manatee - RIVERVIEW6 | AA60: =IF(X60="F","Family",IF(X60="E","Elderly, Non-ALF",IF(X60="ALF","Elderly, Assisted Living Facility",IF(X60="W","Workforce","")))) -> Family | AB60: ="("&V60&", "&W60&")" -> (27.493717, -82.570206) | AC60: =IF(Y60="N",">30",IF(Y60="Y","<31","")) -> >30
A61: 33332 | B61: Broward | D61: Located entirely in a SADDA | F61: 302.02 | G61: Broward | L61: 14.04 | M61: Bay | O61: {=IFERROR(IF(QCT_metro_or_nonmetro="Metro",INDEX($F$23:$F$748,SMALL(IF((County=$G$23:$G$748),MATCH(ROW($G$23:$G$748),ROW($G$23:$G$748)),""),ROWS($A$23:A61))),INDEX($I$23:$I$52,SMALL(IF((County=$J$23:$J$52),MATCH(ROW($J$23:$J$52),ROW($J$23:$J$52)),""),ROWS($A$23:A61)))),"")} | Q61: {=IFERROR(IF(Geo_Area_of_Opp_boost="Yes",INDEX($L$23:$L$2323,SMALL(IF((County=$M$23:$M$2323),MATCH(ROW($M$23:$M$2323),ROW($M$23:$M$2323)),""),ROWS($A$23:A61))),""),"")} | S61: Marion | T61: 2022-032C | U61: Madison Oaks West | V61: 29.221194 | W61: -82.162833 | X61: F | Y61: N | Z61: =S61&" - "&U61 -> Marion - Madison Oaks West | AA61: =IF(X61="F","Family",IF(X61="E","Elderly, Non-ALF",IF(X61="ALF","Elderly, Assisted Living Facility",IF(X61="W","Workforce","")))) -> Family | AB61: ="("&V61&", "&W61&")" -> (29.221194, -82.162833) | AC61: =IF(Y61="N",">30",IF(Y61="Y","<31","")) -> >30
A62: 33351 | B62: Broward | D62: Located entirely in a GAO & SADDA | F62: 303.01 | G62: Broward | L62: 15.01 | M62: Bay | O62: {=IFERROR(IF(QCT_metro_or_nonmetro="Metro",INDEX($F$23:$F$748,SMALL(IF((County=$G$23:$G$748),MATCH(ROW($G$23:$G$748),ROW($G$23:$G$748)),""),ROWS($A$23:A62))),INDEX($I$23:$I$52,SMALL(IF((County=$J$23:$J$52),MATCH(ROW($J$23:$J$52),ROW($J$23:$J$52)),""),ROWS($A$23:A62)))),"")} | Q62: {=IFERROR(IF(Geo_Area_of_Opp_boost="Yes",INDEX($L$23:$L$2323,SMALL(IF((County=$M$23:$M$2323),MATCH(ROW($M$23:$M$2323),ROW($M$23:$M$2323)),""),ROWS($A$23:A62))),""),"")} | S62: Monroe | T62: 2021-320CS | U62: Coco Vista - sites 1-2 | V62: 24.726161 | W62: -81.013914 | X62: W | Y62: N | Z62: =S62&" - "&U62 -> Monroe - Coco Vista - sites 1-2 | AA62: =IF(X62="F","Family",IF(X62="E","Elderly, Non-ALF",IF(X62="ALF","Elderly, Assisted Living Facility",IF(X62="W","Workforce","")))) -> Workforce | AB62: ="("&V62&", "&W62&")" -> (24.726161, -81.013914) | AC62: =IF(Y62="N",">30",IF(Y62="Y","<31","")) -> >30
A63: 33442 | B63: Broward | F63: 303.02 | G63: Broward | L63: 19 | M63: Bay | O63: {=IFERROR(IF(QCT_metro_or_nonmetro="Metro",INDEX($F$23:$F$748,SMALL(IF((County=$G$23:$G$748),MATCH(ROW($G$23:$G$748),ROW($G$23:$G$748)),""),ROWS($A$23:A63))),INDEX($I$23:$I$52,SMALL(IF((County=$J$23:$J$52),MATCH(ROW($J$23:$J$52),ROW($J$23:$J$52)),""),ROWS($A$23:A63)))),"")} | Q63: {=IFERROR(IF(Geo_Area_of_Opp_boost="Yes",INDEX($L$23:$L$2323,SMALL(IF((County=$M$23:$M$2323),MATCH(ROW($M$23:$M$2323),ROW($M$23:$M$2323)),""),ROWS($A$23:A63))),""),"")} | S63: Monroe | T63: 2022-265CS | U63: Lofts at Bahama Village | V63: 24.550029 | W63: -81.805184 | X63: W | Y63: N | Z63: =S63&" - "&U63 -> Monroe - Lofts at Bahama Village | AA63: =IF(X63="F","Family",IF(X63="E","Elderly, Non-ALF",IF(X63="ALF","Elderly, Assisted Living Facility",IF(X63="W","Workforce","")))) -> Workforce | AB63: ="("&V63&", "&W63&")" -> (24.550029, -81.805184) | AC63: =IF(Y63="N",">30",IF(Y63="Y","<31","")) -> >30
A64: 33946 | B64: Charlotte | D64: Demo Boost Dropdown | F64: 304.02 | G64: Broward | L64: 25 | M64: Bay | O64: {=IFERROR(IF(QCT_metro_or_nonmetro="Metro",INDEX($F$23:$F$748,SMALL(IF((County=$G$23:$G$748),MATCH(ROW($G$23:$G$748),ROW($G$23:$G$748)),""),ROWS($A$23:A64))),INDEX($I$23:$I$52,SMALL(IF((County=$J$23:$J$52),MATCH(ROW($J$23:$J$52),ROW($J$23:$J$52)),""),ROWS($A$23:A64)))),"")} | Q64: {=IFERROR(IF(Geo_Area_of_Opp_boost="Yes",INDEX($L$23:$L$2323,SMALL(IF((County=$M$23:$M$2323),MATCH(ROW($M$23:$M$2323),ROW($M$23:$M$2323)),""),ROWS($A$23:A64))),""),"")} | S64: Okaloosa | T64: 2021-130C | U64: Arbours at Crestview | V64: 30.739277 | W64: -86.556075 | X64: F | Y64: N | Z64: =S64&" - "&U64 -> Okaloosa - Arbours at Crestview | AA64: =IF(X64="F","Family",IF(X64="E","Elderly, Non-ALF",IF(X64="ALF","Elderly, Assisted Living Facility",IF(X64="W","Workforce","")))) -> Family | AB64: ="("&V64&", "&W64&")" -> (30.739277, -86.556075) | AC64: =IF(Y64="N",">30",IF(Y64="Y","<31","")) -> >30
A65: 33947 | B65: Charlotte | D65: Answer all HUD basis boost questions above | F65: 305 | G65: Broward | L65: 26.01 | M65: Bay | O65: {=IFERROR(IF(QCT_metro_or_nonmetro="Metro",INDEX($F$23:$F$748,SMALL(IF((County=$G$23:$G$748),MATCH(ROW($G$23:$G$748),ROW($G$23:$G$748)),""),ROWS($A$23:A65))),INDEX($I$23:$I$52,SMALL(IF((County=$J$23:$J$52),MATCH(ROW($J$23:$J$52),ROW($J$23:$J$52)),""),ROWS($A$23:A65)))),"")} | Q65: {=IFERROR(IF(Geo_Area_of_Opp_boost="Yes",INDEX($L$23:$L$2323,SMALL(IF((County=$M$23:$M$2323),MATCH(ROW($M$23:$M$2323),ROW($M$23:$M$2323)),""),ROWS($A$23:A65))),""),"")} | S65: Okaloosa | T65: 2022-146BSN | U65: Princeton Grove | V65: 30.742883 | W65: -86.556236 | X65: E | Y65: N | Z65: =S65&" - "&U65 -> Okaloosa - Princeton Grove | AA65: =IF(X65="F","Family",IF(X65="E","Elderly, Non-ALF",IF(X65="ALF","Elderly, Assisted Living Facility",IF(X65="W","Workforce","")))) -> Elderly, Non-ALF | AB65: ="("&V65&", "&W65&")" -> (30.742883, -86.556236) | AC65: =IF(Y65="N",">30",IF(Y65="Y","<31","")) -> >30
A66: 33954 | B66: Charlotte | D66: Yes | F66: 308.01 | G66: Broward | L66: 26.04 | M66: Bay | O66: {=IFERROR(IF(QCT_metro_or_nonmetro="Metro",INDEX($F$23:$F$748,SMALL(IF((County=$G$23:$G$748),MATCH(ROW($G$23:$G$748),ROW($G$23:$G$748)),""),ROWS($A$23:A66))),INDEX($I$23:$I$52,SMALL(IF((County=$J$23:$J$52),MATCH(ROW($J$23:$J$52),ROW($J$23:$J$52)),""),ROWS($A$23:A66)))),"")} | Q66: {=IFERROR(IF(Geo_Area_of_Opp_boost="Yes",INDEX($L$23:$L$2323,SMALL(IF((County=$M$23:$M$2323),MATCH(ROW($M$23:$M$2323),ROW($M$23:$M$2323)),""),ROWS($A$23:A66))),""),"")} | S66: Okaloosa | T66: 2020-250C | U66: Shoreline Villas | V66: 30.427481 | W66: -86.652214 | X66: E | Y66: N | Z66: =S66&" - "&U66 -> Okaloosa - Shoreline Villas | AA66: =IF(X66="F","Family",IF(X66="E","Elderly, Non-ALF",IF(X66="ALF","Elderly, Assisted Living Facility",IF(X66="W","Workforce","")))) -> Elderly, Non-ALF | AB66: ="("&V66&", "&W66&")" -> (30.427481, -86.652214) | AC66: =IF(Y66="N",">30",IF(Y66="Y","<31","")) -> >30
A67: 33955 | B67: Charlotte | D67: No | F67: 408.01 | G67: Broward | L67: 26.06 | M67: Bay | O67: {=IFERROR(IF(QCT_metro_or_nonmetro="Metro",INDEX($F$23:$F$748,SMALL(IF((County=$G$23:$G$748),MATCH(ROW($G$23:$G$748),ROW($G$23:$G$748)),""),ROWS($A$23:A67))),INDEX($I$23:$I$52,SMALL(IF((County=$J$23:$J$52),MATCH(ROW($J$23:$J$52),ROW($J$23:$J$52)),""),ROWS($A$23:A67)))),"")} | Q67: {=IFERROR(IF(Geo_Area_of_Opp_boost="Yes",INDEX($L$23:$L$2323,SMALL(IF((County=$M$23:$M$2323),MATCH(ROW($M$23:$M$2323),ROW($M$23:$M$2323)),""),ROWS($A$23:A67))),""),"")} | S67: Osceola | T67: 2022-186S | U67: Falcon Trace II | V67: 28.265356 | W67: -81.485287 | X67: F | Y67: N | Z67: =S67&" - "&U67 -> Osceola - Falcon Trace II | AA67: =IF(X67="F","Family",IF(X67="E","Elderly, Non-ALF",IF(X67="ALF","Elderly, Assisted Living Facility",IF(X67="W","Workforce","")))) -> Family | AB67: ="("&V67&", "&W67&")" -> (28.265356, -81.485287) | AC67: =IF(Y67="N",">30",IF(Y67="Y","<31","")) -> >30
A68: 33981 | B68: Charlotte | D68: N/A | F68: 409.01 | G68: Broward | L68: 26.07 | M68: Bay | O68: {=IFERROR(IF(QCT_metro_or_nonmetro="Metro",INDEX($F$23:$F$748,SMALL(IF((County=$G$23:$G$748),MATCH(ROW($G$23:$G$748),ROW($G$23:$G$748)),""),ROWS($A$23:A68))),INDEX($I$23:$I$52,SMALL(IF((County=$J$23:$J$52),MATCH(ROW($J$23:$J$52),ROW($J$23:$J$52)),""),ROWS($A$23:A68)))),"")} | Q68: {=IFERROR(IF(Geo_Area_of_Opp_boost="Yes",INDEX($L$23:$L$2323,SMALL(IF((County=$M$23:$M$2323),MATCH(ROW($M$23:$M$2323),ROW($M$23:$M$2323)),""),ROWS($A$23:A68))),""),"")} | S68: Osceola | T68: 2022-060C | U68: Madison Grove | V68: 28.229972 | W68: -81.307528 | X68: E | Y68: N | Z68: =S68&" - "&U68 -> Osceola - Madison Grove | AA68: =IF(X68="F","Family",IF(X68="E","Elderly, Non-ALF",IF(X68="ALF","Elderly, Assisted Living Facility",IF(X68="W","Workforce","")))) -> Elderly, Non-ALF | AB68: ="("&V68&", "&W68&")" -> (28.229972, -81.307528) | AC68: =IF(Y68="N",">30",IF(Y68="Y","<31","")) -> >30
A69: 34429 | B69: Citrus | F69: 409.02 | G69: Broward | L69: 26.08 | M69: Bay | O69: {=IFERROR(IF(QCT_metro_or_nonmetro="Metro",INDEX($F$23:$F$748,SMALL(IF((County=$G$23:$G$748),MATCH(ROW($G$23:$G$748),ROW($G$23:$G$748)),""),ROWS($A$23:A69))),INDEX($I$23:$I$52,SMALL(IF((County=$J$23:$J$52),MATCH(ROW($J$23:$J$52),ROW($J$23:$J$52)),""),ROWS($A$23:A69)))),"")} | Q69: {=IFERROR(IF(Geo_Area_of_Opp_boost="Yes",INDEX($L$23:$L$2323,SMALL(IF((County=$M$23:$M$2323),MATCH(ROW($M$23:$M$2323),ROW($M$23:$M$2323)),""),ROWS($A$23:A69))),""),"")} | S69: Osceola | T69: 2021-098C | U69: Pinnacle at the Wesleyan | V69: 28.308365 | W69: -81.448998 | X69: F | Y69: N | Z69: =S69&" - "&U69 -> Osceola - Pinnacle at the Wesleyan | AA69: =IF(X69="F","Family",IF(X69="E","Elderly, Non-ALF",IF(X69="ALF","Elderly, Assisted Living Facility",IF(X69="W","Workforce","")))) -> Family | AB69: ="("&V69&", "&W69&")" -> (28.308365, -81.448998) | AC69: =IF(Y69="N",">30",IF(Y69="Y","<31","")) -> >30
A70: 34434 | B70: Citrus | F70: 410 | G70: Broward | L70: 27.01 | M70: Bay | O70: {=IFERROR(IF(QCT_metro_or_nonmetro="Metro",INDEX($F$23:$F$748,SMALL(IF((County=$G$23:$G$748),MATCH(ROW($G$23:$G$748),ROW($G$23:$G$748)),""),ROWS($A$23:A70))),INDEX($I$23:$I$52,SMALL(IF((County=$J$23:$J$52),MATCH(ROW($J$23:$J$52),ROW($J$23:$J$52)),""),ROWS($A$23:A70)))),"")} | Q70: {=IFERROR(IF(Geo_Area_of_Opp_boost="Yes",INDEX($L$23:$L$2323,SMALL(IF((County=$M$23:$M$2323),MATCH(ROW($M$23:$M$2323),ROW($M$23:$M$2323)),""),ROWS($A$23:A70))),""),"")} | S70: Osceola | T70: 2021-206BS | U70: Rosewood Pointe | V70: 28.310184 | W70: -81.454539 | X70: F | Y70: N | Z70: =S70&" - "&U70 -> Osceola - Rosewood Pointe | AA70: =IF(X70="F","Family",IF(X70="E","Elderly, Non-ALF",IF(X70="ALF","Elderly, Assisted Living Facility",IF(X70="W","Workforce","")))) -> Family | AB70: ="("&V70&", "&W70&")" -> (28.310184, -81.454539) | AC70: =IF(Y70="N",">30",IF(Y70="Y","<31","")) -> >30
A71: 34446 | B71: Citrus | F71: 412 | G71: Broward | L71: 27.02 | M71: Bay | O71: {=IFERROR(IF(QCT_metro_or_nonmetro="Metro",INDEX($F$23:$F$748,SMALL(IF((County=$G$23:$G$748),MATCH(ROW($G$23:$G$748),ROW($G$23:$G$748)),""),ROWS($A$23:A71))),INDEX($I$23:$I$52,SMALL(IF((County=$J$23:$J$52),MATCH(ROW($J$23:$J$52),ROW($J$23:$J$52)),""),ROWS($A$23:A71)))),"")} | Q71: {=IFERROR(IF(Geo_Area_of_Opp_boost="Yes",INDEX($L$23:$L$2323,SMALL(IF((County=$M$23:$M$2323),MATCH(ROW($M$23:$M$2323),ROW($M$23:$M$2323)),""),ROWS($A$23:A71))),""),"")} | S71: Osceola | T71: 2021-110B | U71: The Salix on Vine | V71: 28.310379 | W71: -81.460538 | X71: F | Y71: N | Z71: =S71&" - "&U71 -> Osceola - The Salix on Vine | AA71: =IF(X71="F","Family",IF(X71="E","Elderly, Non-ALF",IF(X71="ALF","Elderly, Assisted Living Facility",IF(X71="W","Workforce","")))) -> Family | AB71: ="("&V71&", "&W71&")" -> (28.310379, -81.460538) | AC71: =IF(Y71="N",">30",IF(Y71="Y","<31","")) -> >30
A72: 34453 | B72: Citrus | F72: 413 | G72: Broward | L72: 27.03 | M72: Bay | O72: {=IFERROR(IF(QCT_metro_or_nonmetro="Metro",INDEX($F$23:$F$748,SMALL(IF((County=$G$23:$G$748),MATCH(ROW($G$23:$G$748),ROW($G$23:$G$748)),""),ROWS($A$23:A72))),INDEX($I$23:$I$52,SMALL(IF((County=$J$23:$J$52),MATCH(ROW($J$23:$J$52),ROW($J$23:$J$52)),""),ROWS($A$23:A72)))),"")} | Q72: {=IFERROR(IF(Geo_Area_of_Opp_boost="Yes",INDEX($L$23:$L$2323,SMALL(IF((County=$M$23:$M$2323),MATCH(ROW($M$23:$M$2323),ROW($M$23:$M$2323)),""),ROWS($A$23:A72))),""),"")} | S72: Pasco | T72: 2022-030C | U72: Oaks at Green Key Apartments | V72: 28.253897 | W72: -82.730421 | X72: F | Y72: N | Z72: =S72&" - "&U72 -> Pasco - Oaks at Green Key Apartments | AA72: =IF(X72="F","Family",IF(X72="E","Elderly, Non-ALF",IF(X72="ALF","Elderly, Assisted Living Facility",IF(X72="W","Workforce","")))) -> Family | AB72: ="("&V72&", "&W72&")" -> (28.253897, -82.730421) | AC72: =IF(Y72="N",">30",IF(Y72="Y","<31","")) -> >30
A73: 32003 | B73: Clay | F73: 414 | G73: Broward | L73: 27.04 | M73: Bay | O73: {=IFERROR(IF(QCT_metro_or_nonmetro="Metro",INDEX($F$23:$F$748,SMALL(IF((County=$G$23:$G$748),MATCH(ROW($G$23:$G$748),ROW($G$23:$G$748)),""),ROWS($A$23:A73))),INDEX($I$23:$I$52,SMALL(IF((County=$J$23:$J$52),MATCH(ROW($J$23:$J$52),ROW($J$23:$J$52)),""),ROWS($A$23:A73)))),"")} | Q73: {=IFERROR(IF(Geo_Area_of_Opp_boost="Yes",INDEX($L$23:$L$2323,SMALL(IF((County=$M$23:$M$2323),MATCH(ROW($M$23:$M$2323),ROW($M$23:$M$2323)),""),ROWS($A$23:A73))),""),"")} | S73: Pasco | T73: 2021-081C | U73: Tanager Square | V73: 28.215907 | W73: -82.679583 | X73: F | Y73: N | Z73: =S73&" - "&U73 -> Pasco - Tanager Square | AA73: =IF(X73="F","Family",IF(X73="E","Elderly, Non-ALF",IF(X73="ALF","Elderly, Assisted Living Facility",IF(X73="W","Workforce","")))) -> Family | AB73: ="("&V73&", "&W73&")" -> (28.215907, -82.679583) | AC73: =IF(Y73="N",">30",IF(Y73="Y","<31","")) -> >30
A74: 34103 | B74: Collier | F74: 415 | G74: Broward | L74: 27.05 | M74: Bay | O74: {=IFERROR(IF(QCT_metro_or_nonmetro="Metro",INDEX($F$23:$F$748,SMALL(IF((County=$G$23:$G$748),MATCH(ROW($G$23:$G$748),ROW($G$23:$G$748)),""),ROWS($A$23:A74))),INDEX($I$23:$I$52,SMALL(IF((County=$J$23:$J$52),MATCH(ROW($J$23:$J$52),ROW($J$23:$J$52)),""),ROWS($A$23:A74)))),"")} | Q74: {=IFERROR(IF(Geo_Area_of_Opp_boost="Yes",INDEX($L$23:$L$2323,SMALL(IF((County=$M$23:$M$2323),MATCH(ROW($M$23:$M$2323),ROW($M$23:$M$2323)),""),ROWS($A$23:A74))),""),"")} | S74: Polk | T74: 2022-029C | U74: Florence Place | V74: 28.042382 | W74: -81.727389 | X74: F | Y74: N | Z74: =S74&" - "&U74 -> Polk - Florence Place | AA74: =IF(X74="F","Family",IF(X74="E","Elderly, Non-ALF",IF(X74="ALF","Elderly, Assisted Living Facility",IF(X74="W","Workforce","")))) -> Family | AB74: ="("&V74&", "&W74&")" -> (28.042382, -81.727389) | AC74: =IF(Y74="N",">30",IF(Y74="Y","<31","")) -> >30
A75: 34105 | B75: Collier | F75: 416 | G75: Broward | L75: 2 | M75: Bradford | O75: {=IFERROR(IF(QCT_metro_or_nonmetro="Metro",INDEX($F$23:$F$748,SMALL(IF((County=$G$23:$G$748),MATCH(ROW($G$23:$G$748),ROW($G$23:$G$748)),""),ROWS($A$23:A75))),INDEX($I$23:$I$52,SMALL(IF((County=$J$23:$J$52),MATCH(ROW($J$23:$J$52),ROW($J$23:$J$52)),""),ROWS($A$23:A75)))),"")} | Q75: {=IFERROR(IF(Geo_Area_of_Opp_boost="Yes",INDEX($L$23:$L$2323,SMALL(IF((County=$M$23:$M$2323),MATCH(ROW($M$23:$M$2323),ROW($M$23:$M$2323)),""),ROWS($A$23:A75))),""),"")} | S75: Polk | T75: 2020-308C | U75: Park Ridge, f/k/a Oak Park Villas | V75: 27.933172 | W75: -81.965697 | X75: F | Y75: N | Z75: =S75&" - "&U75 -> Polk - Park Ridge, f/k/a Oak Park Villas | AA75: =IF(X75="F","Family",IF(X75="E","Elderly, Non-ALF",IF(X75="ALF","Elderly, Assisted Living Facility",IF(X75="W","Workforce","")))) -> Family | AB75: ="("&V75&", "&W75&")" -> (27.933172, -81.965697) | AC75: =IF(Y75="N",">30",IF(Y75="Y","<31","")) -> >30
A76: 34108 | B76: Collier | F76: 417 | G76: Broward | L76: 3 | M76: Bradford | O76: {=IFERROR(IF(QCT_metro_or_nonmetro="Metro",INDEX($F$23:$F$748,SMALL(IF((County=$G$23:$G$748),MATCH(ROW($G$23:$G$748),ROW($G$23:$G$748)),""),ROWS($A$23:A76))),INDEX($I$23:$I$52,SMALL(IF((County=$J$23:$J$52),MATCH(ROW($J$23:$J$52),ROW($J$23:$J$52)),""),ROWS($A$23:A76)))),"")} | Q76: {=IFERROR(IF(Geo_Area_of_Opp_boost="Yes",INDEX($L$23:$L$2323,SMALL(IF((County=$M$23:$M$2323),MATCH(ROW($M$23:$M$2323),ROW($M$23:$M$2323)),""),ROWS($A$23:A76))),""),"")} | S76: Polk | T76: 2021-108C | U76: Swan Landing | V76: 28.08027 | W76: -81.988982 | X76: F | Y76: N | Z76: =S76&" - "&U76 -> Polk - Swan Landing | AA76: =IF(X76="F","Family",IF(X76="E","Elderly, Non-ALF",IF(X76="ALF","Elderly, Assisted Living Facility",IF(X76="W","Workforce","")))) -> Family | AB76: ="("&V76&", "&W76&")" -> (28.08027, -81.988982) | AC76: =IF(Y76="N",">30",IF(Y76="Y","<31","")) -> >30
A77: 34110 | B77: Collier | F77: 428 | G77: Broward | L77: 602 | M77: Brevard | O77: {=IFERROR(IF(QCT_metro_or_nonmetro="Metro",INDEX($F$23:$F$748,SMALL(IF((County=$G$23:$G$748),MATCH(ROW($G$23:$G$748),ROW($G$23:$G$748)),""),ROWS($A$23:A77))),INDEX($I$23:$I$52,SMALL(IF((County=$J$23:$J$52),MATCH(ROW($J$23:$J$52),ROW($J$23:$J$52)),""),ROWS($A$23:A77)))),"")} | Q77: {=IFERROR(IF(Geo_Area_of_Opp_boost="Yes",INDEX($L$23:$L$2323,SMALL(IF((County=$M$23:$M$2323),MATCH(ROW($M$23:$M$2323),ROW($M$23:$M$2323)),""),ROWS($A$23:A77))),""),"")} | S77: Saint Johns | T77: 2022-043C | U77: Villages of New Augustine - sites 1-3 | V77: 29.89136 | W77: -81.344566 | X77: F | Y77: N | Z77: =S77&" - "&U77 -> Saint Johns - Villages of New Augustine - sites 1-3 | AA77: =IF(X77="F","Family",IF(X77="E","Elderly, Non-ALF",IF(X77="ALF","Elderly, Assisted Living Facility",IF(X77="W","Workforce","")))) -> Family | AB77: ="("&V77&", "&W77&")" -> (29.89136, -81.344566) | AC77: =IF(Y77="N",">30",IF(Y77="Y","<31","")) -> >30
A78: 34117 | B78: Collier | F78: 433.02 | G78: Broward | L78: 611 | M78: Brevard | O78: {=IFERROR(IF(QCT_metro_or_nonmetro="Metro",INDEX($F$23:$F$748,SMALL(IF((County=$G$23:$G$748),MATCH(ROW($G$23:$G$748),ROW($G$23:$G$748)),""),ROWS($A$23:A78))),INDEX($I$23:$I$52,SMALL(IF((County=$J$23:$J$52),MATCH(ROW($J$23:$J$52),ROW($J$23:$J$52)),""),ROWS($A$23:A78)))),"")} | Q78: {=IFERROR(IF(Geo_Area_of_Opp_boost="Yes",INDEX($L$23:$L$2323,SMALL(IF((County=$M$23:$M$2323),MATCH(ROW($M$23:$M$2323),ROW($M$23:$M$2323)),""),ROWS($A$23:A78))),""),"")} | S78: Saint Lucie | T78: 2021-090C | U78: Blue Sky Landing II | V78: 27.423637 | W78: -80.377466 | X78: F | Y78: N | Z78: =S78&" - "&U78 -> Saint Lucie - Blue Sky Landing II | AA78: =IF(X78="F","Family",IF(X78="E","Elderly, Non-ALF",IF(X78="ALF","Elderly, Assisted Living Facility",IF(X78="W","Workforce","")))) -> Family | AB78: ="("&V78&", "&W78&")" -> (27.423637, -80.377466) | AC78: =IF(Y78="N",">30",IF(Y78="Y","<31","")) -> >30
A79: 34119 | B79: Collier | F79: 502.08 | G79: Broward | L79: 612.01 | M79: Brevard | O79: {=IFERROR(IF(QCT_metro_or_nonmetro="Metro",INDEX($F$23:$F$748,SMALL(IF((County=$G$23:$G$748),MATCH(ROW($G$23:$G$748),ROW($G$23:$G$748)),""),ROWS($A$23:A79))),INDEX($I$23:$I$52,SMALL(IF((County=$J$23:$J$52),MATCH(ROW($J$23:$J$52),ROW($J$23:$J$52)),""),ROWS($A$23:A79)))),"")} | Q79: {=IFERROR(IF(Geo_Area_of_Opp_boost="Yes",INDEX($L$23:$L$2323,SMALL(IF((County=$M$23:$M$2323),MATCH(ROW($M$23:$M$2323),ROW($M$23:$M$2323)),""),ROWS($A$23:A79))),""),"")} | S79: Santa Rosa | T79: 2020-173C | U79: Tranquility at Milton | V79: 30.615003 | W79: -87.058692 | X79: F | Y79: N | Z79: =S79&" - "&U79 -> Santa Rosa - Tranquility at Milton | AA79: =IF(X79="F","Family",IF(X79="E","Elderly, Non-ALF",IF(X79="ALF","Elderly, Assisted Living Facility",IF(X79="W","Workforce","")))) -> Family | AB79: ="("&V79&", "&W79&")" -> (30.615003, -87.058692) | AC79: =IF(Y79="N",">30",IF(Y79="Y","<31","")) -> >30
A80: 34120 | B80: Collier | F80: 503.07 | G80: Broward | L80: 612.02 | M80: Brevard | O80: {=IFERROR(IF(QCT_metro_or_nonmetro="Metro",INDEX($F$23:$F$748,SMALL(IF((County=$G$23:$G$748),MATCH(ROW($G$23:$G$748),ROW($G$23:$G$748)),""),ROWS($A$23:A80))),INDEX($I$23:$I$52,SMALL(IF((County=$J$23:$J$52),MATCH(ROW($J$23:$J$52),ROW($J$23:$J$52)),""),ROWS($A$23:A80)))),"")} | Q80: {=IFERROR(IF(Geo_Area_of_Opp_boost="Yes",INDEX($L$23:$L$2323,SMALL(IF((County=$M$23:$M$2323),MATCH(ROW($M$23:$M$2323),ROW($M$23:$M$2323)),""),ROWS($A$23:A80))),""),"")} | S80: Sarasota | T80: 2021-253BSN | U80: Arbor Park | V80: 27.065444 | W80: -82.159956 | X80: E | Y80: N | Z80: =S80&" - "&U80 -> Sarasota - Arbor Park | AA80: =IF(X80="F","Family",IF(X80="E","Elderly, Non-ALF",IF(X80="ALF","Elderly, Assisted Living Facility",IF(X80="W","Workforce","")))) -> Elderly, Non-ALF | AB80: ="("&V80&", "&W80&")" -> (27.065444, -82.159956) | AC80: =IF(Y80="N",">30",IF(Y80="Y","<31","")) -> >30
... A88: 32228 | B88: Duval | F88: 603.03 | G88: Broward | L88: 631.05 | M88: Brevard | O88: {=IFERROR(IF(QCT_metro_or_nonmetro="Metro",INDEX($F$23:$F$748,SMALL(IF((County=$G$23:$G$748),MATCH(ROW($G$23:$G$748),ROW($G$23:$G$748)),""),ROWS($A$23:A88))),INDEX($I$23:$I$52,SMALL(IF((County=$J$23:$J$52),MATCH(ROW($J$23:$J$52),ROW($J$23:$J$52)),""),ROWS($A$23:A88)))),"")} | Q88: {=IFERROR(IF(Geo_Area_of_Opp_boost="Yes",INDEX($L$23:$L$2323,SMALL(IF((County=$M$23:$M$2323),MATCH(ROW($M$23:$M$2323),ROW($M$23:$M$2323)),""),ROWS($A$23:A88))),""),"")} | S88: Walton | T88: 2021-136C | U88: Rosemary Place | V88: 30.506656 | W88: -86.137402 | X88: F | Y88: N | Z88: =S88&" - "&U88 -> Walton - Rosemary Place | AA88: =IF(X88="F","Family",IF(X88="E","Elderly, Non-ALF",IF(X88="ALF","Elderly, Assisted Living Facility",IF(X88="W","Workforce","")))) -> Family | AB88: ="("&V88&", "&W88&")" -> (30.506656, -86.137402) | AC88: =IF(Y88="N",">30",IF(Y88="Y","<31","")) -> >30
A89: 32256 | B89: Duval | F89: 603.04 | G89: Broward | L89: 631.06 | M89: Brevard | O89: {=IFERROR(IF(QCT_metro_or_nonmetro="Metro",INDEX($F$23:$F$748,SMALL(IF((County=$G$23:$G$748),MATCH(ROW($G$23:$G$748),ROW($G$23:$G$748)),""),ROWS($A$23:A89))),INDEX($I$23:$I$52,SMALL(IF((County=$J$23:$J$52),MATCH(ROW($J$23:$J$52),ROW($J$23:$J$52)),""),ROWS($A$23:A89)))),"")} | Q89: {=IFERROR(IF(Geo_Area_of_Opp_boost="Yes",INDEX($L$23:$L$2323,SMALL(IF((County=$M$23:$M$2323),MATCH(ROW($M$23:$M$2323),ROW($M$23:$M$2323)),""),ROWS($A$23:A89))),""),"")}
A90: 32258 | B90: Duval | F90: 604.01 | G90: Broward | L90: 631.07 | M90: Brevard | O90: {=IFERROR(IF(QCT_metro_or_nonmetro="Metro",INDEX($F$23:$F$748,SMALL(IF((County=$G$23:$G$748),MATCH(ROW($G$23:$G$748),ROW($G$23:$G$748)),""),ROWS($A$23:A90))),INDEX($I$23:$I$52,SMALL(IF((County=$J$23:$J$52),MATCH(ROW($J$23:$J$52),ROW($J$23:$J$52)),""),ROWS($A$23:A90)))),"")} | Q90: {=IFERROR(IF(Geo_Area_of_Opp_boost="Yes",INDEX($L$23:$L$2323,SMALL(IF((County=$M$23:$M$2323),MATCH(ROW($M$23:$M$2323),ROW($M$23:$M$2323)),""),ROWS($A$23:A90))),""),"")}
A91: 32266 | B91: Duval | F91: 611 | G91: Broward | L91: 641.02 | M91: Brevard | O91: {=IFERROR(IF(QCT_metro_or_nonmetro="Metro",INDEX($F$23:$F$748,SMALL(IF((County=$G$23:$G$748),MATCH(ROW($G$23:$G$748),ROW($G$23:$G$748)),""),ROWS($A$23:A91))),INDEX($I$23:$I$52,SMALL(IF((County=$J$23:$J$52),MATCH(ROW($J$23:$J$52),ROW($J$23:$J$52)),""),ROWS($A$23:A91)))),"")} | Q91: {=IFERROR(IF(Geo_Area_of_Opp_boost="Yes",INDEX($L$23:$L$2323,SMALL(IF((County=$M$23:$M$2323),MATCH(ROW($M$23:$M$2323),ROW($M$23:$M$2323)),""),ROWS($A$23:A91))),""),"")}
A92: 32508 | B92: Escambia | F92: 805 | G92: Broward | L92: 641.23 | M92: Brevard | O92: {=IFERROR(IF(QCT_metro_or_nonmetro="Metro",INDEX($F$23:$F$748,SMALL(IF((County=$G$23:$G$748),MATCH(ROW($G$23:$G$748),ROW($G$23:$G$748)),""),ROWS($A$23:A92))),INDEX($I$23:$I$52,SMALL(IF((County=$J$23:$J$52),MATCH(ROW($J$23:$J$52),ROW($J$23:$J$52)),""),ROWS($A$23:A92)))),"")} | Q92: {=IFERROR(IF(Geo_Area_of_Opp_boost="Yes",INDEX($L$23:$L$2323,SMALL(IF((County=$M$23:$M$2323),MATCH(ROW($M$23:$M$2323),ROW($M$23:$M$2323)),""),ROWS($A$23:A92))),""),"")}
A93: 32456 | B93: Gulf | F93: 903.01 | G93: Broward | L93: 641.25 | M93: Brevard | O93: {=IFERROR(IF(QCT_metro_or_nonmetro="Metro",INDEX($F$23:$F$748,SMALL(IF((County=$G$23:$G$748),MATCH(ROW($G$23:$G$748),ROW($G$23:$G$748)),""),ROWS($A$23:A93))),INDEX($I$23:$I$52,SMALL(IF((County=$J$23:$J$52),MATCH(ROW($J$23:$J$52),ROW($J$23:$J$52)),""),ROWS($A$23:A93)))),"")} | Q93: {=IFERROR(IF(Geo_Area_of_Opp_boost="Yes",INDEX($L$23:$L$2323,SMALL(IF((County=$M$23:$M$2323),MATCH(ROW($M$23:$M$2323),ROW($M$23:$M$2323)),""),ROWS($A$23:A93))),""),"")}
A94: 34609 | B94: Hernando | F94: 904.03 | G94: Broward | L94: 641.26 | M94: Brevard | O94: {=IFERROR(IF(QCT_metro_or_nonmetro="Metro",INDEX($F$23:$F$748,SMALL(IF((County=$G$23:$G$748),MATCH(ROW($G$23:$G$748),ROW($G$23:$G$748)),""),ROWS($A$23:A94))),INDEX($I$23:$I$52,SMALL(IF((County=$J$23:$J$52),MATCH(ROW($J$23:$J$52),ROW($J$23:$J$52)),""),ROWS($A$23:A94)))),"")} | Q94: {=IFERROR(IF(Geo_Area_of_Opp_boost="Yes",INDEX($L$23:$L$2323,SMALL(IF((County=$M$23:$M$2323),MATCH(ROW($M$23:$M$2323),ROW($M$23:$M$2323)),""),ROWS($A$23:A94))),""),"")}
A95: 33872 | B95: Highlands | F95: 1004 | G95: Broward | L95: 641.27 | M95: Brevard | O95: {=IFERROR(IF(QCT_metro_or_nonmetro="Metro",INDEX($F$23:$F$748,SMALL(IF((County=$G$23:$G$748),MATCH(ROW($G$23:$G$748),ROW($G$23:$G$748)),""),ROWS($A$23:A95))),INDEX($I$23:$I$52,SMALL(IF((County=$J$23:$J$52),MATCH(ROW($J$23:$J$52),ROW($J$23:$J$52)),""),ROWS($A$23:A95)))),"")} | Q95: {=IFERROR(IF(Geo_Area_of_Opp_boost="Yes",INDEX($L$23:$L$2323,SMALL(IF((County=$M$23:$M$2323),MATCH(ROW($M$23:$M$2323),ROW($M$23:$M$2323)),""),ROWS($A$23:A95))),""),"")}
A96: 33875 | B96: Highlands | F96: 1005.02 | G96: Broward | L96: 641.28 | M96: Brevard | O96: {=IFERROR(IF(QCT_metro_or_nonmetro="Metro",INDEX($F$23:$F$748,SMALL(IF((County=$G$23:$G$748),MATCH(ROW($G$23:$G$748),ROW($G$23:$G$748)),""),ROWS($A$23:A96))),INDEX($I$23:$I$52,SMALL(IF((County=$J$23:$J$52),MATCH(ROW($J$23:$J$52),ROW($J$23:$J$52)),""),ROWS($A$23:A96)))),"")} | Q96: {=IFERROR(IF(Geo_Area_of_Opp_boost="Yes",INDEX($L$23:$L$2323,SMALL(IF((County=$M$23:$M$2323),MATCH(ROW($M$23:$M$2323),ROW($M$23:$M$2323)),""),ROWS($A$23:A96))),""),"")}
A97: 33876 | B97: Highlands | F97: 1007 | G97: Broward | L97: 644 | M97: Brevard | O97: {=IFERROR(IF(QCT_metro_or_nonmetro="Metro",INDEX($F$23:$F$748,SMALL(IF((County=$G$23:$G$748),MATCH(ROW($G$23:$G$748),ROW($G$23:$G$748)),""),ROWS($A$23:A97))),INDEX($I$23:$I$52,SMALL(IF((County=$J$23:$J$52),MATCH(ROW($J$23:$J$52),ROW($J$23:$J$52)),""),ROWS($A$23:A97)))),"")} | Q97: {=IFERROR(IF(Geo_Area_of_Opp_boost="Yes",INDEX($L$23:$L$2323,SMALL(IF((County=$M$23:$M$2323),MATCH(ROW($M$23:$M$2323),ROW($M$23:$M$2323)),""),ROWS($A$23:A97))),""),"")}
A98: 33503 | B98: Hillsborough | F98: 1008.01 | G98: Broward | L98: 646.01 | M98: Brevard | O98: {=IFERROR(IF(QCT_metro_or_nonmetro="Metro",INDEX($F$23:$F$748,SMALL(IF((County=$G$23:$G$748),MATCH(ROW($G$23:$G$748),ROW($G$23:$G$748)),""),ROWS($A$23:A98))),INDEX($I$23:$I$52,SMALL(IF((County=$J$23:$J$52),MATCH(ROW($J$23:$J$52),ROW($J$23:$J$52)),""),ROWS($A$23:A98)))),"")} | Q98: {=IFERROR(IF(Geo_Area_of_Opp_boost="Yes",INDEX($L$23:$L$2323,SMALL(IF((County=$M$23:$M$2323),MATCH(ROW($M$23:$M$2323),ROW($M$23:$M$2323)),""),ROWS($A$23:A98))),""),"")}
A99: 33510 | B99: Hillsborough | F99: 1103.34 | G99: Broward | L99: 648 | M99: Brevard | O99: {=IFERROR(IF(QCT_metro_or_nonmetro="Metro",INDEX($F$23:$F$748,SMALL(IF((County=$G$23:$G$748),MATCH(ROW($G$23:$G$748),ROW($G$23:$G$748)),""),ROWS($A$23:A99))),INDEX($I$23:$I$52,SMALL(IF((County=$J$23:$J$52),MATCH(ROW($J$23:$J$52),ROW($J$23:$J$52)),""),ROWS($A$23:A99)))),"")} | Q99: {=IFERROR(IF(Geo_Area_of_Opp_boost="Yes",INDEX($L$23:$L$2323,SMALL(IF((County=$M$23:$M$2323),MATCH(ROW($M$23:$M$2323),ROW($M$23:$M$2323)),""),ROWS($A$23:A99))),""),"")}
A100: 33511 | B100: Hillsborough | F100: 1103.35 | G100: Broward | L100: 649.01 | M100: Brevard | O100: {=IFERROR(IF(QCT_metro_or_nonmetro="Metro",INDEX($F$23:$F$748,SMALL(IF((County=$G$23:$G$748),MATCH(ROW($G$23:$G$748),ROW($G$23:$G$748)),""),ROWS($A$23:A100))),INDEX($I$23:$I$52,SMALL(IF((County=$J$23:$J$52),MATCH(ROW($J$23:$J$52),ROW($J$23:$J$52)),""),ROWS($A$23:A100)))),"")} | Q100: {=IFERROR(IF(Geo_Area_of_Opp_boost="Yes",INDEX($L$23:$L$2323,SMALL(IF((County=$M$23:$M$2323),MATCH(ROW($M$23:$M$2323),ROW($M$23:$M$2323)),""),ROWS($A$23:A100))),""),"")}
... A181: 33129 | B181: Miami-Dade | F181: 405.02 | G181: Hernando | L181: 307.02 | M181: Broward | O181: {=IFERROR(IF(QCT_metro_or_nonmetro="Metro",INDEX($F$23:$F$748,SMALL(IF((County=$G$23:$G$748),MATCH(ROW($G$23:$G$748),ROW($G$23:$G$748)),""),ROWS($A$23:A181))),INDEX($I$23:$I$52,SMALL(IF((County=$J$23:$J$52),MATCH(ROW($J$23:$J$52),ROW($J$23:$J$52)),""),ROWS($A$23:A181)))),"")} | Q181: {=IFERROR(IF(Geo_Area_of_Opp_boost="Yes",INDEX($L$23:$L$2323,SMALL(IF((County=$M$23:$M$2323),MATCH(ROW($M$23:$M$2323),ROW($M$23:$M$2323)),""),ROWS($A$23:A181))),""),"")}
A182: 33131 | B182: Miami-Dade | F182: 412.04 | G182: Hernando | L182: 307.04 | M182: Broward | Q182: {=IFERROR(IF(Geo_Area_of_Opp_boost="Yes",INDEX($L$23:$L$2323,SMALL(IF((County=$M$23:$M$2323),MATCH(ROW($M$23:$M$2323),ROW($M$23:$M$2323)),""),ROWS($A$23:A182))),""),"")}
A183: 33132 | B183: Miami-Dade | F183: 414.01 | G183: Hernando | L183: 309.02 | M183: Broward | Q183: {=IFERROR(IF(Geo_Area_of_Opp_boost="Yes",INDEX($L$23:$L$2323,SMALL(IF((County=$M$23:$M$2323),MATCH(ROW($M$23:$M$2323),ROW($M$23:$M$2323)),""),ROWS($A$23:A183))),""),"")}
A184: 33133 | B184: Miami-Dade | F184: 9603 | G184: Highlands | L184: 309.04 | M184: Broward | Q184: {=IFERROR(IF(Geo_Area_of_Opp_boost="Yes",INDEX($L$23:$L$2323,SMALL(IF((County=$M$23:$M$2323),MATCH(ROW($M$23:$M$2323),ROW($M$23:$M$2323)),""),ROWS($A$23:A184))),""),"")}
A185: 33134 | B185: Miami-Dade | F185: 9608 | G185: Highlands | L185: 310.02 | M185: Broward | Q185: {=IFERROR(IF(Geo_Area_of_Opp_boost="Yes",INDEX($L$23:$L$2323,SMALL(IF((County=$M$23:$M$2323),MATCH(ROW($M$23:$M$2323),ROW($M$23:$M$2323)),""),ROWS($A$23:A185))),""),"")}
A186: 33137 | B186: Miami-Dade | F186: 9609 | G186: Highlands | L186: 311.01 | M186: Broward | Q186: {=IFERROR(IF(Geo_Area_of_Opp_boost="Yes",INDEX($L$23:$L$2323,SMALL(IF((County=$M$23:$M$2323),MATCH(ROW($M$23:$M$2323),ROW($M$23:$M$2323)),""),ROWS($A$23:A186))),""),"")}
A187: 33139 | B187: Miami-Dade | F187: 9611 | G187: Highlands | L187: 311.02 | M187: Broward | Q187: {=IFERROR(IF(Geo_Area_of_Opp_boost="Yes",INDEX($L$23:$L$2323,SMALL(IF((County=$M$23:$M$2323),MATCH(ROW($M$23:$M$2323),ROW($M$23:$M$2323)),""),ROWS($A$23:A187))),""),"")}
A188: 33140 | B188: Miami-Dade | F188: 9616.03 | G188: Highlands | L188: 312.02 | M188: Broward | Q188: {=IFERROR(IF(Geo_Area_of_Opp_boost="Yes",INDEX($L$23:$L$2323,SMALL(IF((County=$M$23:$M$2323),MATCH(ROW($M$23:$M$2323),ROW($M$23:$M$2323)),""),ROWS($A$23:A188))),""),"")}
A189: 33141 | B189: Miami-Dade | F189: 1.01 | G189: Hillsborough | L189: 312.03 | M189: Broward | Q189: {=IFERROR(IF(Geo_Area_of_Opp_boost="Yes",INDEX($L$23:$L$2323,SMALL(IF((County=$M$23:$M$2323),MATCH(ROW($M$23:$M$2323),ROW($M$23:$M$2323)),""),ROWS($A$23:A189))),""),"")}
A190: 33143 | B190: Miami-Dade | F190: 1.02 | G190: Hillsborough | L190: 312.05 | M190: Broward | Q190: {=IFERROR(IF(Geo_Area_of_Opp_boost="Yes",INDEX($L$23:$L$2323,SMALL(IF((County=$M$23:$M$2323),MATCH(ROW($M$23:$M$2323),ROW($M$23:$M$2323)),""),ROWS($A$23:A190))),""),"")}
A191: 33145 | B191: Miami-Dade | F191: 2.01 | G191: Hillsborough | L191: 401.01 | M191: Broward | Q191: {=IFERROR(IF(Geo_Area_of_Opp_boost="Yes",INDEX($L$23:$L$2323,SMALL(IF((County=$M$23:$M$2323),MATCH(ROW($M$23:$M$2323),ROW($M$23:$M$2323)),""),ROWS($A$23:A191))),""),"")}
A192: 33146 | B192: Miami-Dade | F192: 2.02 | G192: Hillsborough | L192: 401.02 | M192: Broward | Q192: {=IFERROR(IF(Geo_Area_of_Opp_boost="Yes",INDEX($L$23:$L$2323,SMALL(IF((County=$M$23:$M$2323),MATCH(ROW($M$23:$M$2323),ROW($M$23:$M$2323)),""),ROWS($A$23:A192))),""),"")}
A193: 33149 | B193: Miami-Dade | F193: 3 | G193: Hillsborough | L193: 402.03 | M193: Broward | Q193: {=IFERROR(IF(Geo_Area_of_Opp_boost="Yes",INDEX($L$23:$L$2323,SMALL(IF((County=$M$23:$M$2323),MATCH(ROW($M$23:$M$2323),ROW($M$23:$M$2323)),""),ROWS($A$23:A193))),""),"")}
... A311: 34685 | B311: Pinellas | F311: 20.03 | G311: Leon | L311: 1103.27 | M311: Broward | Q311: {=IFERROR(IF(Geo_Area_of_Opp_boost="Yes",INDEX($L$23:$L$2323,SMALL(IF((County=$M$23:$M$2323),MATCH(ROW($M$23:$M$2323),ROW($M$23:$M$2323)),""),ROWS($A$23:A311))),""),"")}
A312: 34688 | B312: Pinellas | F312: 20.04 | G312: Leon | L312: 1103.28 | M312: Broward
A313: 34695 | B313: Pinellas | F313: 20.05 | G313: Leon | L313: 1103.3 | M313: Broward
A314: 34698 | B314: Pinellas | F314: 20.06 | G314: Leon | L314: 1103.31 | M314: Broward
A315: 33803 | B315: Polk | F315: 21.03 | G315: Leon | L315: 1103.32 | M315: Broward
A316: 33805 | B316: Polk | F316: 21.04 | G316: Leon | L316: 1103.33 | M316: Broward
A317: 33809 | B317: Polk | F317: 1.03 | G317: Manatee | L317: 1103.36 | M317: Broward
A318: 33810 | B318: Polk | F318: 1.05 | G318: Manatee | L318: 1103.37 | M318: Broward
A319: 33811 | B319: Polk | F319: 1.06 | G319: Manatee | L319: 1103.38 | M319: Broward
A320: 33812 | B320: Polk | F320: 2.01 | G320: Manatee | L320: 1103.39 | M320: Broward
A321: 33813 | B321: Polk | F321: 2.02 | G321: Manatee | L321: 1103.4 | M321: Broward
A322: 33837 | B322: Polk | F322: 3.05 | G322: Manatee | L322: 1103.42 | M322: Broward
...

Sheet Data3
E2: 2021 Non-Metro DDA
A3: CountyData is a named range for A10: P76
F6: Small #? | G6: 2022 ELI Funding Per Unit | L6: 2022 Min. NHTF Funding PU
A7: 1 | B7: 2 | C7: 3 | D7: 4 | F7: 6 | G7: 7 | H7: 8 | I7: 9 | J7: 10 | K7: 11 | L7: 12 | M7: 13 | N7: 14 | O7: 15 | P7: 16
A8: County | B8: Size | C8: LGC | D8: LG AofO | F8: Max HC Request Limits | G8: 0 Bd Units | H8: 1 Bd Units | I8: 2 Bd Units | J8: 3 Bd Units | K8: 4 Bd Units | L8: 22% AMI | M8: 30% AMI | N8: 2022 ELI %
A9: <select one> | C9: NA | D9: NA
A10: Alachua | B10: Medium | C10: 37500 | D10: 460000 | E10: N | F10: =IF(B10="Medium",1700000,IF(B10="Large",2375000,"")) -> 1700000 | G10: 79300 | H10: 79300 | I10: 93200 | J10: 105000 | K10: 105000 | L10: 223000 | M10: 176000 | N10: 0.33
A11: Baker | B11: Small | C11: 2500 | D11: NA | E11: N | F11: =IF(B11="Medium",1700000,IF(B11="Large",2375000,"")) | G11: 78800 | H11: 78800 | I11: 92100 | J11: 103900 | K11: 103900 | L11: 221100 | M11: 174500 | N11: 0.33
A12: Bay | B12: Medium | C12: 20000 | D12: 340000 | E12: N | F12: =IF(B12="Medium",1700000,IF(B12="Large",2375000,"")) -> 1700000 | G12: 67300 | H12: 67300 | I12: 79000 | J12: 89100 | K12: 89100 | L12: 204700 | M12: 161500 | N12: 0.35
A13: Bradford | B13: Small | C13: 5000 | D13: NA | E13: Y | F13: =IF(B13="Medium",1700000,IF(B13="Large",2375000,"")) | G13: 43600 | H13: 43600 | I13: 51000 | J13: 57600 | K13: 57600 | L13: 165300 | M13: 130600 | N13: 0.4
A14: Brevard | B14: Medium | C14: 50000 | D14: 460000 | E14: N | F14: =IF(B14="Medium",1700000,IF(B14="Large",2375000,"")) -> 1700000 | G14: 78800 | H14: 78800 | I14: 92100 | J14: 103900 | K14: 103900 | L14: 221100 | M14: 174500 | N14: 0.33
A15: Broward | B15: Large | C15: 100000 | D15: 640000 | E15: N | F15: =IF(B15="Medium",1700000,IF(B15="Large",2375000,"")) -> 2375000 | G15: 97500 | H15: 97500 | I15: 114500 | J15: 129100 | K15: 129100 | L15: 246700 | M15: 194700 | N15: 0.3
A16: Calhoun | B16: Small | C16: 2500 | D16: NA | E16: Y | F16: =IF(B16="Medium",1700000,IF(B16="Large",2375000,"")) | G16: 44400 | H16: 44400 | I16: 52100 | J16: 58700 | K16: 58700 | L16: 168800 | M16: 133300 | N16: 0.4
A17: Charlotte | B17: Medium | C17: 20000 | D17: 340000 | E17: N | F17: =IF(B17="Medium",1700000,IF(B17="Large",2375000,"")) -> 1700000 | G17: 52000 | H17: 52000 | I17: 60900 | J17: 68700 | K17: 68700 | L17: 197400 | M17: 155800 | N17: 0.4
A18: Citrus | B18: Medium | C18: 20000 | D18: 340000 | E18: N | F18: =IF(B18="Medium",1700000,IF(B18="Large",2375000,"")) -> 1700000 | G18: 44400 | H18: 44400 | I18: 52100 | J18: 58700 | K18: 58700 | L18: 168800 | M18: 133300 | N18: 0.4
A19: Clay | B19: Medium | C19: 20000 | D19: 340000 | E19: N | F19: =IF(B19="Medium",1700000,IF(B19="Large",2375000,"")) -> 1700000 | G19: 81100 | H19: 81100 | I19: 94900 | J19: 107000 | K19: 107000 | L19: 227600 | M19: 179800 | N19: 0.33
A20: Collier | B20: Medium | C20: 37500 | D20: 460000 | E20: N | F20: =IF(B20="Medium",1700000,IF(B20="Large",2375000,"")) -> 1700000 | G20: 108400 | H20: 108400 | I20: 126800 | J20: 143100 | K20: 143100 | L20: 257000 | M20: 202800 | N20: 0.28
A21: Columbia | B21: Small | C21: 10000 | D21: NA | E21: Y | F21: =IF(B21="Medium",1700000,IF(B21="Large",2375000,"")) | G21: 47000 | H21: 47000 | I21: 55100 | J21: 62200 | K21: 62200 | L21: 178300 | M21: 140900 | N21: 0.4
A22: DeSoto | B22: Small | C22: 5000 | D22: NA | E22: Y | F22: =IF(B22="Medium",1700000,IF(B22="Large",2375000,"")) | G22: 43600 | H22: 43600 | I22: 51000 | J22: 57600 | K22: 57600 | L22: 165300 | M22: 130600 | N22: 0.4
A23: Dixie | B23: Small | C23: 2500 | D23: NA | E23: Y | F23: =IF(B23="Medium",1700000,IF(B23="Large",2375000,"")) | G23: 43600 | H23: 43600 | I23: 51000 | J23: 57600 | K23: 57600 | L23: 165300 | M23: 130600 | N23: 0.4
A24: Duval | B24: Large | C24: 75000 | D24: 610000 | E24: N | F24: =IF(B24="Medium",1700000,IF(B24="Large",2375000,"")) -> 2375000 | G24: 81100 | H24: 81100 | I24: 94900 | J24: 107000 | K24: 107000 | L24: 227600 | M24: 179800 | N24: 0.33
A25: Escambia | B25: Medium | C25: 37500 | D25: 460000 | E25: N | F25: =IF(B25="Medium",1700000,IF(B25="Large",2375000,"")) -> 1700000 | G25: 69400 | H25: 69400 | I25: 81200 | J25: 91700 | K25: 91700 | L25: 210400 | M25: 166100 | N25: 0.35
A26: Flagler | B26: Medium | C26: 20000 | D26: 340000 | E26: N | F26: =IF(B26="Medium",1700000,IF(B26="Large",2375000,"")) -> 1700000 | G26: 66900 | H26: 66900 | I26: 78400 | J26: 88400 | K26: 88400 | L26: 203100 | M26: 160400 | N26: 0.35
A27: Franklin | B27: Small | C27: 2500 | D27: NA | E27: Y | F27: =IF(B27="Medium",1700000,IF(B27="Large",2375000,"")) | G27: 44400 | H27: 44400 | I27: 51900 | J27: 58500 | K27: 58500 | L27: 168400 | M27: 132900 | N27: 0.4
A28: Gadsden | B28: Small | C28: 5000 | D28: NA | E28: N | F28: =IF(B28="Medium",1700000,IF(B28="Large",2375000,"")) | G28: 78800 | H28: 78800 | I28: 92100 | J28: 103900 | K28: 103900 | L28: 221100 | M28: 174500 | N28: 0.33
A29: Gilchrist | B29: Small | C29: 2500 | D29: NA | E29: N | F29: =IF(B29="Medium",1700000,IF(B29="Large",2375000,"")) | G29: 79300 | H29: 79300 | I29: 93200 | J29: 105000 | K29: 105000 | L29: 223000 | M29: 176000 | N29: 0.33
A30: Glades | B30: Small | C30: 2500 | D30: NA | E30: Y | F30: =IF(B30="Medium",1700000,IF(B30="Large",2375000,"")) | G30: 43600 | H30: 43600 | I30: 51000 | J30: 57600 | K30: 57600 | L30: 165300 | M30: 130600 | N30: 0.4
A31: Gulf | B31: Small | C31: 2500 | D31: NA | E31: N | F31: =IF(B31="Medium",1700000,IF(B31="Large",2375000,"")) | G31: 44200 | H31: 44200 | I31: 51700 | J31: 58300 | K31: 58300 | L31: 167600 | M31: 132500 | N31: 0.4
A32: Hamilton | B32: Small | C32: 2500 | D32: NA | E32: Y | F32: =IF(B32="Medium",1700000,IF(B32="Large",2375000,"")) | G32: 43600 | H32: 43600 | I32: 51000 | J32: 57600 | K32: 57600 | L32: 165300 | M32: 130600 | N32: 0.4
A33: Hardee | B33: Small | C33: 5000 | D33: NA | E33: Y | F33: =IF(B33="Medium",1700000,IF(B33="Large",2375000,"")) | G33: 43600 | H33: 43600 | I33: 51000 | J33: 57600 | K33: 57600 | L33: 165300 | M33: 130600 | N33: 0.4
A34: Hendry | B34: Small | C34: 5000 | D34: NA | E34: Y | F34: =IF(B34="Medium",1700000,IF(B34="Large",2375000,"")) | G34: 43600 | H34: 43600 | I34: 51000 | J34: 57600 | K34: 57600 | L34: 165300 | M34: 130600 | N34: 0.4
A35: Hernando | B35: Medium | C35: 20000 | D35: 340000 | E35: N | F35: =IF(B35="Medium",1700000,IF(B35="Large",2375000,"")) -> 1700000 | G35: 79500 | H35: 79500 | I35: 93200 | J35: 105200 | K35: 105200 | L35: 223800 | M35: 176400 | N35: 0.33
A36: Highlands | B36: Medium | C36: 20000 | D36: 340000 | E36: N | F36: =IF(B36="Medium",1700000,IF(B36="Large",2375000,"")) -> 1700000 | G36: 44400 | H36: 44400 | I36: 52100 | J36: 58700 | K36: 58700 | L36: 168800 | M36: 133300 | N36: 0.4
A37: Hillsborough | B37: Large | C37: 75000 | D37: 610000 | E37: N | F37: =IF(B37="Medium",1700000,IF(B37="Large",2375000,"")) -> 2375000 | G37: 79500 | H37: 79500 | I37: 93200 | J37: 105200 | K37: 105200 | L37: 223800 | M37: 176400 | N37: 0.33
A38: Holmes | B38: Small | C38: 2500 | D38: NA | E38: Y | F38: =IF(B38="Medium",1700000,IF(B38="Large",2375000,"")) | G38: 43600 | H38: 43600 | I38: 51000 | J38: 57600 | K38: 57600 | L38: 165300 | M38: 130600 | N38: 0.4
A39: Indian River | B39: Medium | C39: 20000 | D39: 340000 | E39: N | F39: =IF(B39="Medium",1700000,IF(B39="Large",2375000,"")) -> 1700000 | G39: 77400 | H39: 77400 | I39: 90800 | J39: 102300 | K39: 102300 | L39: 217600 | M39: 171800 | N39: 0.33
A40: Jackson | B40: Small | C40: 5000 | D40: NA | E40: Y | F40: =IF(B40="Medium",1700000,IF(B40="Large",2375000,"")) | G40: 43600 | H40: 43600 | I40: 51000 | J40: 57600 | K40: 57600 | L40: 165300 | M40: 130600 | N40: 0.4
A41: Jefferson | B41: Small | C41: 2500 | D41: NA | E41: N | F41: =IF(B41="Medium",1700000,IF(B41="Large",2375000,"")) | G41: 78800 | H41: 78800 | I41: 92100 | J41: 103900 | K41: 103900 | L41: 221100 | M41: 174500 | N41: 0.33
A42: Lafayette | B42: Small | C42: 2500 | D42: NA | E42: Y | F42: =IF(B42="Medium",1700000,IF(B42="Large",2375000,"")) | G42: 45700 | H42: 45700 | I42: 53600 | J42: 60500 | K42: 60500 | L42: 173700 | M42: 137100 | N42: 0.4
A43: Lake | B43: Medium | C43: 37500 | D43: 460000 | E43: N | F43: =IF(B43="Medium",1700000,IF(B43="Large",2375000,"")) -> 1700000 | G43: 80300 | H43: 80300 | I43: 94100 | J43: 106100 | K43: 106100 | L43: 225700 | M43: 178300 | N43: 0.33
A44: Lee | B44: Medium | C44: 50000 | D44: 460000 | E44: N | F44: =IF(B44="Medium",1700000,IF(B44="Large",2375000,"")) -> 1700000 | G44: 78000 | H44: 78000 | I44: 91300 | J44: 102800 | K44: 102800 | L44: 219200 | M44: 173000 | N44: 0.33
A45: Leon | B45: Medium | C45: 37500 | D45: 460000 | E45: N | F45: =IF(B45="Medium",1700000,IF(B45="Large",2375000,"")) -> 1700000 | G45: 78800 | H45: 78800 | I45: 92100 | J45: 103900 | K45: 103900 | L45: 221100 | M45: 174500 | N45: 0.33
A46: Levy | B46: Small | C46: 5000 | D46: NA | E46: Y | F46: =IF(B46="Medium",1700000,IF(B46="Large",2375000,"")) | G46: 43600 | H46: 43600 | I46: 51000 | J46: 57600 | K46: 57600 | L46: 165300 | M46: 130600 | N46: 0.4
A47: Liberty | B47: Small | C47: 2500 | D47: NA | E47: Y | F47: =IF(B47="Medium",1700000,IF(B47="Large",2375000,"")) | G47: 43600 | H47: 43600 | I47: 51000 | J47: 57600 | K47: 57600 | L47: 165300 | M47: 130600 | N47: 0.4
A48: Madison | B48: Small | C48: 2500 | D48: NA | E48: Y | F48: =IF(B48="Medium",1700000,IF(B48="Large",2375000,"")) | G48: 43600 | H48: 43600 | I48: 51000 | J48: 57600 | K48: 57600 | L48: 165300 | M48: 130600 | N48: 0.4
A49: Manatee | B49: Medium | C49: 37500 | D49: 460000 | E49: N | F49: =IF(B49="Medium",1700000,IF(B49="Large",2375000,"")) -> 1700000 | G49: 83700 | H49: 83700 | I49: 97800 | J49: 110600 | K49: 110600 | L49: 235200 | M49: 185600 | N49: 0.33
A50: Marion | B50: Medium | C50: 37500 | D50: 460000 | E50: N | F50: =IF(B50="Medium",1700000,IF(B50="Large",2375000,"")) -> 1700000 | G50: 44500 | H50: 44500 | I50: 52300 | J50: 58900 | K50: 58900 | L50: 169500 | M50: 133600 | N50: 0.4
A51: Martin | B51: Medium | C51: 20000 | D51: 340000 | E51: N | F51: =IF(B51="Medium",1700000,IF(B51="Large",2375000,"")) -> 1700000 | G51: 77400 | H51: 77400 | I51: 90800 | J51: 102400 | K51: 102400 | L51: 217600 | M51: 171800 | N51: 0.33
A52: Miami-Dade | B52: Large | C52: 250000 | E52: N | F52: =IF(B52="Medium",1700000,IF(B52="Large",2375000,"")) -> 2375000 | G52: 111800 | H52: 111800 | I52: 131300 | J52: 148000 | K52: 148000 | L52: 265400 | M52: 209600 | N52: 0.28
A53: Monroe | B53: Small | C53: 10000 | D53: NA | E53: Y | F53: =IF(B53="Medium",1700000,IF(B53="Large",2375000,"")) | G53: 117600 | H53: 117600 | I53: 137800 | J53: 155500 | K53: 155500 | L53: 279100 | M53: 220300 | N53: 0.28
A54: Nassau | B54: Small | C54: 10000 | D54: NA | E54: N | F54: =IF(B54="Medium",1700000,IF(B54="Large",2375000,"")) | G54: 81100 | H54: 81100 | I54: 94900 | J54: 107000 | K54: 107000 | L54: 227600 | M54: 179800 | N54: 0.33
A55: Okaloosa | B55: Medium | C55: 20000 | D55: 340000 | E55: N | F55: =IF(B55="Medium",1700000,IF(B55="Large",2375000,"")) -> 1700000 | G55: 94600 | H55: 94600 | I55: 110900 | J55: 125000 | K55: 125000 | L55: 239400 | M55: 189000 | N55: 0.3
A56: Okeechobee | B56: Small | C56: 5000 | D56: NA | E56: Y | F56: =IF(B56="Medium",1700000,IF(B56="Large",2375000,"")) | G56: 43600 | H56: 43600 | I56: 51000 | J56: 57600 | K56: 57600 | L56: 165300 | M56: 130600 | N56: 0.4
A57: Orange | B57: Large | C57: 75000 | D57: 610000 | E57: N | F57: =IF(B57="Medium",1700000,IF(B57="Large",2375000,"")) -> 2375000 | G57: 80300 | H57: 80300 | I57: 94100 | J57: 106100 | K57: 106100 | L57: 225700 | M57: 178300 | N57: 0.33
A58: Osceola | B58: Medium | C58: 20000 | D58: 460000 | E58: N | F58: =IF(B58="Medium",1700000,IF(B58="Large",2375000,"")) -> 1700000 | G58: 80300 | H58: 80300 | I58: 94100 | J58: 106100 | K58: 106100 | L58: 225700 | M58: 178300 | N58: 0.33
A59: Palm Beach | B59: Large | C59: 75000 | D59: 640000 | E59: N | F59: =IF(B59="Medium",1700000,IF(B59="Large",2375000,"")) -> 2375000 | G59: 99000 | H59: 99000 | I59: 116000 | J59: 130900 | K59: 130900 | L59: 250500 | M59: 197800 | N59: 0.3
A60: Pasco | B60: Medium | C60: 50000 | D60: 460000 | E60: N | F60: =IF(B60="Medium",1700000,IF(B60="Large",2375000,"")) -> 1700000 | G60: 79500 | H60: 79500 | I60: 93200 | J60: 105200 | K60: 105200 | L60: 223800 | M60: 176400 | N60: 0.33
A61: Pinellas | B61: Large | C61: 75000 | D61: 610000 | E61: N | F61: =IF(B61="Medium",1700000,IF(B61="Large",2375000,"")) -> 2375000 | G61: 79500 | H61: 79500 | I61: 93200 | J61: 105200 | K61: 105200 | L61: 223800 | M61: 176400 | N61: 0.33
A62: Polk | B62: Medium | C62: 50000 | D62: 460000 | E62: N | F62: =IF(B62="Medium",1700000,IF(B62="Large",2375000,"")) -> 1700000 | G62: 48400 | H62: 48400 | I62: 56800 | J62: 64000 | K62: 64000 | L62: 183700 | M62: 145100 | N62: 0.4
A63: Putnam | B63: Small | C63: 10000 | D63: NA | E63: Y | F63: =IF(B63="Medium",1700000,IF(B63="Large",2375000,"")) | G63: 43600 | H63: 43600 | I63: 51000 | J63: 57600 | K63: 57600 | L63: 165300 | M63: 130600 | N63: 0.4
A64: Santa Rosa | B64: Medium | C64: 20000 | D64: 340000 | E64: N | F64: =IF(B64="Medium",1700000,IF(B64="Large",2375000,"")) -> 1700000 | G64: 81100 | H64: 81100 | I64: 94900 | J64: 107000 | K64: 107000 | L64: 227600 | M64: 179800 | N64: 0.33
A65: Sarasota | B65: Medium | C65: 50000 | D65: 460000 | E65: N | F65: =IF(B65="Medium",1700000,IF(B65="Large",2375000,"")) -> 1700000 | G65: 77400 | H65: 77400 | I65: 90800 | J65: 102400 | K65: 102400 | L65: 217600 | M65: 171800 | N65: 0.33
A66: Seminole | B66: Medium | C66: 50000 | D66: 460000 | E66: N | F66: =IF(B66="Medium",1700000,IF(B66="Large",2375000,"")) -> 1700000 | G66: 69400 | H66: 69400 | I66: 81200 | J66: 91700 | K66: 91700 | L66: 210400 | M66: 166100 | N66: 0.35
A67: St. Johns | B67: Medium | C67: 20000 | D67: 460000 | E67: N | F67: =IF(B67="Medium",1700000,IF(B67="Large",2375000,"")) -> 1700000 | G67: 83700 | H67: 83700 | I67: 97800 | J67: 110600 | K67: 110600 | L67: 235200 | M67: 185600 | N67: 0.33
A68: St. Lucie | B68: Medium | C68: 20000 | D68: 460000 | E68: N | F68: =IF(B68="Medium",1700000,IF(B68="Large",2375000,"")) -> 1700000 | G68: 80300 | H68: 80300 | I68: 94100 | J68: 106100 | K68: 106100 | L68: 225700 | M68: 178300 | N68: 0.33
A69: Sumter | B69: Medium | C69: 10000 | D69: 340000 | E69: N | F69: =IF(B69="Medium",1700000,IF(B69="Large",2375000,"")) -> 1700000 | G69: 67700 | H69: 67700 | I69: 79200 | J69: 89300 | K69: 89300 | L69: 205000 | M69: 161900 | N69: 0.35
A70: Suwannee | B70: Small | C70: 5000 | D70: NA | E70: Y | F70: =IF(B70="Medium",1700000,IF(B70="Large",2375000,"")) | G70: 43600 | H70: 43600 | I70: 51000 | J70: 57600 | K70: 57600 | L70: 165300 | M70: 130600 | N70: 0.4
A71: Taylor | B71: Small | C71: 2500 | D71: NA | E71: Y | F71: =IF(B71="Medium",1700000,IF(B71="Large",2375000,"")) | G71: 43600 | H71: 43600 | I71: 51000 | J71: 57600 | K71: 57600 | L71: 165300 | M71: 130600 | N71: 0.4
A72: Union | B72: Small | C72: 2500 | D72: NA | E72: Y | F72: =IF(B72="Medium",1700000,IF(B72="Large",2375000,"")) | G72: 43600 | H72: 43600 | I72: 51000 | J72: 57600 | K72: 57600 | L72: 165300 | M72: 130600 | N72: 0.4
A73: Volusia | B73: Medium | C73: 50000 | D73: 460000 | E73: N | F73: =IF(B73="Medium",1700000,IF(B73="Large",2375000,"")) -> 1700000 | G73: 52400 | H73: 52400 | I73: 61400 | J73: 69300 | K73: 69300 | L73: 198900 | M73: 156900 | N73: 0.4
A74: Wakulla | B74: Small | C74: 2500 | D74: NA | E74: N | F74: =IF(B74="Medium",1700000,IF(B74="Large",2375000,"")) | G74: 76500 | H74: 76500 | I74: 89600 | J74: 101000 | K74: 101000 | L74: 214600 | M74: 169500 | N74: 0.33
A75: Walton | B75: Small | C75: 5000 | D75: NA | E75: N | F75: =IF(B75="Medium",1700000,IF(B75="Large",2375000,"")) | G75: 69800 | H75: 69800 | I75: 81800 | J75: 92200 | K75: 92200 | L75: 211900 | M75: 167200 | N75: 0.35
A76: Washington | B76: Small | C76: 2500 | D76: NA | E76: Y | F76: =IF(B76="Medium",1700000,IF(B76="Large",2375000,"")) | G76: 43600 | H76: 43600 | I76: 51000 | J76: 57600 | K76: 57600 | L76: 165300 | M76: 130600 | N76: 0.4
A78: Funding Limits Per Program
A80: Workforce SAIL | C80: 5520000 | D80: Per Development - Florida Keys
A81: Workforce SAIL | C81: 80000 | D81: Per WF Only/HC Only Unit - Florida Keys
A82: Workforce SAIL | C82: 125000 | D82: Per HC Unit when no units above 80% AMI- Florida Keys
A83: Workforce SAIL | C83: 6500000 | D83: Per Development - NOT in Florida Keys
A84: Workforce SAIL | C84: 80000 | D84: Per Unit @ 80% AMI - NOT in Florida Keys
A85: SAIL | C85: 7000000 | D85: Per Development - Large County
A86: SAIL | C86: 6000000 | D86: Per Development - Small or Medium County
A87: SAIL | C87: 3000000 | D87: Per Development - Minimum Miami-Dade
A88: SAIL | C88: 5000000 | D88: Per Development - Preservation/Rehab w or w/o Acq
A89: SAIL | C89: 2950000 | D89: Per Development - Demographic, RFA Dependent
A90: SAIL | C90: 100000 | D90: Per Unit for New Construction
A91: SAIL | C91: 50000 | D91: Per Unit for Substantial Rehabilitation
... A94: ELI | C94: 600000 | D94: Per Development
A95: ELI | C95: See Above Table | D95: Per Unit
A96: SAIL + ELI | C96: 0.25 | D96: Percent of TDC when ELI Units <5% of total units
A97: SAIL + ELI | C97: 0.35 | D97: Percent of TDC when ELI Units >=5% of total units
A98: HOME | C98: 6000000 | D98: Per Development
A99: =A98 -> HOME | C99: 137983 | D99: Per 0 Bd Unit
A100: =A99 -> HOME | C100: 158177 | D100: Per 1 Bd Unit
A101: =A100 -> HOME | C101: 192346 | D101: Per 2 Bd Unit
A102: =A101 -> HOME | C102: 248834 | D102: Per 3 Bd Unit
A103: =A102 -> HOME | C103: 273141 | D103: Per 4 Bd Unit
A104: HOME-ARP | C104: 2950000 | D104: Per Development | G104: HOME-ARP 22% | H104: HOME-ARP 30% | I104: HOME-ARP Max | K104: TDC Max | L104: 2021-2022
A105: =A104 -> HOME-ARP | C105: =IF(K$104=K$108,G105,IF(K$104=K$109,H105,I105)) -> 0 | D105: Per Unit | G105: =VLOOKUP(County,DS_CountyData,12) -> 0 | H105: =VLOOKUP(County,DS_CountyData,13) -> 0 | I105: =Data1!W174 -> 0
A106: NHTF | C106: 2500000 | D106: Per Development | G106: NHTF 22% | H106: NHTF 30% | I106: NHTF Max | K106: TDC Max | L106: 2021-2022
A107: =A106 -> NHTF | C107: =IF(K$106=K$108,G107,IF(K$106=K$109,H107,I107)) -> 0 | D107: Per Unit | G107: =VLOOKUP(County,DS_CountyData,12) -> 0 | H107: =VLOOKUP(County,DS_CountyData,13) -> 0 | I107: =IF(COUNTIF('Proposed Development Info'!H$72:H$86,MAX('Proposed Development Info'!H$72:H$86))=1,VLOOKUP(IF(OR(County="Broward",County="Miami-Dade",County="Palm Beach"),CHOOSE(IFERROR(MATCH(MAX('Proposed Development Info'!H$72:H$86),'Proposed Development Info'!H$72:H$86,0),0)+1," ","SFNCGAE","SFNCGAW","SFNCMRE","SFNCMRW","SFNCHRE","SFNCGAE","SFNCGAW","SFNCGAE","SFNCGAW","SFRCGA","SFRCGA","SFRCNGA","SFRCNGA","SFRCGA","SFRCGA"),CHOOSE(IFERROR(MATCH(MAX('Proposed Development Info'!H$72:H$86),'Proposed Development Info'!H$72:H$86,0),0)+1," ","PFNCGAE","PFNCGAW","PFNCMRE","PFNCMRW","PFNCHRE","PFNCGAE","PFNCGAW","PFNCGAE","PFNCGAW","PFRCGA","PFRCGA","PFRCNGA","PFRCNGA","PFRCGA","PFRCGA")),DS_MAX_NHTF,IF(Data3!L$106=Data3!J$178,8,9)),MAX(VLOOKUP(IF(OR(County="Broward",County="Miami-Dade",County="Palm Beach"),CHOOSE(IFERROR(MATCH(MAX('Proposed Development Info'!H$72:H$86),'Proposed Development Info'!H$72:H$86,0),0)+1," ","SFNCGAE","SFNCGAW","SFNCMRE","SFNCMRW","SFNCHRE","SFNCGAE","SFNCGAW","SFNCGAE","SFNCGAW","SFRCGA","SFRCGA","SFRCNGA","SFRCNGA","SFRCGA","SFRCGA"),CHOOSE(IFERROR(MATCH(MAX('Proposed Development Info'!H$72:H$86),'Proposed Development Info'!H$72:H$86,0),0)+1," ","PFNCGAE","PFNCGAW","PFNCMRE","PFNCMRW","PFNCHRE","PFNCGAE","PFNCGAW","PFNCGAE","PFNCGAW","PFRCGA","PFRCGA","PFRCNGA","PFRCNGA","PFRCGA","PFRCGA")),DS_MAX_NHTF,IF(Data3!L$106=Data3!J$178,8,9)),VLOOKUP(IF(OR(County="Broward",County="Miami-Dade",County="Palm Beach"),CHOOSE(IFERROR(MAX('Proposed Development Info'!J$72:J$86),0)+1," ","SFNCGAE","SFNCGAW","SFNCMRE","SFNCMRW","SFNCHRE","SFNCGAE","SFNCGAW","SFNCGAE","SFNCGAW","SFRCGA","SFRCGA","SFRCNGA","SFRCNGA","SFRCGA","SFRCGA"),CHOOSE(IFERROR(MAX('Proposed Development Info'!J$72:J$86),0)+1," ","PFNCGAE","PFNCGAW","PFNCMRE","PFNCMRW","PFNCHRE","PFNCGAE","PFNCGAW","PFNCGAE","PFNCGAW","PFRCGA","PFRCGA","PFRCNGA","PFRCNGA","PFRCGA","PFRCGA")),DS_MAX_NHTF,IF(Data3!L$106=Data3!J$178,8,9)))) -> 0 | K107: <select one> | L107: <select one>
...

Sheet General Information
